Workbook

Sheet Intructivo
B2: Matriz Mapa de Riesgos
B4: Teniendo en cuenta que con la expedición del Decreto 1499 de 2017 “Por medio del cual se modifica el Decreto 1083 de 2015, Decreto Único Reglamentario del Sector Función Pública, en lo relacionado con el Sistema de Gestión establecido en el artículo 133 de la Ley 1753 de 2015”, se crea un solo Sistema de Gestión y se alinea con el Sistema de Control Interno, hoy todas las entidades públicas requieren actualizar y/o implementar el Modelo Integrado de Planeación y Gestión MIPG, modelo que incorpora el Modelo Estándar de Control Interno MECI a través de la 7a dimensión del mismo. En este marco general, el proceso de administración del riesgo es un esfuerzo conjunto entre la Alta Dirección y los servidores en todos sus niveles, ejercicio que inicia con la formulación de la política de Administración del Riesgo, la cual incluye los niveles de responsabilidad frente al seguimiento y evaluación, aspectos que deberán definirse acorde con el Esquema de Líneas de Defensa vinculado a la Dimensión 7. Teniendo en cuenta lo anterior y dada la necesidad de las entidades frente a la estructuración de los mapas de riesgos, como herramienta fundamental frente a la gestión del riesgo, el presente formato desarrolla un esquema completo acorde con los contenidos metodológicos de la Guía para la Administración del Riesgo y el diseño de controles V5. El formato cuenta con celdas parametrizadas y permite contar con los respectivos mapas de calor para riesgo inherente y riesgo residual.
B6: Orientaciones Generales
B7: Antes de iniciar con el diligenciamiento de la información en la matriz, se requiere haber avanzado en el análisis del proceso, su objetivo, alcance, actividades clave, considere los lineamientos establecidos en el Paso 2: identificación del riesgo, donde se explica ampliamente las bases para adelanter este análisis. Así mismo, considere en el Paso 3: valoración del riesgo los lineamientos para definir el No. de veces que se hace la actividad con la cual se relaciona el riesgo y su impacto en términos económicos o reputacionales. En este mismo paso se analizan los controles que deben responder a los atributos de eficiencia e informativos. NOTA: Si lo considera pertinente, es posible agregar hojas de trabajo adicionales al presente formato que permitan incluir la traza de estos análisis.
B9: El archivo contiene las siguientes hojas: - Hoja 1 Instructivo - Hoja 2 Mapa Final: Encontrará la totalidad de la estructura para la identificación y valoración de los riesgos por proceso, programa o proyecto, acorde con el nivel de desagregación que la entidad considere necesaria.
C12: Columna | E12: Descripción - Lineamientos para el diligenciamiento
C13: Proceso | E13: Diligencie el nombre del proceso al cual se le identificarán y valorarán los riesgos.
C14: Objetivo | E14: Diligencie el objetivo del proceso.
C15: Alcance | E15: Diligencie el alcance del proceso.
C16: Referencia | E16: Permite definir unl consecutivo de riesgos. Una entidad puede ir en el riesgo 150, pero tener 70 riesgos, lo que permite llevar una traza de los riesgos. Esta información la debe administrar la oficina asesora de planeación o gerencia de riesgos. Cuando un el riesgo salga del mapa no existirá otro riesgo con el mismo número.
C17: Impacto | E17: Analice las consecuencias que puede ocasionar a la organización la materialización del riesgo, redacte de la forma más concreta posible.
C18: Causa Inmediata | E18: Circunstancias bajo las cuales se presenta el riesgo, es la situación más evidente frente al riesgo, redacte de la forma más concreta posible.
C19: Causa Raíz | E19: Causa principal o básica, corresponde a las razones por la cuales se puede presentar el riesgo, redacte de la forma más concreta posible.
C20: Descripción del Riesgo | E20: Consolida o resume los análisis sobre impacto + causa inmediata + causa raíz, permitiendo contar con una redacción clara y concreta del riesgo indentificado. Tenga en cuenta la estructura de alto nivel establecida en al guía, inicia con POSIBILIDAD DE + Impacto para la entidad (Qué) + Causa Inmediata (Cómo) + Causa Raíz (Por qué)
C21: Clasificación del Riesgo | E21: Utilice la lista de despligue que se encuentra parametrizada, le aparecerán las opciones: i)Daños Activos Fisicos, ii)Ejecucion y Administracion de procesos, iii)Fallas Tecnologicas, iv)Fraude Externo, v)Fraude Interno, vi)Relaciones Laborales, vii)Usuarios, productos y practicas organizacionales.
C22: Frecuencia con la cual se lleva a cabo la actividad | E22: Defina el # de veces que se ejecuta la actividad durante el año, (Recuerde la probabilidad e ocurrencia del riesgo se defien como el No. de veces que se pasa por el punto de riesgo en el periodo de 1 año). La matriz automáticamente hará el cálculo para el nivel de probabilidad inherente (Columnas H-I)
C23: Criterios de Impacto | E23: Utilice la lista de despligue que se encuentra parametrizada, le aparecerán las opciones de la tabla de Impacto en la Hoja 6 del presente documento. La matriz automáticamente hará el cálculo para el nivel de impacto inherente (Columnas L-M)
... C37: Estado | E37: Utilice la lista de despligue que se encuentra parametrizada, le aparecerán las opciones: i)Finalizado, ii)En curso, la selección en este caso dependerá de las acciones del plan que se hayan establecido en cada caso.
B40: - Hoja 3 Matriz de Calor Inherente: En esta hoja, en la medida en que ese diligencia el Mapa Final, se verán reflejados los riesgos en su zona correspondiente. Esta hoja no se diligencia se genera de manera automática.
B41: - Hoja 4 Matriz de Calor Residual: En esta hoja, en la medida en que ese diligencia el Mapa Final, se verán reflejados los riesgos en su zona correspondiente. Esta hoja no se diligencia se genera de manera automática.
B42: - Hoja 5 Tabla de probabilidad: Tabla referente para todos los cálculos (no se diligencia)
B43: - Hoja 6 Tabla de Impacto: Tabla referente para todos los cálculos (no se diligencia)
B44: - Hoja 7 Tabla de Valoración de Controles: Tabla referente para todos los cálculos (no se diligencia)

Sheet Matriz Calor Residual
B2: Matriz de Calor Residual | J2: Impacto
B6: Probabilidad | E6: Muy Alta 100% | J6: =IF(AND('Mapa final'!$AB$7="Muy Alta",'Mapa final'!$AD$7="Leve"),CONCATENATE("R1C",'Mapa final'!$R$7),"") | K6: =IF(AND('Mapa final'!$AB$8="Muy Alta",'Mapa final'!$AD$8="Leve"),CONCATENATE("R1C",'Mapa final'!$R$8),"") | L6: =IF(AND('Mapa final'!$AB$9="Muy Alta",'Mapa final'!$AD$9="Leve"),CONCATENATE("R1C",'Mapa final'!$R$9),"") | M6: =IF(AND('Mapa final'!$AB$7="Muy Alta",'Mapa final'!$AD$7="Menor"),CONCATENATE("R1C",'Mapa final'!$R$7),"") | N6: =IF(AND('Mapa final'!$AB$8="Muy Alta",'Mapa final'!$AD$8="Menor"),CONCATENATE("R1C",'Mapa final'!$R$8),"") | O6: =IF(AND('Mapa final'!$AB$9="Muy Alta",'Mapa final'!$AD$9="Menor"),CONCATENATE("R1C",'Mapa final'!$R$9),"") | P6: =IF(AND('Mapa final'!$AB$7="Muy Alta",'Mapa final'!$AD$7="Moderado"),CONCATENATE("R1C",'Mapa final'!$R$7),"") | Q6: =IF(AND('Mapa final'!$AB$8="Muy Alta",'Mapa final'!$AD$8="Moderado"),CONCATENATE("R1C",'Mapa final'!$R$8),"") | R6: =IF(AND('Mapa final'!$AB$9="Muy Alta",'Mapa final'!$AD$9="Moderado"),CONCATENATE("R1C",'Mapa final'!$R$9),"") | S6: =IF(AND('Mapa final'!$AB$7="Muy Alta",'Mapa final'!$AD$7="Mayor"),CONCATENATE("R1C",'Mapa final'!$R$7),"") | T6: =IF(AND('Mapa final'!$AB$8="Muy Alta",'Mapa final'!$AD$8="Mayor"),CONCATENATE("R1C",'Mapa final'!$R$8),"") | U6: =IF(AND('Mapa final'!$AB$9="Muy Alta",'Mapa final'!$AD$9="Mayor"),CONCATENATE("R1C",'Mapa final'!$R$9),"") | V6: =IF(AND('Mapa final'!$AB$7="Muy Alta",'Mapa final'!$AD$7="Catastrófico"),CONCATENATE("R1C",'Mapa final'!$R$7),"") | W6: =IF(AND('Mapa final'!$AB$8="Muy Alta",'Mapa final'!$AD$8="Catastrófico"),CONCATENATE("R1C",'Mapa final'!$R$8),"") | X6: =IF(AND('Mapa final'!$AB$9="Muy Alta",'Mapa final'!$AD$9="Catastrófico"),CONCATENATE("R1C",'Mapa final'!$R$9),"") | Z6: Extremo
J7: =IF(AND('Mapa final'!$AB$10="Muy Alta",'Mapa final'!$AD$10="Leve"),CONCATENATE("R2C",'Mapa final'!$R$10),"") | K7: =IF(AND('Mapa final'!$AB$11="Muy Alta",'Mapa final'!$AD$11="Leve"),CONCATENATE("R2C",'Mapa final'!$R$11),"") | L7: =IF(AND('Mapa final'!$AB$12="Muy Alta",'Mapa final'!$AD$12="Leve"),CONCATENATE("R2C",'Mapa final'!$R$12),"") | M7: =IF(AND('Mapa final'!$AB$10="Muy Alta",'Mapa final'!$AD$10="Menor"),CONCATENATE("R2C",'Mapa final'!$R$10),"") | N7: =IF(AND('Mapa final'!$AB$11="Muy Alta",'Mapa final'!$AD$11="Menor"),CONCATENATE("R2C",'Mapa final'!$R$11),"") | O7: =IF(AND('Mapa final'!$AB$12="Muy Alta",'Mapa final'!$AD$12="Menor"),CONCATENATE("R2C",'Mapa final'!$R$12),"") | P7: =IF(AND('Mapa final'!$AB$10="Muy Alta",'Mapa final'!$AD$10="Moderado"),CONCATENATE("R2C",'Mapa final'!$R$10),"") | Q7: =IF(AND('Mapa final'!$AB$11="Muy Alta",'Mapa final'!$AD$11="Moderado"),CONCATENATE("R2C",'Mapa final'!$R$11),"") | R7: =IF(AND('Mapa final'!$AB$12="Muy Alta",'Mapa final'!$AD$12="Moderado"),CONCATENATE("R2C",'Mapa final'!$R$12),"") | S7: =IF(AND('Mapa final'!$AB$10="Muy Alta",'Mapa final'!$AD$10="Mayor"),CONCATENATE("R2C",'Mapa final'!$R$10),"") | T7: =IF(AND('Mapa final'!$AB$11="Muy Alta",'Mapa final'!$AD$11="Mayor"),CONCATENATE("R2C",'Mapa final'!$R$11),"") | U7: =IF(AND('Mapa final'!$AB$12="Muy Alta",'Mapa final'!$AD$12="Mayor"),CONCATENATE("R2C",'Mapa final'!$R$12),"") | V7: =IF(AND('Mapa final'!$AB$10="Muy Alta",'Mapa final'!$AD$10="Catastrófico"),CONCATENATE("R2C",'Mapa final'!$R$10),"") | W7: =IF(AND('Mapa final'!$AB$11="Muy Alta",'Mapa final'!$AD$11="Catastrófico"),CONCATENATE("R2C",'Mapa final'!$R$11),"") | X7: =IF(AND('Mapa final'!$AB$12="Muy Alta",'Mapa final'!$AD$12="Catastrófico"),CONCATENATE("R2C",'Mapa final'!$R$12),"")
J8: =IF(AND('Mapa final'!$AB$13="Muy Alta",'Mapa final'!$AD$13="Leve"),CONCATENATE("R3C",'Mapa final'!$R$13),"") | K8: =IF(AND('Mapa final'!$AB$14="Muy Alta",'Mapa final'!$AD$14="Leve"),CONCATENATE("R3C",'Mapa final'!$R$14),"") | L8: =IF(AND('Mapa final'!$AB$15="Muy Alta",'Mapa final'!$AD$15="Leve"),CONCATENATE("R3C",'Mapa final'!$R$15),"") | M8: =IF(AND('Mapa final'!$AB$13="Muy Alta",'Mapa final'!$AD$13="Menor"),CONCATENATE("R3C",'Mapa final'!$R$13),"") | N8: =IF(AND('Mapa final'!$AB$14="Muy Alta",'Mapa final'!$AD$14="Menor"),CONCATENATE("R3C",'Mapa final'!$R$14),"") | O8: =IF(AND('Mapa final'!$AB$15="Muy Alta",'Mapa final'!$AD$15="Menor"),CONCATENATE("R3C",'Mapa final'!$R$15),"") | P8: =IF(AND('Mapa final'!$AB$13="Muy Alta",'Mapa final'!$AD$13="Moderado"),CONCATENATE("R3C",'Mapa final'!$R$13),"") | Q8: =IF(AND('Mapa final'!$AB$14="Muy Alta",'Mapa final'!$AD$14="Moderado"),CONCATENATE("R3C",'Mapa final'!$R$14),"") | R8: =IF(AND('Mapa final'!$AB$15="Muy Alta",'Mapa final'!$AD$15="Moderado"),CONCATENATE("R3C",'Mapa final'!$R$15),"") | S8: =IF(AND('Mapa final'!$AB$13="Muy Alta",'Mapa final'!$AD$13="Mayor"),CONCATENATE("R3C",'Mapa final'!$R$13),"") | T8: =IF(AND('Mapa final'!$AB$14="Muy Alta",'Mapa final'!$AD$14="Mayor"),CONCATENATE("R3C",'Mapa final'!$R$14),"") | U8: =IF(AND('Mapa final'!$AB$15="Muy Alta",'Mapa final'!$AD$15="Mayor"),CONCATENATE("R3C",'Mapa final'!$R$15),"") | V8: =IF(AND('Mapa final'!$AB$13="Muy Alta",'Mapa final'!$AD$13="Catastrófico"),CONCATENATE("R3C",'Mapa final'!$R$13),"") | W8: =IF(AND('Mapa final'!$AB$14="Muy Alta",'Mapa final'!$AD$14="Catastrófico"),CONCATENATE("R3C",'Mapa final'!$R$14),"") | X8: =IF(AND('Mapa final'!$AB$15="Muy Alta",'Mapa final'!$AD$15="Catastrófico"),CONCATENATE("R3C",'Mapa final'!$R$15),"")
J9: =IF(AND('Mapa final'!$AB$16="Muy Alta",'Mapa final'!$AD$16="Leve"),CONCATENATE("R4C",'Mapa final'!$R$16),"") | K9: =IF(AND('Mapa final'!$AB$17="Muy Alta",'Mapa final'!$AD$17="Leve"),CONCATENATE("R4C",'Mapa final'!$R$17),"") | L9: =IF(AND('Mapa final'!$AB$18="Muy Alta",'Mapa final'!$AD$18="Leve"),CONCATENATE("R4C",'Mapa final'!$R$18),"") | M9: =IF(AND('Mapa final'!$AB$16="Muy Alta",'Mapa final'!$AD$16="Menor"),CONCATENATE("R4C",'Mapa final'!$R$16),"") | N9: =IF(AND('Mapa final'!$AB$17="Muy Alta",'Mapa final'!$AD$17="Menor"),CONCATENATE("R4C",'Mapa final'!$R$17),"") | O9: =IF(AND('Mapa final'!$AB$18="Muy Alta",'Mapa final'!$AD$18="Menor"),CONCATENATE("R4C",'Mapa final'!$R$18),"") | P9: =IF(AND('Mapa final'!$AB$16="Muy Alta",'Mapa final'!$AD$16="Moderado"),CONCATENATE("R4C",'Mapa final'!$R$16),"") | Q9: =IF(AND('Mapa final'!$AB$17="Muy Alta",'Mapa final'!$AD$17="Moderado"),CONCATENATE("R4C",'Mapa final'!$R$17),"") | R9: =IF(AND('Mapa final'!$AB$18="Muy Alta",'Mapa final'!$AD$18="Moderado"),CONCATENATE("R4C",'Mapa final'!$R$18),"") | S9: =IF(AND('Mapa final'!$AB$16="Muy Alta",'Mapa final'!$AD$16="Mayor"),CONCATENATE("R4C",'Mapa final'!$R$16),"") | T9: =IF(AND('Mapa final'!$AB$17="Muy Alta",'Mapa final'!$AD$17="Mayor"),CONCATENATE("R4C",'Mapa final'!$R$17),"") | U9: =IF(AND('Mapa final'!$AB$18="Muy Alta",'Mapa final'!$AD$18="Mayor"),CONCATENATE("R4C",'Mapa final'!$R$18),"") | V9: =IF(AND('Mapa final'!$AB$16="Muy Alta",'Mapa final'!$AD$16="Catastrófico"),CONCATENATE("R4C",'Mapa final'!$R$16),"") | W9: =IF(AND('Mapa final'!$AB$17="Muy Alta",'Mapa final'!$AD$17="Catastrófico"),CONCATENATE("R4C",'Mapa final'!$R$17),"") | X9: =IF(AND('Mapa final'!$AB$18="Muy Alta",'Mapa final'!$AD$18="Catastrófico"),CONCATENATE("R4C",'Mapa final'!$R$18),"")
J10: =IF(AND('Mapa final'!$AB$19="Muy Alta",'Mapa final'!$AD$19="Leve"),CONCATENATE("R5C",'Mapa final'!$R$19),"") | K10: =IF(AND('Mapa final'!$AB$20="Muy Alta",'Mapa final'!$AD$20="Leve"),CONCATENATE("R5C",'Mapa final'!$R$20),"") | L10: =IF(AND('Mapa final'!$AB$21="Muy Alta",'Mapa final'!$AD$21="Leve"),CONCATENATE("R5C",'Mapa final'!$R$21),"") | M10: =IF(AND('Mapa final'!$AB$19="Muy Alta",'Mapa final'!$AD$19="Menor"),CONCATENATE("R5C",'Mapa final'!$R$19),"") | N10: =IF(AND('Mapa final'!$AB$20="Muy Alta",'Mapa final'!$AD$20="Menor"),CONCATENATE("R5C",'Mapa final'!$R$20),"") | O10: =IF(AND('Mapa final'!$AB$21="Muy Alta",'Mapa final'!$AD$21="Menor"),CONCATENATE("R5C",'Mapa final'!$R$21),"") | P10: =IF(AND('Mapa final'!$AB$19="Muy Alta",'Mapa final'!$AD$19="Moderado"),CONCATENATE("R5C",'Mapa final'!$R$19),"") | Q10: =IF(AND('Mapa final'!$AB$20="Muy Alta",'Mapa final'!$AD$20="Moderado"),CONCATENATE("R5C",'Mapa final'!$R$20),"") | R10: =IF(AND('Mapa final'!$AB$21="Muy Alta",'Mapa final'!$AD$21="Moderado"),CONCATENATE("R5C",'Mapa final'!$R$21),"") | S10: =IF(AND('Mapa final'!$AB$19="Muy Alta",'Mapa final'!$AD$19="Mayor"),CONCATENATE("R5C",'Mapa final'!$R$19),"") | T10: =IF(AND('Mapa final'!$AB$20="Muy Alta",'Mapa final'!$AD$20="Mayor"),CONCATENATE("R5C",'Mapa final'!$R$20),"") | U10: =IF(AND('Mapa final'!$AB$21="Muy Alta",'Mapa final'!$AD$21="Mayor"),CONCATENATE("R5C",'Mapa final'!$R$21),"") | V10: =IF(AND('Mapa final'!$AB$19="Muy Alta",'Mapa final'!$AD$19="Catastrófico"),CONCATENATE("R5C",'Mapa final'!$R$19),"") | W10: =IF(AND('Mapa final'!$AB$20="Muy Alta",'Mapa final'!$AD$20="Catastrófico"),CONCATENATE("R5C",'Mapa final'!$R$20),"") | X10: =IF(AND('Mapa final'!$AB$21="Muy Alta",'Mapa final'!$AD$21="Catastrófico"),CONCATENATE("R5C",'Mapa final'!$R$21),"")
J11: =IF(AND('Mapa final'!$AB$22="Muy Alta",'Mapa final'!$AD$22="Leve"),CONCATENATE("R6C",'Mapa final'!$R$22),"") | K11: =IF(AND('Mapa final'!$AB$23="Muy Alta",'Mapa final'!$AD$23="Leve"),CONCATENATE("R6C",'Mapa final'!$R$23),"") | L11: =IF(AND('Mapa final'!$AB$24="Muy Alta",'Mapa final'!$AD$24="Leve"),CONCATENATE("R6C",'Mapa final'!$R$24),"") | M11: =IF(AND('Mapa final'!$AB$22="Muy Alta",'Mapa final'!$AD$22="Menor"),CONCATENATE("R6C",'Mapa final'!$R$22),"") | N11: =IF(AND('Mapa final'!$AB$23="Muy Alta",'Mapa final'!$AD$23="Menor"),CONCATENATE("R6C",'Mapa final'!$R$23),"") | O11: =IF(AND('Mapa final'!$AB$24="Muy Alta",'Mapa final'!$AD$24="Menor"),CONCATENATE("R6C",'Mapa final'!$R$24),"") | P11: =IF(AND('Mapa final'!$AB$22="Muy Alta",'Mapa final'!$AD$22="Moderado"),CONCATENATE("R6C",'Mapa final'!$R$22),"") | Q11: =IF(AND('Mapa final'!$AB$23="Muy Alta",'Mapa final'!$AD$23="Moderado"),CONCATENATE("R6C",'Mapa final'!$R$23),"") | R11: =IF(AND('Mapa final'!$AB$24="Muy Alta",'Mapa final'!$AD$24="Moderado"),CONCATENATE("R6C",'Mapa final'!$R$24),"") | S11: =IF(AND('Mapa final'!$AB$22="Muy Alta",'Mapa final'!$AD$22="Mayor"),CONCATENATE("R6C",'Mapa final'!$R$22),"") | T11: =IF(AND('Mapa final'!$AB$23="Muy Alta",'Mapa final'!$AD$23="Mayor"),CONCATENATE("R6C",'Mapa final'!$R$23),"") | U11: =IF(AND('Mapa final'!$AB$24="Muy Alta",'Mapa final'!$AD$24="Mayor"),CONCATENATE("R6C",'Mapa final'!$R$24),"") | V11: =IF(AND('Mapa final'!$AB$22="Muy Alta",'Mapa final'!$AD$22="Catastrófico"),CONCATENATE("R6C",'Mapa final'!$R$22),"") | W11: =IF(AND('Mapa final'!$AB$23="Muy Alta",'Mapa final'!$AD$23="Catastrófico"),CONCATENATE("R6C",'Mapa final'!$R$23),"") | X11: =IF(AND('Mapa final'!$AB$24="Muy Alta",'Mapa final'!$AD$24="Catastrófico"),CONCATENATE("R6C",'Mapa final'!$R$24),"")
J12: =IF(AND('Mapa final'!$AB$25="Muy Alta",'Mapa final'!$AD$25="Leve"),CONCATENATE("R7C",'Mapa final'!$R$25),"") | K12: =IF(AND('Mapa final'!$AB$26="Muy Alta",'Mapa final'!$AD$26="Leve"),CONCATENATE("R7C",'Mapa final'!$R$26),"") | L12: =IF(AND('Mapa final'!$AB$27="Muy Alta",'Mapa final'!$AD$27="Leve"),CONCATENATE("R7C",'Mapa final'!$R$27),"") | M12: =IF(AND('Mapa final'!$AB$25="Muy Alta",'Mapa final'!$AD$25="Menor"),CONCATENATE("R7C",'Mapa final'!$R$25),"") | N12: =IF(AND('Mapa final'!$AB$26="Muy Alta",'Mapa final'!$AD$26="Menor"),CONCATENATE("R7C",'Mapa final'!$R$26),"") | O12: =IF(AND('Mapa final'!$AB$27="Muy Alta",'Mapa final'!$AD$27="Menor"),CONCATENATE("R7C",'Mapa final'!$R$27),"") | P12: =IF(AND('Mapa final'!$AB$25="Muy Alta",'Mapa final'!$AD$25="Moderado"),CONCATENATE("R7C",'Mapa final'!$R$25),"") | Q12: =IF(AND('Mapa final'!$AB$26="Muy Alta",'Mapa final'!$AD$26="Moderado"),CONCATENATE("R7C",'Mapa final'!$R$26),"") | R12: =IF(AND('Mapa final'!$AB$27="Muy Alta",'Mapa final'!$AD$27="Moderado"),CONCATENATE("R7C",'Mapa final'!$R$27),"") | S12: =IF(AND('Mapa final'!$AB$25="Muy Alta",'Mapa final'!$AD$25="Mayor"),CONCATENATE("R7C",'Mapa final'!$R$25),"") | T12: =IF(AND('Mapa final'!$AB$26="Muy Alta",'Mapa final'!$AD$26="Mayor"),CONCATENATE("R7C",'Mapa final'!$R$26),"") | U12: =IF(AND('Mapa final'!$AB$27="Muy Alta",'Mapa final'!$AD$27="Mayor"),CONCATENATE("R7C",'Mapa final'!$R$27),"") | V12: =IF(AND('Mapa final'!$AB$25="Muy Alta",'Mapa final'!$AD$25="Catastrófico"),CONCATENATE("R7C",'Mapa final'!$R$25),"") | W12: =IF(AND('Mapa final'!$AB$26="Muy Alta",'Mapa final'!$AD$26="Catastrófico"),CONCATENATE("R7C",'Mapa final'!$R$26),"") | X12: =IF(AND('Mapa final'!$AB$27="Muy Alta",'Mapa final'!$AD$27="Catastrófico"),CONCATENATE("R7C",'Mapa final'!$R$27),"")
J13: =IF(AND('Mapa final'!$AB$28="Muy Alta",'Mapa final'!$AD$28="Leve"),CONCATENATE("R8C",'Mapa final'!$R$28),"") | K13: =IF(AND('Mapa final'!$AB$29="Muy Alta",'Mapa final'!$AD$29="Leve"),CONCATENATE("R8C",'Mapa final'!$R$29),"") | L13: =IF(AND('Mapa final'!$AB$30="Muy Alta",'Mapa final'!$AD$30="Leve"),CONCATENATE("R8C",'Mapa final'!$R$30),"") | M13: =IF(AND('Mapa final'!$AB$28="Muy Alta",'Mapa final'!$AD$28="Menor"),CONCATENATE("R8C",'Mapa final'!$R$28),"") | N13: =IF(AND('Mapa final'!$AB$29="Muy Alta",'Mapa final'!$AD$29="Menor"),CONCATENATE("R8C",'Mapa final'!$R$29),"") | O13: =IF(AND('Mapa final'!$AB$30="Muy Alta",'Mapa final'!$AD$30="Menor"),CONCATENATE("R8C",'Mapa final'!$R$30),"") | P13: =IF(AND('Mapa final'!$AB$28="Muy Alta",'Mapa final'!$AD$28="Moderado"),CONCATENATE("R8C",'Mapa final'!$R$28),"") | Q13: =IF(AND('Mapa final'!$AB$29="Muy Alta",'Mapa final'!$AD$29="Moderado"),CONCATENATE("R8C",'Mapa final'!$R$29),"") | R13: =IF(AND('Mapa final'!$AB$30="Muy Alta",'Mapa final'!$AD$30="Moderado"),CONCATENATE("R8C",'Mapa final'!$R$30),"") | S13: =IF(AND('Mapa final'!$AB$28="Muy Alta",'Mapa final'!$AD$28="Mayor"),CONCATENATE("R8C",'Mapa final'!$R$28),"") | T13: =IF(AND('Mapa final'!$AB$29="Muy Alta",'Mapa final'!$AD$29="Mayor"),CONCATENATE("R8C",'Mapa final'!$R$29),"") | U13: =IF(AND('Mapa final'!$AB$30="Muy Alta",'Mapa final'!$AD$30="Mayor"),CONCATENATE("R8C",'Mapa final'!$R$30),"") | V13: =IF(AND('Mapa final'!$AB$28="Muy Alta",'Mapa final'!$AD$28="Catastrófico"),CONCATENATE("R8C",'Mapa final'!$R$28),"") | W13: =IF(AND('Mapa final'!$AB$29="Muy Alta",'Mapa final'!$AD$29="Catastrófico"),CONCATENATE("R8C",'Mapa final'!$R$29),"") | X13: =IF(AND('Mapa final'!$AB$30="Muy Alta",'Mapa final'!$AD$30="Catastrófico"),CONCATENATE("R8C",'Mapa final'!$R$30),"")
J14: =IF(AND('Mapa final'!$AB$31="Muy Alta",'Mapa final'!$AD$31="Leve"),CONCATENATE("R9C",'Mapa final'!$R$31),"") | K14: =IF(AND('Mapa final'!$AB$32="Muy Alta",'Mapa final'!$AD$32="Leve"),CONCATENATE("R9C",'Mapa final'!$R$32),"") | L14: =IF(AND('Mapa final'!$AB$33="Muy Alta",'Mapa final'!$AD$33="Leve"),CONCATENATE("R9C",'Mapa final'!$R$33),"") | M14: =IF(AND('Mapa final'!$AB$31="Muy Alta",'Mapa final'!$AD$31="Menor"),CONCATENATE("R9C",'Mapa final'!$R$31),"") | N14: =IF(AND('Mapa final'!$AB$32="Muy Alta",'Mapa final'!$AD$32="Menor"),CONCATENATE("R9C",'Mapa final'!$R$32),"") | O14: =IF(AND('Mapa final'!$AB$33="Muy Alta",'Mapa final'!$AD$33="Menor"),CONCATENATE("R9C",'Mapa final'!$R$33),"") | P14: =IF(AND('Mapa final'!$AB$31="Muy Alta",'Mapa final'!$AD$31="Moderado"),CONCATENATE("R9C",'Mapa final'!$R$31),"") | Q14: =IF(AND('Mapa final'!$AB$32="Muy Alta",'Mapa final'!$AD$32="Moderado"),CONCATENATE("R9C",'Mapa final'!$R$32),"") | R14: =IF(AND('Mapa final'!$AB$33="Muy Alta",'Mapa final'!$AD$33="Moderado"),CONCATENATE("R9C",'Mapa final'!$R$33),"") | S14: =IF(AND('Mapa final'!$AB$31="Muy Alta",'Mapa final'!$AD$31="Mayor"),CONCATENATE("R9C",'Mapa final'!$R$31),"") | T14: =IF(AND('Mapa final'!$AB$32="Muy Alta",'Mapa final'!$AD$32="Mayor"),CONCATENATE("R9C",'Mapa final'!$R$32),"") | U14: =IF(AND('Mapa final'!$AB$33="Muy Alta",'Mapa final'!$AD$33="Mayor"),CONCATENATE("R9C",'Mapa final'!$R$33),"") | V14: =IF(AND('Mapa final'!$AB$31="Muy Alta",'Mapa final'!$AD$31="Catastrófico"),CONCATENATE("R9C",'Mapa final'!$R$31),"") | W14: =IF(AND('Mapa final'!$AB$32="Muy Alta",'Mapa final'!$AD$32="Catastrófico"),CONCATENATE("R9C",'Mapa final'!$R$32),"") | X14: =IF(AND('Mapa final'!$AB$33="Muy Alta",'Mapa final'!$AD$33="Catastrófico"),CONCATENATE("R9C",'Mapa final'!$R$33),"")
J15: =IF(AND('Mapa final'!$AB$34="Muy Alta",'Mapa final'!$AD$34="Leve"),CONCATENATE("R10C",'Mapa final'!$R$34),"") | K15: =IF(AND('Mapa final'!$AB$35="Muy Alta",'Mapa final'!$AD$35="Leve"),CONCATENATE("R10C",'Mapa final'!$R$35),"") | L15: =IF(AND('Mapa final'!$AB$36="Muy Alta",'Mapa final'!$AD$36="Leve"),CONCATENATE("R10C",'Mapa final'!$R$36),"") | M15: =IF(AND('Mapa final'!$AB$34="Muy Alta",'Mapa final'!$AD$34="Menor"),CONCATENATE("R10C",'Mapa final'!$R$34),"") | N15: =IF(AND('Mapa final'!$AB$35="Muy Alta",'Mapa final'!$AD$35="Menor"),CONCATENATE("R10C",'Mapa final'!$R$35),"") | O15: =IF(AND('Mapa final'!$AB$36="Muy Alta",'Mapa final'!$AD$36="Menor"),CONCATENATE("R10C",'Mapa final'!$R$36),"") | P15: =IF(AND('Mapa final'!$AB$34="Muy Alta",'Mapa final'!$AD$34="Moderado"),CONCATENATE("R10C",'Mapa final'!$R$34),"") | Q15: =IF(AND('Mapa final'!$AB$35="Muy Alta",'Mapa final'!$AD$35="Moderado"),CONCATENATE("R10C",'Mapa final'!$R$35),"") | R15: =IF(AND('Mapa final'!$AB$36="Muy Alta",'Mapa final'!$AD$36="Moderado"),CONCATENATE("R10C",'Mapa final'!$R$36),"") | S15: =IF(AND('Mapa final'!$AB$34="Muy Alta",'Mapa final'!$AD$34="Mayor"),CONCATENATE("R10C",'Mapa final'!$R$34),"") | T15: =IF(AND('Mapa final'!$AB$35="Muy Alta",'Mapa final'!$AD$35="Mayor"),CONCATENATE("R10C",'Mapa final'!$R$35),"") | U15: =IF(AND('Mapa final'!$AB$36="Muy Alta",'Mapa final'!$AD$36="Mayor"),CONCATENATE("R10C",'Mapa final'!$R$36),"") | V15: =IF(AND('Mapa final'!$AB$34="Muy Alta",'Mapa final'!$AD$34="Catastrófico"),CONCATENATE("R10C",'Mapa final'!$R$34),"") | W15: =IF(AND('Mapa final'!$AB$35="Muy Alta",'Mapa final'!$AD$35="Catastrófico"),CONCATENATE("R10C",'Mapa final'!$R$35),"") | X15: =IF(AND('Mapa final'!$AB$36="Muy Alta",'Mapa final'!$AD$36="Catastrófico"),CONCATENATE("R10C",'Mapa final'!$R$36),"")
J16: =IF(AND('Mapa final'!$AB$37="Muy Alta",'Mapa final'!$AD$37="Leve"),CONCATENATE("R11C",'Mapa final'!$R$37),"") | K16: =IF(AND('Mapa final'!$AB$38="Muy Alta",'Mapa final'!$AD$38="Leve"),CONCATENATE("R11C",'Mapa final'!$R$38),"") | L16: =IF(AND('Mapa final'!$AB$39="Muy Alta",'Mapa final'!$AD$39="Leve"),CONCATENATE("R11C",'Mapa final'!$R$39),"") | M16: =IF(AND('Mapa final'!$AB$37="Muy Alta",'Mapa final'!$AD$37="Menor"),CONCATENATE("R11C",'Mapa final'!$R$37),"") | N16: =IF(AND('Mapa final'!$AB$38="Muy Alta",'Mapa final'!$AD$38="Menor"),CONCATENATE("R11C",'Mapa final'!$R$38),"") | O16: =IF(AND('Mapa final'!$AB$39="Muy Alta",'Mapa final'!$AD$39="Menor"),CONCATENATE("R11C",'Mapa final'!$R$39),"") | P16: =IF(AND('Mapa final'!$AB$37="Muy Alta",'Mapa final'!$AD$37="Moderado"),CONCATENATE("R11C",'Mapa final'!$R$37),"") | Q16: =IF(AND('Mapa final'!$AB$38="Muy Alta",'Mapa final'!$AD$38="Moderado"),CONCATENATE("R11C",'Mapa final'!$R$38),"") | R16: =IF(AND('Mapa final'!$AB$39="Muy Alta",'Mapa final'!$AD$39="Moderado"),CONCATENATE("R11C",'Mapa final'!$R$39),"") | S16: =IF(AND('Mapa final'!$AB$37="Muy Alta",'Mapa final'!$AD$37="Mayor"),CONCATENATE("R11C",'Mapa final'!$R$37),"") | T16: =IF(AND('Mapa final'!$AB$38="Muy Alta",'Mapa final'!$AD$38="Mayor"),CONCATENATE("R11C",'Mapa final'!$R$38),"") | U16: =IF(AND('Mapa final'!$AB$39="Muy Alta",'Mapa final'!$AD$39="Mayor"),CONCATENATE("R11C",'Mapa final'!$R$39),"") | V16: =IF(AND('Mapa final'!$AB$37="Muy Alta",'Mapa final'!$AD$37="Catastrófico"),CONCATENATE("R11C",'Mapa final'!$R$37),"") | W16: =IF(AND('Mapa final'!$AB$38="Muy Alta",'Mapa final'!$AD$38="Catastrófico"),CONCATENATE("R11C",'Mapa final'!$R$38),"") | X16: =IF(AND('Mapa final'!$AB$39="Muy Alta",'Mapa final'!$AD$39="Catastrófico"),CONCATENATE("R11C",'Mapa final'!$R$39),"")
J17: =IF(AND('Mapa final'!$AB$40="Muy Alta",'Mapa final'!$AD$40="Leve"),CONCATENATE("R11C",'Mapa final'!$R$40),"") | K17: =IF(AND('Mapa final'!$AB$41="Muy Alta",'Mapa final'!$AD$41="Leve"),CONCATENATE("R12C",'Mapa final'!$R$41),"") | L17: =IF(AND('Mapa final'!$AB$42="Muy Alta",'Mapa final'!$AD$42="Leve"),CONCATENATE("R12C",'Mapa final'!$R$42),"") | M17: =IF(AND('Mapa final'!$AB$40="Muy Alta",'Mapa final'!$AD$40="Menor"),CONCATENATE("R11C",'Mapa final'!$R$40),"") | N17: =IF(AND('Mapa final'!$AB$41="Muy Alta",'Mapa final'!$AD$41="Menor"),CONCATENATE("R12C",'Mapa final'!$R$41),"") | O17: =IF(AND('Mapa final'!$AB$42="Muy Alta",'Mapa final'!$AD$42="Menor"),CONCATENATE("R12C",'Mapa final'!$R$42),"") | P17: =IF(AND('Mapa final'!$AB$40="Muy Alta",'Mapa final'!$AD$40="Moderado"),CONCATENATE("R11C",'Mapa final'!$R$40),"") | Q17: =IF(AND('Mapa final'!$AB$41="Muy Alta",'Mapa final'!$AD$41="Moderado"),CONCATENATE("R12C",'Mapa final'!$R$41),"") | R17: =IF(AND('Mapa final'!$AB$42="Muy Alta",'Mapa final'!$AD$42="Moderado"),CONCATENATE("R12C",'Mapa final'!$R$42),"") | S17: =IF(AND('Mapa final'!$AB$40="Muy Alta",'Mapa final'!$AD$40="Mayor"),CONCATENATE("R11C",'Mapa final'!$R$40),"") | T17: =IF(AND('Mapa final'!$AB$41="Muy Alta",'Mapa final'!$AD$41="Mayor"),CONCATENATE("R12C",'Mapa final'!$R$41),"") | U17: =IF(AND('Mapa final'!$AB$42="Muy Alta",'Mapa final'!$AD$42="Mayor"),CONCATENATE("R12C",'Mapa final'!$R$42),"") | V17: =IF(AND('Mapa final'!$AB$40="Muy Alta",'Mapa final'!$AD$40="Catastrófico"),CONCATENATE("R11C",'Mapa final'!$R$40),"") | W17: =IF(AND('Mapa final'!$AB$41="Muy Alta",'Mapa final'!$AD$41="Catastrófico"),CONCATENATE("R12C",'Mapa final'!$R$41),"") | X17: =IF(AND('Mapa final'!$AB$42="Muy Alta",'Mapa final'!$AD$42="Catastrófico"),CONCATENATE("R12C",'Mapa final'!$R$42),"")
J18: =IF(AND('Mapa final'!$AB$43="Muy Alta",'Mapa final'!$AD$43="Leve"),CONCATENATE("R12C",'Mapa final'!$R$43),"") | K18: =IF(AND('Mapa final'!$AB$44="Muy Alta",'Mapa final'!$AD$44="Leve"),CONCATENATE("R13C",'Mapa final'!$R$44),"") | L18: =IF(AND('Mapa final'!$AB$45="Muy Alta",'Mapa final'!$AD$45="Leve"),CONCATENATE("R13C",'Mapa final'!$R$45),"") | M18: =IF(AND('Mapa final'!$AB$43="Muy Alta",'Mapa final'!$AD$43="Menor"),CONCATENATE("R12C",'Mapa final'!$R$43),"") | N18: =IF(AND('Mapa final'!$AB$44="Muy Alta",'Mapa final'!$AD$44="Menor"),CONCATENATE("R13C",'Mapa final'!$R$44),"") | O18: =IF(AND('Mapa final'!$AB$45="Muy Alta",'Mapa final'!$AD$45="Menor"),CONCATENATE("R13C",'Mapa final'!$R$45),"") | P18: =IF(AND('Mapa final'!$AB$43="Muy Alta",'Mapa final'!$AD$43="Moderado"),CONCATENATE("R12C",'Mapa final'!$R$43),"") | Q18: =IF(AND('Mapa final'!$AB$44="Muy Alta",'Mapa final'!$AD$44="Moderado"),CONCATENATE("R13C",'Mapa final'!$R$44),"") | R18: =IF(AND('Mapa final'!$AB$45="Muy Alta",'Mapa final'!$AD$45="Moderado"),CONCATENATE("R13C",'Mapa final'!$R$45),"") | S18: =IF(AND('Mapa final'!$AB$43="Muy Alta",'Mapa final'!$AD$43="Mayor"),CONCATENATE("R12C",'Mapa final'!$R$43),"") | T18: =IF(AND('Mapa final'!$AB$44="Muy Alta",'Mapa final'!$AD$44="Mayor"),CONCATENATE("R13C",'Mapa final'!$R$44),"") | U18: =IF(AND('Mapa final'!$AB$45="Muy Alta",'Mapa final'!$AD$45="Mayor"),CONCATENATE("R13C",'Mapa final'!$R$45),"") | V18: =IF(AND('Mapa final'!$AB$43="Muy Alta",'Mapa final'!$AD$43="Catastrófico"),CONCATENATE("R12C",'Mapa final'!$R$43),"") | W18: =IF(AND('Mapa final'!$AB$44="Muy Alta",'Mapa final'!$AD$44="Catastrófico"),CONCATENATE("R13C",'Mapa final'!$R$44),"") | X18: =IF(AND('Mapa final'!$AB$45="Muy Alta",'Mapa final'!$AD$45="Catastrófico"),CONCATENATE("R13C",'Mapa final'!$R$45),"")
J19: =IF(AND('Mapa final'!$AB$46="Muy Alta",'Mapa final'!$AD$46="Leve"),CONCATENATE("R13C",'Mapa final'!$R$46),"") | K19: =IF(AND('Mapa final'!$AB$47="Muy Alta",'Mapa final'!$AD$47="Leve"),CONCATENATE("R13C",'Mapa final'!$R$47),"") | L19: =IF(AND('Mapa final'!$AB$48="Muy Alta",'Mapa final'!$AD$48="Leve"),CONCATENATE("R13C",'Mapa final'!$R$48),"") | M19: =IF(AND('Mapa final'!$AB$46="Muy Alta",'Mapa final'!$AD$46="Menor"),CONCATENATE("R13C",'Mapa final'!$R$46),"") | N19: =IF(AND('Mapa final'!$AB$47="Muy Alta",'Mapa final'!$AD$47="Menor"),CONCATENATE("R13C",'Mapa final'!$R$47),"") | O19: =IF(AND('Mapa final'!$AB$48="Muy Alta",'Mapa final'!$AD$48="Menor"),CONCATENATE("R13C",'Mapa final'!$R$48),"") | P19: =IF(AND('Mapa final'!$AB$46="Muy Alta",'Mapa final'!$AD$46="Moderado"),CONCATENATE("R13C",'Mapa final'!$R$46),"") | Q19: =IF(AND('Mapa final'!$AB$47="Muy Alta",'Mapa final'!$AD$47="Moderado"),CONCATENATE("R13C",'Mapa final'!$R$47),"") | R19: =IF(AND('Mapa final'!$AB$48="Muy Alta",'Mapa final'!$AD$48="Moderado"),CONCATENATE("R13C",'Mapa final'!$R$48),"") | S19: =IF(AND('Mapa final'!$AB$46="Muy Alta",'Mapa final'!$AD$46="Mayor"),CONCATENATE("R13C",'Mapa final'!$R$46),"") | T19: =IF(AND('Mapa final'!$AB$47="Muy Alta",'Mapa final'!$AD$47="Mayor"),CONCATENATE("R13C",'Mapa final'!$R$47),"") | U19: =IF(AND('Mapa final'!$AB$48="Muy Alta",'Mapa final'!$AD$48="Mayor"),CONCATENATE("R13C",'Mapa final'!$R$48),"") | V19: =IF(AND('Mapa final'!$AB$46="Muy Alta",'Mapa final'!$AD$46="Catastrófico"),CONCATENATE("R13C",'Mapa final'!$R$46),"") | W19: =IF(AND('Mapa final'!$AB$47="Muy Alta",'Mapa final'!$AD$47="Catastrófico"),CONCATENATE("R13C",'Mapa final'!$R$47),"") | X19: =IF(AND('Mapa final'!$AB$48="Muy Alta",'Mapa final'!$AD$48="Catastrófico"),CONCATENATE("R13C",'Mapa final'!$R$48),"")
J20: =IF(AND('Mapa final'!$AB$49="Muy Alta",'Mapa final'!$AD$49="Leve"),CONCATENATE("R14C",'Mapa final'!$R$49),"") | K20: =IF(AND('Mapa final'!$AB$50="Muy Alta",'Mapa final'!$AD$50="Leve"),CONCATENATE("R14C",'Mapa final'!$R$50),"") | L20: =IF(AND('Mapa final'!$AB$51="Muy Alta",'Mapa final'!$AD$51="Leve"),CONCATENATE("R14C",'Mapa final'!$R$51),"") | M20: =IF(AND('Mapa final'!$AB$49="Muy Alta",'Mapa final'!$AD$49="Menor"),CONCATENATE("R14C",'Mapa final'!$R$49),"") | N20: =IF(AND('Mapa final'!$AB$50="Muy Alta",'Mapa final'!$AD$50="Menor"),CONCATENATE("R14C",'Mapa final'!$R$50),"") | O20: =IF(AND('Mapa final'!$AB$51="Muy Alta",'Mapa final'!$AD$51="Menor"),CONCATENATE("R14C",'Mapa final'!$R$51),"") | P20: =IF(AND('Mapa final'!$AB$49="Muy Alta",'Mapa final'!$AD$49="Moderado"),CONCATENATE("R14C",'Mapa final'!$R$49),"") | Q20: =IF(AND('Mapa final'!$AB$50="Muy Alta",'Mapa final'!$AD$50="Moderado"),CONCATENATE("R14C",'Mapa final'!$R$50),"") | R20: =IF(AND('Mapa final'!$AB$51="Muy Alta",'Mapa final'!$AD$51="Moderado"),CONCATENATE("R14C",'Mapa final'!$R$51),"") | S20: =IF(AND('Mapa final'!$AB$49="Muy Alta",'Mapa final'!$AD$49="Mayor"),CONCATENATE("R14C",'Mapa final'!$R$49),"") | T20: =IF(AND('Mapa final'!$AB$50="Muy Alta",'Mapa final'!$AD$50="Mayor"),CONCATENATE("R14C",'Mapa final'!$R$50),"") | U20: =IF(AND('Mapa final'!$AB$51="Muy Alta",'Mapa final'!$AD$51="Mayor"),CONCATENATE("R14C",'Mapa final'!$R$51),"") | V20: =IF(AND('Mapa final'!$AB$49="Muy Alta",'Mapa final'!$AD$49="Catastrófico"),CONCATENATE("R14C",'Mapa final'!$R$49),"") | W20: =IF(AND('Mapa final'!$AB$50="Muy Alta",'Mapa final'!$AD$50="Catastrófico"),CONCATENATE("R14C",'Mapa final'!$R$50),"") | X20: =IF(AND('Mapa final'!$AB$51="Muy Alta",'Mapa final'!$AD$51="Catastrófico"),CONCATENATE("R14C",'Mapa final'!$R$51),"")
J21: =IF(AND('Mapa final'!$AB$52="Muy Alta",'Mapa final'!$AD$52="Leve"),CONCATENATE("R15C",'Mapa final'!$R$52),"") | K21: =IF(AND('Mapa final'!$AB$53="Muy Alta",'Mapa final'!$AD$53="Leve"),CONCATENATE("R15C",'Mapa final'!$R$53),"") | L21: =IF(AND('Mapa final'!$AB$54="Muy Alta",'Mapa final'!$AD$54="Leve"),CONCATENATE("R15C",'Mapa final'!$R$54),"") | M21: =IF(AND('Mapa final'!$AB$52="Muy Alta",'Mapa final'!$AD$52="Menor"),CONCATENATE("R15C",'Mapa final'!$R$52),"") | N21: =IF(AND('Mapa final'!$AB$53="Muy Alta",'Mapa final'!$AD$53="Menor"),CONCATENATE("R15C",'Mapa final'!$R$53),"") | O21: =IF(AND('Mapa final'!$AB$54="Muy Alta",'Mapa final'!$AD$54="Menor"),CONCATENATE("R15C",'Mapa final'!$R$54),"") | P21: =IF(AND('Mapa final'!$AB$52="Muy Alta",'Mapa final'!$AD$52="Moderado"),CONCATENATE("R15C",'Mapa final'!$R$52),"") | Q21: =IF(AND('Mapa final'!$AB$53="Muy Alta",'Mapa final'!$AD$53="Moderado"),CONCATENATE("R15C",'Mapa final'!$R$53),"") | R21: =IF(AND('Mapa final'!$AB$54="Muy Alta",'Mapa final'!$AD$54="Moderado"),CONCATENATE("R15C",'Mapa final'!$R$54),"") | S21: =IF(AND('Mapa final'!$AB$52="Muy Alta",'Mapa final'!$AD$52="Mayor"),CONCATENATE("R15C",'Mapa final'!$R$52),"") | T21: =IF(AND('Mapa final'!$AB$53="Muy Alta",'Mapa final'!$AD$53="Mayor"),CONCATENATE("R15C",'Mapa final'!$R$53),"") | U21: =IF(AND('Mapa final'!$AB$54="Muy Alta",'Mapa final'!$AD$54="Mayor"),CONCATENATE("R15C",'Mapa final'!$R$54),"") | V21: =IF(AND('Mapa final'!$AB$52="Muy Alta",'Mapa final'!$AD$52="Catastrófico"),CONCATENATE("R15C",'Mapa final'!$R$52),"") | W21: =IF(AND('Mapa final'!$AB$53="Muy Alta",'Mapa final'!$AD$53="Catastrófico"),CONCATENATE("R15C",'Mapa final'!$R$53),"") | X21: =IF(AND('Mapa final'!$AB$54="Muy Alta",'Mapa final'!$AD$54="Catastrófico"),CONCATENATE("R15C",'Mapa final'!$R$54),"")
J22: =IF(AND('Mapa final'!$AB$55="Muy Alta",'Mapa final'!$AD$55="Leve"),CONCATENATE("R16C",'Mapa final'!$R$55),"") | K22: =IF(AND('Mapa final'!$AB$56="Muy Alta",'Mapa final'!$AD$56="Leve"),CONCATENATE("R16C",'Mapa final'!$R$56),"") | L22: =IF(AND('Mapa final'!$AB$57="Muy Alta",'Mapa final'!$AD$57="Leve"),CONCATENATE("R16C",'Mapa final'!$R$57),"") | M22: =IF(AND('Mapa final'!$AB$55="Muy Alta",'Mapa final'!$AD$55="Menor"),CONCATENATE("R16C",'Mapa final'!$R$55),"") | N22: =IF(AND('Mapa final'!$AB$56="Muy Alta",'Mapa final'!$AD$56="Menor"),CONCATENATE("R16C",'Mapa final'!$R$56),"") | O22: =IF(AND('Mapa final'!$AB$57="Muy Alta",'Mapa final'!$AD$57="Menor"),CONCATENATE("R16C",'Mapa final'!$R$57),"") | P22: =IF(AND('Mapa final'!$AB$55="Muy Alta",'Mapa final'!$AD$55="Moderado"),CONCATENATE("R16C",'Mapa final'!$R$55),"") | Q22: =IF(AND('Mapa final'!$AB$56="Muy Alta",'Mapa final'!$AD$56="Moderado"),CONCATENATE("R16C",'Mapa final'!$R$56),"") | R22: =IF(AND('Mapa final'!$AB$57="Muy Alta",'Mapa final'!$AD$57="Moderado"),CONCATENATE("R16C",'Mapa final'!$R$57),"") | S22: =IF(AND('Mapa final'!$AB$55="Muy Alta",'Mapa final'!$AD$55="Mayor"),CONCATENATE("R16C",'Mapa final'!$R$55),"") | T22: =IF(AND('Mapa final'!$AB$56="Muy Alta",'Mapa final'!$AD$56="Mayor"),CONCATENATE("R16C",'Mapa final'!$R$56),"") | U22: =IF(AND('Mapa final'!$AB$57="Muy Alta",'Mapa final'!$AD$57="Mayor"),CONCATENATE("R16C",'Mapa final'!$R$57),"") | V22: =IF(AND('Mapa final'!$AB$55="Muy Alta",'Mapa final'!$AD$55="Catastrófico"),CONCATENATE("R16C",'Mapa final'!$R$55),"") | W22: =IF(AND('Mapa final'!$AB$56="Muy Alta",'Mapa final'!$AD$56="Catastrófico"),CONCATENATE("R16C",'Mapa final'!$R$56),"") | X22: =IF(AND('Mapa final'!$AB$57="Muy Alta",'Mapa final'!$AD$57="Catastrófico"),CONCATENATE("R16C",'Mapa final'!$R$57),"")
J23: =IF(AND('Mapa final'!$AB$58="Muy Alta",'Mapa final'!$AD$58="Leve"),CONCATENATE("R17C",'Mapa final'!$R$58),"") | K23: =IF(AND('Mapa final'!$AB$59="Muy Alta",'Mapa final'!$AD$59="Leve"),CONCATENATE("R17C",'Mapa final'!$R$59),"") | L23: =IF(AND('Mapa final'!$AB$60="Muy Alta",'Mapa final'!$AD$60="Leve"),CONCATENATE("R17C",'Mapa final'!$R$60),"") | M23: =IF(AND('Mapa final'!$AB$58="Muy Alta",'Mapa final'!$AD$58="Menor"),CONCATENATE("R17C",'Mapa final'!$R$58),"") | N23: =IF(AND('Mapa final'!$AB$59="Muy Alta",'Mapa final'!$AD$59="Menor"),CONCATENATE("R17C",'Mapa final'!$R$59),"") | O23: =IF(AND('Mapa final'!$AB$60="Muy Alta",'Mapa final'!$AD$60="Menor"),CONCATENATE("R17C",'Mapa final'!$R$60),"") | P23: =IF(AND('Mapa final'!$AB$58="Muy Alta",'Mapa final'!$AD$58="Moderado"),CONCATENATE("R17C",'Mapa final'!$R$58),"") | Q23: =IF(AND('Mapa final'!$AB$59="Muy Alta",'Mapa final'!$AD$59="Moderado"),CONCATENATE("R17C",'Mapa final'!$R$59),"") | R23: =IF(AND('Mapa final'!$AB$60="Muy Alta",'Mapa final'!$AD$60="Moderado"),CONCATENATE("R17C",'Mapa final'!$R$60),"") | S23: =IF(AND('Mapa final'!$AB$58="Muy Alta",'Mapa final'!$AD$58="Mayor"),CONCATENATE("R17C",'Mapa final'!$R$58),"") | T23: =IF(AND('Mapa final'!$AB$59="Muy Alta",'Mapa final'!$AD$59="Mayor"),CONCATENATE("R17C",'Mapa final'!$R$59),"") | U23: =IF(AND('Mapa final'!$AB$60="Muy Alta",'Mapa final'!$AD$60="Mayor"),CONCATENATE("R17C",'Mapa final'!$R$60),"") | V23: =IF(AND('Mapa final'!$AB$58="Muy Alta",'Mapa final'!$AD$58="Catastrófico"),CONCATENATE("R17C",'Mapa final'!$R$58),"") | W23: =IF(AND('Mapa final'!$AB$59="Muy Alta",'Mapa final'!$AD$59="Catastrófico"),CONCATENATE("R17C",'Mapa final'!$R$59),"") | X23: =IF(AND('Mapa final'!$AB$60="Muy Alta",'Mapa final'!$AD$60="Catastrófico"),CONCATENATE("R17C",'Mapa final'!$R$60),"")
J24: =IF(AND('Mapa final'!$AB$61="Muy Alta",'Mapa final'!$AD$61="Leve"),CONCATENATE("R18C",'Mapa final'!$R$61),"") | K24: =IF(AND('Mapa final'!$AB$62="Muy Alta",'Mapa final'!$AD$62="Leve"),CONCATENATE("R18C",'Mapa final'!$R$62),"") | L24: =IF(AND('Mapa final'!$AB$63="Muy Alta",'Mapa final'!$AD$63="Leve"),CONCATENATE("R18C",'Mapa final'!$R$63),"") | M24: =IF(AND('Mapa final'!$AB$61="Muy Alta",'Mapa final'!$AD$61="Menor"),CONCATENATE("R18C",'Mapa final'!$R$61),"") | N24: =IF(AND('Mapa final'!$AB$62="Muy Alta",'Mapa final'!$AD$62="Menor"),CONCATENATE("R18C",'Mapa final'!$R$62),"") | O24: =IF(AND('Mapa final'!$AB$63="Muy Alta",'Mapa final'!$AD$63="Menor"),CONCATENATE("R18C",'Mapa final'!$R$63),"") | P24: =IF(AND('Mapa final'!$AB$61="Muy Alta",'Mapa final'!$AD$61="Moderado"),CONCATENATE("R18C",'Mapa final'!$R$61),"") | Q24: =IF(AND('Mapa final'!$AB$62="Muy Alta",'Mapa final'!$AD$62="Moderado"),CONCATENATE("R18C",'Mapa final'!$R$62),"") | R24: =IF(AND('Mapa final'!$AB$63="Muy Alta",'Mapa final'!$AD$63="Moderado"),CONCATENATE("R18C",'Mapa final'!$R$63),"") | S24: =IF(AND('Mapa final'!$AB$61="Muy Alta",'Mapa final'!$AD$61="Mayor"),CONCATENATE("R18C",'Mapa final'!$R$61),"") | T24: =IF(AND('Mapa final'!$AB$62="Muy Alta",'Mapa final'!$AD$62="Mayor"),CONCATENATE("R18C",'Mapa final'!$R$62),"") | U24: =IF(AND('Mapa final'!$AB$63="Muy Alta",'Mapa final'!$AD$63="Mayor"),CONCATENATE("R18C",'Mapa final'!$R$63),"") | V24: =IF(AND('Mapa final'!$AB$61="Muy Alta",'Mapa final'!$AD$61="Catastrófico"),CONCATENATE("R18C",'Mapa final'!$R$61),"") | W24: =IF(AND('Mapa final'!$AB$62="Muy Alta",'Mapa final'!$AD$62="Catastrófico"),CONCATENATE("R18C",'Mapa final'!$R$62),"") | X24: =IF(AND('Mapa final'!$AB$63="Muy Alta",'Mapa final'!$AD$63="Catastrófico"),CONCATENATE("R18C",'Mapa final'!$R$63),"")
J25: =IF(AND('Mapa final'!$AB$64="Muy Alta",'Mapa final'!$AD$64="Leve"),CONCATENATE("R19C",'Mapa final'!$R$64),"") | K25: =IF(AND('Mapa final'!$AB$65="Muy Alta",'Mapa final'!$AD$65="Leve"),CONCATENATE("R19C",'Mapa final'!$R$65),"") | L25: =IF(AND('Mapa final'!$AB$66="Muy Alta",'Mapa final'!$AD$66="Leve"),CONCATENATE("R19C",'Mapa final'!$R$66),"") | M25: =IF(AND('Mapa final'!$AB$64="Muy Alta",'Mapa final'!$AD$64="Menor"),CONCATENATE("R19C",'Mapa final'!$R$64),"") | N25: =IF(AND('Mapa final'!$AB$65="Muy Alta",'Mapa final'!$AD$65="Menor"),CONCATENATE("R19C",'Mapa final'!$R$65),"") | O25: =IF(AND('Mapa final'!$AB$66="Muy Alta",'Mapa final'!$AD$66="Menor"),CONCATENATE("R19C",'Mapa final'!$R$66),"") | P25: =IF(AND('Mapa final'!$AB$64="Muy Alta",'Mapa final'!$AD$64="Moderado"),CONCATENATE("R19C",'Mapa final'!$R$64),"") | Q25: =IF(AND('Mapa final'!$AB$65="Muy Alta",'Mapa final'!$AD$65="Moderado"),CONCATENATE("R19C",'Mapa final'!$R$65),"") | R25: =IF(AND('Mapa final'!$AB$66="Muy Alta",'Mapa final'!$AD$66="Moderado"),CONCATENATE("R19C",'Mapa final'!$R$66),"") | S25: =IF(AND('Mapa final'!$AB$64="Muy Alta",'Mapa final'!$AD$64="Mayor"),CONCATENATE("R19C",'Mapa final'!$R$64),"") | T25: =IF(AND('Mapa final'!$AB$65="Muy Alta",'Mapa final'!$AD$65="Mayor"),CONCATENATE("R19C",'Mapa final'!$R$65),"") | U25: =IF(AND('Mapa final'!$AB$66="Muy Alta",'Mapa final'!$AD$66="Mayor"),CONCATENATE("R19C",'Mapa final'!$R$66),"") | V25: =IF(AND('Mapa final'!$AB$64="Muy Alta",'Mapa final'!$AD$64="Catastrófico"),CONCATENATE("R19C",'Mapa final'!$R$64),"") | W25: =IF(AND('Mapa final'!$AB$65="Muy Alta",'Mapa final'!$AD$65="Catastrófico"),CONCATENATE("R19C",'Mapa final'!$R$65),"") | X25: =IF(AND('Mapa final'!$AB$66="Muy Alta",'Mapa final'!$AD$66="Catastrófico"),CONCATENATE("R19C",'Mapa final'!$R$66),"")
J26: =IF(AND('Mapa final'!$AB$67="Muy Alta",'Mapa final'!$AD$67="Leve"),CONCATENATE("R20C",'Mapa final'!$R$67),"") | K26: =IF(AND('Mapa final'!$AB$68="Muy Alta",'Mapa final'!$AD$68="Leve"),CONCATENATE("R20C",'Mapa final'!$R$68),"") | L26: =IF(AND('Mapa final'!$AB$69="Muy Alta",'Mapa final'!$AD$69="Leve"),CONCATENATE("R20C",'Mapa final'!$R$69),"") | M26: =IF(AND('Mapa final'!$AB$67="Muy Alta",'Mapa final'!$AD$67="Menor"),CONCATENATE("R20C",'Mapa final'!$R$67),"") | N26: =IF(AND('Mapa final'!$AB$68="Muy Alta",'Mapa final'!$AD$68="Menor"),CONCATENATE("R20C",'Mapa final'!$R$68),"") | O26: =IF(AND('Mapa final'!$AB$69="Muy Alta",'Mapa final'!$AD$69="Menor"),CONCATENATE("R20C",'Mapa final'!$R$69),"") | P26: =IF(AND('Mapa final'!$AB$67="Muy Alta",'Mapa final'!$AD$67="Moderado"),CONCATENATE("R20C",'Mapa final'!$R$67),"") | Q26: =IF(AND('Mapa final'!$AB$68="Muy Alta",'Mapa final'!$AD$68="Moderado"),CONCATENATE("R20C",'Mapa final'!$R$68),"") | R26: =IF(AND('Mapa final'!$AB$69="Muy Alta",'Mapa final'!$AD$69="Moderado"),CONCATENATE("R20C",'Mapa final'!$R$69),"") | S26: =IF(AND('Mapa final'!$AB$67="Muy Alta",'Mapa final'!$AD$67="Mayor"),CONCATENATE("R20C",'Mapa final'!$R$67),"") | T26: =IF(AND('Mapa final'!$AB$68="Muy Alta",'Mapa final'!$AD$68="Mayor"),CONCATENATE("R20C",'Mapa final'!$R$68),"") | U26: =IF(AND('Mapa final'!$AB$69="Muy Alta",'Mapa final'!$AD$69="Mayor"),CONCATENATE("R20C",'Mapa final'!$R$69),"") | V26: =IF(AND('Mapa final'!$AB$67="Muy Alta",'Mapa final'!$AD$67="Catastrófico"),CONCATENATE("R20C",'Mapa final'!$R$67),"") | W26: =IF(AND('Mapa final'!$AB$68="Muy Alta",'Mapa final'!$AD$68="Catastrófico"),CONCATENATE("R20C",'Mapa final'!$R$68),"") | X26: =IF(AND('Mapa final'!$AB$69="Muy Alta",'Mapa final'!$AD$69="Catastrófico"),CONCATENATE("R20C",'Mapa final'!$R$69),"")
J27: =IF(AND('Mapa final'!$AB$70="Muy Alta",'Mapa final'!$AD$70="Leve"),CONCATENATE("R21C",'Mapa final'!$R$70),"") | K27: =IF(AND('Mapa final'!$AB$71="Muy Alta",'Mapa final'!$AD$71="Leve"),CONCATENATE("R21C",'Mapa final'!$R$71),"") | L27: =IF(AND('Mapa final'!$AB$72="Muy Alta",'Mapa final'!$AD$72="Leve"),CONCATENATE("R21C",'Mapa final'!$R$72),"") | M27: =IF(AND('Mapa final'!$AB$70="Muy Alta",'Mapa final'!$AD$70="Menor"),CONCATENATE("R21C",'Mapa final'!$R$70),"") | N27: =IF(AND('Mapa final'!$AB$71="Muy Alta",'Mapa final'!$AD$71="Menor"),CONCATENATE("R21C",'Mapa final'!$R$71),"") | O27: =IF(AND('Mapa final'!$AB$72="Muy Alta",'Mapa final'!$AD$72="Menor"),CONCATENATE("R21C",'Mapa final'!$R$72),"") | P27: =IF(AND('Mapa final'!$AB$70="Muy Alta",'Mapa final'!$AD$70="Moderado"),CONCATENATE("R21C",'Mapa final'!$R$70),"") | Q27: =IF(AND('Mapa final'!$AB$71="Muy Alta",'Mapa final'!$AD$71="Moderado"),CONCATENATE("R21C",'Mapa final'!$R$71),"") | R27: =IF(AND('Mapa final'!$AB$72="Muy Alta",'Mapa final'!$AD$72="Moderado"),CONCATENATE("R21C",'Mapa final'!$R$72),"") | S27: =IF(AND('Mapa final'!$AB$70="Muy Alta",'Mapa final'!$AD$70="Mayor"),CONCATENATE("R21C",'Mapa final'!$R$70),"") | T27: =IF(AND('Mapa final'!$AB$71="Muy Alta",'Mapa final'!$AD$71="Mayor"),CONCATENATE("R21C",'Mapa final'!$R$71),"") | U27: =IF(AND('Mapa final'!$AB$72="Muy Alta",'Mapa final'!$AD$72="Mayor"),CONCATENATE("R21C",'Mapa final'!$R$72),"") | V27: =IF(AND('Mapa final'!$AB$70="Muy Alta",'Mapa final'!$AD$70="Catastrófico"),CONCATENATE("R21C",'Mapa final'!$R$70),"") | W27: =IF(AND('Mapa final'!$AB$71="Muy Alta",'Mapa final'!$AD$71="Catastrófico"),CONCATENATE("R21C",'Mapa final'!$R$71),"") | X27: =IF(AND('Mapa final'!$AB$72="Muy Alta",'Mapa final'!$AD$72="Catastrófico"),CONCATENATE("R21C",'Mapa final'!$R$72),"")
J28: =IF(AND('Mapa final'!$AB$73="Muy Alta",'Mapa final'!$AD$73="Leve"),CONCATENATE("R22C",'Mapa final'!$R$73),"") | K28: =IF(AND('Mapa final'!$AB$74="Muy Alta",'Mapa final'!$AD$74="Leve"),CONCATENATE("R22C",'Mapa final'!$R$74),"") | L28: =IF(AND('Mapa final'!$AB$75="Muy Alta",'Mapa final'!$AD$75="Leve"),CONCATENATE("R22C",'Mapa final'!$R$75),"") | M28: =IF(AND('Mapa final'!$AB$73="Muy Alta",'Mapa final'!$AD$73="Menor"),CONCATENATE("R22C",'Mapa final'!$R$73),"") | N28: =IF(AND('Mapa final'!$AB$74="Muy Alta",'Mapa final'!$AD$74="Menor"),CONCATENATE("R22C",'Mapa final'!$R$74),"") | O28: =IF(AND('Mapa final'!$AB$75="Muy Alta",'Mapa final'!$AD$75="Menor"),CONCATENATE("R22C",'Mapa final'!$R$75),"") | P28: =IF(AND('Mapa final'!$AB$73="Muy Alta",'Mapa final'!$AD$73="Moderado"),CONCATENATE("R22C",'Mapa final'!$R$73),"") | Q28: =IF(AND('Mapa final'!$AB$74="Muy Alta",'Mapa final'!$AD$74="Moderado"),CONCATENATE("R22C",'Mapa final'!$R$74),"") | R28: =IF(AND('Mapa final'!$AB$75="Muy Alta",'Mapa final'!$AD$75="Moderado"),CONCATENATE("R22C",'Mapa final'!$R$75),"") | S28: =IF(AND('Mapa final'!$AB$73="Muy Alta",'Mapa final'!$AD$73="Mayor"),CONCATENATE("R22C",'Mapa final'!$R$73),"") | T28: =IF(AND('Mapa final'!$AB$74="Muy Alta",'Mapa final'!$AD$74="Mayor"),CONCATENATE("R22C",'Mapa final'!$R$74),"") | U28: =IF(AND('Mapa final'!$AB$75="Muy Alta",'Mapa final'!$AD$75="Mayor"),CONCATENATE("R22C",'Mapa final'!$R$75),"") | V28: =IF(AND('Mapa final'!$AB$73="Muy Alta",'Mapa final'!$AD$73="Catastrófico"),CONCATENATE("R22C",'Mapa final'!$R$73),"") | W28: =IF(AND('Mapa final'!$AB$74="Muy Alta",'Mapa final'!$AD$74="Catastrófico"),CONCATENATE("R22C",'Mapa final'!$R$74),"") | X28: =IF(AND('Mapa final'!$AB$75="Muy Alta",'Mapa final'!$AD$75="Catastrófico"),CONCATENATE("R22C",'Mapa final'!$R$75),"")
J29: =IF(AND('Mapa final'!$AB$76="Muy Alta",'Mapa final'!$AD$76="Leve"),CONCATENATE("R23C",'Mapa final'!$R$76),"") | K29: =IF(AND('Mapa final'!$AB$77="Muy Alta",'Mapa final'!$AD$77="Leve"),CONCATENATE("R23C",'Mapa final'!$R$77),"") | L29: =IF(AND('Mapa final'!$AB$78="Muy Alta",'Mapa final'!$AD$78="Leve"),CONCATENATE("R23C",'Mapa final'!$R$78),"") | M29: =IF(AND('Mapa final'!$AB$76="Muy Alta",'Mapa final'!$AD$76="Menor"),CONCATENATE("R23C",'Mapa final'!$R$76),"") | N29: =IF(AND('Mapa final'!$AB$77="Muy Alta",'Mapa final'!$AD$77="Menor"),CONCATENATE("R23C",'Mapa final'!$R$77),"") | O29: =IF(AND('Mapa final'!$AB$78="Muy Alta",'Mapa final'!$AD$78="Menor"),CONCATENATE("R23C",'Mapa final'!$R$78),"") | P29: =IF(AND('Mapa final'!$AB$76="Muy Alta",'Mapa final'!$AD$76="Moderado"),CONCATENATE("R23C",'Mapa final'!$R$76),"") | Q29: =IF(AND('Mapa final'!$AB$77="Muy Alta",'Mapa final'!$AD$77="Moderado"),CONCATENATE("R23C",'Mapa final'!$R$77),"") | R29: =IF(AND('Mapa final'!$AB$78="Muy Alta",'Mapa final'!$AD$78="Moderado"),CONCATENATE("R23C",'Mapa final'!$R$78),"") | S29: =IF(AND('Mapa final'!$AB$76="Muy Alta",'Mapa final'!$AD$76="Mayor"),CONCATENATE("R23C",'Mapa final'!$R$76),"") | T29: =IF(AND('Mapa final'!$AB$77="Muy Alta",'Mapa final'!$AD$77="Mayor"),CONCATENATE("R23C",'Mapa final'!$R$77),"") | U29: =IF(AND('Mapa final'!$AB$78="Muy Alta",'Mapa final'!$AD$78="Mayor"),CONCATENATE("R23C",'Mapa final'!$R$78),"") | V29: =IF(AND('Mapa final'!$AB$76="Muy Alta",'Mapa final'!$AD$76="Catastrófico"),CONCATENATE("R23C",'Mapa final'!$R$76),"") | W29: =IF(AND('Mapa final'!$AB$77="Muy Alta",'Mapa final'!$AD$77="Catastrófico"),CONCATENATE("R23C",'Mapa final'!$R$77),"") | X29: =IF(AND('Mapa final'!$AB$78="Muy Alta",'Mapa final'!$AD$78="Catastrófico"),CONCATENATE("R23C",'Mapa final'!$R$78),"")
J30: =IF(AND('Mapa final'!$AB$79="Muy Alta",'Mapa final'!$AD$79="Leve"),CONCATENATE("R24C",'Mapa final'!$R$79),"") | K30: =IF(AND('Mapa final'!$AB$80="Muy Alta",'Mapa final'!$AD$80="Leve"),CONCATENATE("R24C",'Mapa final'!$R$80),"") | L30: =IF(AND('Mapa final'!$AB$81="Muy Alta",'Mapa final'!$AD$81="Leve"),CONCATENATE("R24C",'Mapa final'!$R$81),"") | M30: =IF(AND('Mapa final'!$AB$79="Muy Alta",'Mapa final'!$AD$79="Menor"),CONCATENATE("R24C",'Mapa final'!$R$79),"") | N30: =IF(AND('Mapa final'!$AB$80="Muy Alta",'Mapa final'!$AD$80="Menor"),CONCATENATE("R24C",'Mapa final'!$R$80),"") | O30: =IF(AND('Mapa final'!$AB$81="Muy Alta",'Mapa final'!$AD$81="Menor"),CONCATENATE("R24C",'Mapa final'!$R$81),"") | P30: =IF(AND('Mapa final'!$AB$79="Muy Alta",'Mapa final'!$AD$79="Moderado"),CONCATENATE("R24C",'Mapa final'!$R$79),"") | Q30: =IF(AND('Mapa final'!$AB$80="Muy Alta",'Mapa final'!$AD$80="Moderado"),CONCATENATE("R24C",'Mapa final'!$R$80),"") | R30: =IF(AND('Mapa final'!$AB$81="Muy Alta",'Mapa final'!$AD$81="Moderado"),CONCATENATE("R24C",'Mapa final'!$R$81),"") | S30: =IF(AND('Mapa final'!$AB$79="Muy Alta",'Mapa final'!$AD$79="Mayor"),CONCATENATE("R24C",'Mapa final'!$R$79),"") | T30: =IF(AND('Mapa final'!$AB$80="Muy Alta",'Mapa final'!$AD$80="Mayor"),CONCATENATE("R24C",'Mapa final'!$R$80),"") | U30: =IF(AND('Mapa final'!$AB$81="Muy Alta",'Mapa final'!$AD$81="Mayor"),CONCATENATE("R24C",'Mapa final'!$R$81),"") | V30: =IF(AND('Mapa final'!$AB$79="Muy Alta",'Mapa final'!$AD$79="Catastrófico"),CONCATENATE("R24C",'Mapa final'!$R$79),"") | W30: =IF(AND('Mapa final'!$AB$80="Muy Alta",'Mapa final'!$AD$80="Catastrófico"),CONCATENATE("R24C",'Mapa final'!$R$80),"") | X30: =IF(AND('Mapa final'!$AB$81="Muy Alta",'Mapa final'!$AD$81="Catastrófico"),CONCATENATE("R24C",'Mapa final'!$R$81),"")
J31: =IF(AND('Mapa final'!$AB$82="Muy Alta",'Mapa final'!$AD$82="Leve"),CONCATENATE("R25C",'Mapa final'!$R$82),"") | K31: =IF(AND('Mapa final'!$AB$83="Muy Alta",'Mapa final'!$AD$83="Leve"),CONCATENATE("R25C",'Mapa final'!$R$83),"") | L31: =IF(AND('Mapa final'!$AB$84="Muy Alta",'Mapa final'!$AD$84="Leve"),CONCATENATE("R25C",'Mapa final'!$R$84),"") | M31: =IF(AND('Mapa final'!$AB$82="Muy Alta",'Mapa final'!$AD$82="Menor"),CONCATENATE("R25C",'Mapa final'!$R$82),"") | N31: =IF(AND('Mapa final'!$AB$83="Muy Alta",'Mapa final'!$AD$83="Menor"),CONCATENATE("R25C",'Mapa final'!$R$83),"") | O31: =IF(AND('Mapa final'!$AB$84="Muy Alta",'Mapa final'!$AD$84="Menor"),CONCATENATE("R25C",'Mapa final'!$R$84),"") | P31: =IF(AND('Mapa final'!$AB$82="Muy Alta",'Mapa final'!$AD$82="Moderado"),CONCATENATE("R25C",'Mapa final'!$R$82),"") | Q31: =IF(AND('Mapa final'!$AB$83="Muy Alta",'Mapa final'!$AD$83="Moderado"),CONCATENATE("R25C",'Mapa final'!$R$83),"") | R31: =IF(AND('Mapa final'!$AB$84="Muy Alta",'Mapa final'!$AD$84="Moderado"),CONCATENATE("R25C",'Mapa final'!$R$84),"") | S31: =IF(AND('Mapa final'!$AB$82="Muy Alta",'Mapa final'!$AD$82="Mayor"),CONCATENATE("R25C",'Mapa final'!$R$82),"") | T31: =IF(AND('Mapa final'!$AB$83="Muy Alta",'Mapa final'!$AD$83="Mayor"),CONCATENATE("R25C",'Mapa final'!$R$83),"") | U31: =IF(AND('Mapa final'!$AB$84="Muy Alta",'Mapa final'!$AD$84="Mayor"),CONCATENATE("R25C",'Mapa final'!$R$84),"") | V31: =IF(AND('Mapa final'!$AB$82="Muy Alta",'Mapa final'!$AD$82="Catastrófico"),CONCATENATE("R25C",'Mapa final'!$R$82),"") | W31: =IF(AND('Mapa final'!$AB$83="Muy Alta",'Mapa final'!$AD$83="Catastrófico"),CONCATENATE("R25C",'Mapa final'!$R$83),"") | X31: =IF(AND('Mapa final'!$AB$84="Muy Alta",'Mapa final'!$AD$84="Catastrófico"),CONCATENATE("R25C",'Mapa final'!$R$84),"")
J32: =IF(AND('Mapa final'!$AB$85="Muy Alta",'Mapa final'!$AD$85="Leve"),CONCATENATE("R26C",'Mapa final'!$R$85),"") | K32: =IF(AND('Mapa final'!$AB$86="Muy Alta",'Mapa final'!$AD$86="Leve"),CONCATENATE("R26C",'Mapa final'!$R$86),"") | L32: =IF(AND('Mapa final'!$AB$87="Muy Alta",'Mapa final'!$AD$87="Leve"),CONCATENATE("R26C",'Mapa final'!$R$87),"") | M32: =IF(AND('Mapa final'!$AB$85="Muy Alta",'Mapa final'!$AD$85="Menor"),CONCATENATE("R26C",'Mapa final'!$R$85),"") | N32: =IF(AND('Mapa final'!$AB$86="Muy Alta",'Mapa final'!$AD$86="Menor"),CONCATENATE("R26C",'Mapa final'!$R$86),"") | O32: =IF(AND('Mapa final'!$AB$87="Muy Alta",'Mapa final'!$AD$87="Menor"),CONCATENATE("R26C",'Mapa final'!$R$87),"") | P32: =IF(AND('Mapa final'!$AB$85="Muy Alta",'Mapa final'!$AD$85="Moderado"),CONCATENATE("R26C",'Mapa final'!$R$85),"") | Q32: =IF(AND('Mapa final'!$AB$86="Muy Alta",'Mapa final'!$AD$86="Moderado"),CONCATENATE("R26C",'Mapa final'!$R$86),"") | R32: =IF(AND('Mapa final'!$AB$87="Muy Alta",'Mapa final'!$AD$87="Moderado"),CONCATENATE("R26C",'Mapa final'!$R$87),"") | S32: =IF(AND('Mapa final'!$AB$85="Muy Alta",'Mapa final'!$AD$85="Mayor"),CONCATENATE("R26C",'Mapa final'!$R$85),"") | T32: =IF(AND('Mapa final'!$AB$86="Muy Alta",'Mapa final'!$AD$86="Mayor"),CONCATENATE("R26C",'Mapa final'!$R$86),"") | U32: =IF(AND('Mapa final'!$AB$87="Muy Alta",'Mapa final'!$AD$87="Mayor"),CONCATENATE("R26C",'Mapa final'!$R$87),"") | V32: =IF(AND('Mapa final'!$AB$85="Muy Alta",'Mapa final'!$AD$85="Catastrófico"),CONCATENATE("R26C",'Mapa final'!$R$85),"") | W32: =IF(AND('Mapa final'!$AB$86="Muy Alta",'Mapa final'!$AD$86="Catastrófico"),CONCATENATE("R26C",'Mapa final'!$R$86),"") | X32: =IF(AND('Mapa final'!$AB$87="Muy Alta",'Mapa final'!$AD$87="Catastrófico"),CONCATENATE("R26C",'Mapa final'!$R$87),"")
J33: =IF(AND('Mapa final'!$AB$88="Muy Alta",'Mapa final'!$AD$88="Leve"),CONCATENATE("R27C",'Mapa final'!$R$88),"") | K33: =IF(AND('Mapa final'!$AB$89="Muy Alta",'Mapa final'!$AD$89="Leve"),CONCATENATE("R27C",'Mapa final'!$R$89),"") | L33: =IF(AND('Mapa final'!$AB$90="Muy Alta",'Mapa final'!$AD$90="Leve"),CONCATENATE("R27C",'Mapa final'!$R$90),"") | M33: =IF(AND('Mapa final'!$AB$88="Muy Alta",'Mapa final'!$AD$88="Menor"),CONCATENATE("R27C",'Mapa final'!$R$88),"") | N33: =IF(AND('Mapa final'!$AB$89="Muy Alta",'Mapa final'!$AD$89="Menor"),CONCATENATE("R27C",'Mapa final'!$R$89),"") | O33: =IF(AND('Mapa final'!$AB$90="Muy Alta",'Mapa final'!$AD$90="Menor"),CONCATENATE("R27C",'Mapa final'!$R$90),"") | P33: =IF(AND('Mapa final'!$AB$88="Muy Alta",'Mapa final'!$AD$88="Moderado"),CONCATENATE("R27C",'Mapa final'!$R$88),"") | Q33: =IF(AND('Mapa final'!$AB$89="Muy Alta",'Mapa final'!$AD$89="Moderado"),CONCATENATE("R27C",'Mapa final'!$R$89),"") | R33: =IF(AND('Mapa final'!$AB$90="Muy Alta",'Mapa final'!$AD$90="Moderado"),CONCATENATE("R27C",'Mapa final'!$R$90),"") | S33: =IF(AND('Mapa final'!$AB$88="Muy Alta",'Mapa final'!$AD$88="Mayor"),CONCATENATE("R27C",'Mapa final'!$R$88),"") | T33: =IF(AND('Mapa final'!$AB$89="Muy Alta",'Mapa final'!$AD$89="Mayor"),CONCATENATE("R27C",'Mapa final'!$R$89),"") | U33: =IF(AND('Mapa final'!$AB$90="Muy Alta",'Mapa final'!$AD$90="Mayor"),CONCATENATE("R27C",'Mapa final'!$R$90),"") | V33: =IF(AND('Mapa final'!$AB$88="Muy Alta",'Mapa final'!$AD$88="Catastrófico"),CONCATENATE("R27C",'Mapa final'!$R$88),"") | W33: =IF(AND('Mapa final'!$AB$89="Muy Alta",'Mapa final'!$AD$89="Catastrófico"),CONCATENATE("R27C",'Mapa final'!$R$89),"") | X33: =IF(AND('Mapa final'!$AB$90="Muy Alta",'Mapa final'!$AD$90="Catastrófico"),CONCATENATE("R27C",'Mapa final'!$R$90),"")
J34: =IF(AND('Mapa final'!$AB$91="Muy Alta",'Mapa final'!$AD$91="Leve"),CONCATENATE("R28C",'Mapa final'!$R$91),"") | K34: =IF(AND('Mapa final'!$AB$92="Muy Alta",'Mapa final'!$AD$92="Leve"),CONCATENATE("R28C",'Mapa final'!$R$92),"") | L34: =IF(AND('Mapa final'!$AB$93="Muy Alta",'Mapa final'!$AD$93="Leve"),CONCATENATE("R28C",'Mapa final'!$R$93),"") | M34: =IF(AND('Mapa final'!$AB$91="Muy Alta",'Mapa final'!$AD$91="Menor"),CONCATENATE("R28C",'Mapa final'!$R$91),"") | N34: =IF(AND('Mapa final'!$AB$92="Muy Alta",'Mapa final'!$AD$92="Menor"),CONCATENATE("R28C",'Mapa final'!$R$92),"") | O34: =IF(AND('Mapa final'!$AB$93="Muy Alta",'Mapa final'!$AD$93="Menor"),CONCATENATE("R28C",'Mapa final'!$R$93),"") | P34: =IF(AND('Mapa final'!$AB$91="Muy Alta",'Mapa final'!$AD$91="Moderado"),CONCATENATE("R28C",'Mapa final'!$R$91),"") | Q34: =IF(AND('Mapa final'!$AB$92="Muy Alta",'Mapa final'!$AD$92="Moderado"),CONCATENATE("R28C",'Mapa final'!$R$92),"") | R34: =IF(AND('Mapa final'!$AB$93="Muy Alta",'Mapa final'!$AD$93="Moderado"),CONCATENATE("R28C",'Mapa final'!$R$93),"") | S34: =IF(AND('Mapa final'!$AB$91="Muy Alta",'Mapa final'!$AD$91="Mayor"),CONCATENATE("R28C",'Mapa final'!$R$91),"") | T34: =IF(AND('Mapa final'!$AB$92="Muy Alta",'Mapa final'!$AD$92="Mayor"),CONCATENATE("R28C",'Mapa final'!$R$92),"") | U34: =IF(AND('Mapa final'!$AB$93="Muy Alta",'Mapa final'!$AD$93="Mayor"),CONCATENATE("R28C",'Mapa final'!$R$93),"") | V34: =IF(AND('Mapa final'!$AB$91="Muy Alta",'Mapa final'!$AD$91="Catastrófico"),CONCATENATE("R28C",'Mapa final'!$R$91),"") | W34: =IF(AND('Mapa final'!$AB$92="Muy Alta",'Mapa final'!$AD$92="Catastrófico"),CONCATENATE("R28C",'Mapa final'!$R$92),"") | X34: =IF(AND('Mapa final'!$AB$93="Muy Alta",'Mapa final'!$AD$93="Catastrófico"),CONCATENATE("R28C",'Mapa final'!$R$93),"")
J35: =IF(AND('Mapa final'!$AB$94="Muy Alta",'Mapa final'!$AD$94="Leve"),CONCATENATE("R29C",'Mapa final'!$R$94),"") | K35: =IF(AND('Mapa final'!$AB$95="Muy Alta",'Mapa final'!$AD$95="Leve"),CONCATENATE("R29C",'Mapa final'!$R$95),"") | L35: =IF(AND('Mapa final'!$AB$96="Muy Alta",'Mapa final'!$AD$96="Leve"),CONCATENATE("R29C",'Mapa final'!$R$96),"") | M35: =IF(AND('Mapa final'!$AB$94="Muy Alta",'Mapa final'!$AD$94="Menor"),CONCATENATE("R29C",'Mapa final'!$R$94),"") | N35: =IF(AND('Mapa final'!$AB$95="Muy Alta",'Mapa final'!$AD$95="Menor"),CONCATENATE("R29C",'Mapa final'!$R$95),"") | O35: =IF(AND('Mapa final'!$AB$96="Muy Alta",'Mapa final'!$AD$96="Menor"),CONCATENATE("R29C",'Mapa final'!$R$96),"") | P35: =IF(AND('Mapa final'!$AB$94="Muy Alta",'Mapa final'!$AD$94="Moderado"),CONCATENATE("R29C",'Mapa final'!$R$94),"") | Q35: =IF(AND('Mapa final'!$AB$95="Muy Alta",'Mapa final'!$AD$95="Moderado"),CONCATENATE("R29C",'Mapa final'!$R$95),"") | R35: =IF(AND('Mapa final'!$AB$96="Muy Alta",'Mapa final'!$AD$96="Moderado"),CONCATENATE("R29C",'Mapa final'!$R$96),"") | S35: =IF(AND('Mapa final'!$AB$94="Muy Alta",'Mapa final'!$AD$94="Mayor"),CONCATENATE("R29C",'Mapa final'!$R$94),"") | T35: =IF(AND('Mapa final'!$AB$95="Muy Alta",'Mapa final'!$AD$95="Mayor"),CONCATENATE("R29C",'Mapa final'!$R$95),"") | U35: =IF(AND('Mapa final'!$AB$96="Muy Alta",'Mapa final'!$AD$96="Mayor"),CONCATENATE("R29C",'Mapa final'!$R$96),"") | V35: =IF(AND('Mapa final'!$AB$94="Muy Alta",'Mapa final'!$AD$94="Catastrófico"),CONCATENATE("R29C",'Mapa final'!$R$94),"") | W35: =IF(AND('Mapa final'!$AB$95="Muy Alta",'Mapa final'!$AD$95="Catastrófico"),CONCATENATE("R29C",'Mapa final'!$R$95),"") | X35: =IF(AND('Mapa final'!$AB$96="Muy Alta",'Mapa final'!$AD$96="Catastrófico"),CONCATENATE("R29C",'Mapa final'!$R$96),"")
J36: =IF(AND('Mapa final'!$AB$97="Muy Alta",'Mapa final'!$AD$97="Leve"),CONCATENATE("R30C",'Mapa final'!$R$97),"") | K36: =IF(AND('Mapa final'!$AB$98="Muy Alta",'Mapa final'!$AD$98="Leve"),CONCATENATE("R30C",'Mapa final'!$R$98),"") | L36: =IF(AND('Mapa final'!$AB$99="Muy Alta",'Mapa final'!$AD$99="Leve"),CONCATENATE("R30C",'Mapa final'!$R$99),"") | M36: =IF(AND('Mapa final'!$AB$97="Muy Alta",'Mapa final'!$AD$97="Menor"),CONCATENATE("R30C",'Mapa final'!$R$97),"") | N36: =IF(AND('Mapa final'!$AB$98="Muy Alta",'Mapa final'!$AD$98="Menor"),CONCATENATE("R30C",'Mapa final'!$R$98),"") | O36: =IF(AND('Mapa final'!$AB$99="Muy Alta",'Mapa final'!$AD$99="Menor"),CONCATENATE("R30C",'Mapa final'!$R$99),"") | P36: =IF(AND('Mapa final'!$AB$97="Muy Alta",'Mapa final'!$AD$97="Moderado"),CONCATENATE("R30C",'Mapa final'!$R$97),"") | Q36: =IF(AND('Mapa final'!$AB$98="Muy Alta",'Mapa final'!$AD$98="Moderado"),CONCATENATE("R30C",'Mapa final'!$R$98),"") | R36: =IF(AND('Mapa final'!$AB$99="Muy Alta",'Mapa final'!$AD$99="Moderado"),CONCATENATE("R30C",'Mapa final'!$R$99),"") | S36: =IF(AND('Mapa final'!$AB$97="Muy Alta",'Mapa final'!$AD$97="Mayor"),CONCATENATE("R30C",'Mapa final'!$R$97),"") | T36: =IF(AND('Mapa final'!$AB$98="Muy Alta",'Mapa final'!$AD$98="Mayor"),CONCATENATE("R30C",'Mapa final'!$R$98),"") | U36: =IF(AND('Mapa final'!$AB$99="Muy Alta",'Mapa final'!$AD$99="Mayor"),CONCATENATE("R30C",'Mapa final'!$R$99),"") | V36: =IF(AND('Mapa final'!$AB$97="Muy Alta",'Mapa final'!$AD$97="Catastrófico"),CONCATENATE("R30C",'Mapa final'!$R$97),"") | W36: =IF(AND('Mapa final'!$AB$98="Muy Alta",'Mapa final'!$AD$98="Catastrófico"),CONCATENATE("R30C",'Mapa final'!$R$98),"") | X36: =IF(AND('Mapa final'!$AB$99="Muy Alta",'Mapa final'!$AD$99="Catastrófico"),CONCATENATE("R30C",'Mapa final'!$R$99),"")
J37: =IF(AND('Mapa final'!$AB$100="Muy Alta",'Mapa final'!$AD$100="Leve"),CONCATENATE("R31C",'Mapa final'!$R$100),"") | K37: =IF(AND('Mapa final'!$AB$101="Muy Alta",'Mapa final'!$AD$101="Leve"),CONCATENATE("R31C",'Mapa final'!$R$101),"") | L37: =IF(AND('Mapa final'!$AB$102="Muy Alta",'Mapa final'!$AD$102="Leve"),CONCATENATE("R31C",'Mapa final'!$R$102),"") | M37: =IF(AND('Mapa final'!$AB$100="Muy Alta",'Mapa final'!$AD$100="Menor"),CONCATENATE("R31C",'Mapa final'!$R$100),"") | N37: =IF(AND('Mapa final'!$AB$101="Muy Alta",'Mapa final'!$AD$101="Menor"),CONCATENATE("R31C",'Mapa final'!$R$101),"") | O37: =IF(AND('Mapa final'!$AB$102="Muy Alta",'Mapa final'!$AD$102="Menor"),CONCATENATE("R31C",'Mapa final'!$R$102),"") | P37: =IF(AND('Mapa final'!$AB$100="Muy Alta",'Mapa final'!$AD$100="Moderado"),CONCATENATE("R31C",'Mapa final'!$R$100),"") | Q37: =IF(AND('Mapa final'!$AB$101="Muy Alta",'Mapa final'!$AD$101="Moderado"),CONCATENATE("R31C",'Mapa final'!$R$101),"") | R37: =IF(AND('Mapa final'!$AB$102="Muy Alta",'Mapa final'!$AD$102="Moderado"),CONCATENATE("R31C",'Mapa final'!$R$102),"") | S37: =IF(AND('Mapa final'!$AB$100="Muy Alta",'Mapa final'!$AD$100="Mayor"),CONCATENATE("R31C",'Mapa final'!$R$100),"") | T37: =IF(AND('Mapa final'!$AB$101="Muy Alta",'Mapa final'!$AD$101="Mayor"),CONCATENATE("R31C",'Mapa final'!$R$101),"") | U37: =IF(AND('Mapa final'!$AB$102="Muy Alta",'Mapa final'!$AD$102="Mayor"),CONCATENATE("R31C",'Mapa final'!$R$102),"") | V37: =IF(AND('Mapa final'!$AB$100="Muy Alta",'Mapa final'!$AD$100="Catastrófico"),CONCATENATE("R31C",'Mapa final'!$R$100),"") | W37: =IF(AND('Mapa final'!$AB$101="Muy Alta",'Mapa final'!$AD$101="Catastrófico"),CONCATENATE("R31C",'Mapa final'!$R$101),"") | X37: =IF(AND('Mapa final'!$AB$102="Muy Alta",'Mapa final'!$AD$102="Catastrófico"),CONCATENATE("R31C",'Mapa final'!$R$102),"")
J38: =IF(AND('Mapa final'!$AB$103="Muy Alta",'Mapa final'!$AD$103="Leve"),CONCATENATE("R32C",'Mapa final'!$R$103),"") | K38: =IF(AND('Mapa final'!$AB$104="Muy Alta",'Mapa final'!$AD$104="Leve"),CONCATENATE("R32C",'Mapa final'!$R$104),"") | L38: =IF(AND('Mapa final'!$AB$105="Muy Alta",'Mapa final'!$AD$105="Leve"),CONCATENATE("R32C",'Mapa final'!$R$105),"") | M38: =IF(AND('Mapa final'!$AB$103="Muy Alta",'Mapa final'!$AD$103="Menor"),CONCATENATE("R32C",'Mapa final'!$R$103),"") | N38: =IF(AND('Mapa final'!$AB$104="Muy Alta",'Mapa final'!$AD$104="Menor"),CONCATENATE("R32C",'Mapa final'!$R$104),"") | O38: =IF(AND('Mapa final'!$AB$105="Muy Alta",'Mapa final'!$AD$105="Menor"),CONCATENATE("R32C",'Mapa final'!$R$105),"") | P38: =IF(AND('Mapa final'!$AB$103="Muy Alta",'Mapa final'!$AD$103="Moderado"),CONCATENATE("R32C",'Mapa final'!$R$103),"") | Q38: =IF(AND('Mapa final'!$AB$104="Muy Alta",'Mapa final'!$AD$104="Moderado"),CONCATENATE("R32C",'Mapa final'!$R$104),"") | R38: =IF(AND('Mapa final'!$AB$105="Muy Alta",'Mapa final'!$AD$105="Moderado"),CONCATENATE("R32C",'Mapa final'!$R$105),"") | S38: =IF(AND('Mapa final'!$AB$103="Muy Alta",'Mapa final'!$AD$103="Mayor"),CONCATENATE("R32C",'Mapa final'!$R$103),"") | T38: =IF(AND('Mapa final'!$AB$104="Muy Alta",'Mapa final'!$AD$104="Mayor"),CONCATENATE("R32C",'Mapa final'!$R$104),"") | U38: =IF(AND('Mapa final'!$AB$105="Muy Alta",'Mapa final'!$AD$105="Mayor"),CONCATENATE("R32C",'Mapa final'!$R$105),"") | V38: =IF(AND('Mapa final'!$AB$103="Muy Alta",'Mapa final'!$AD$103="Catastrófico"),CONCATENATE("R32C",'Mapa final'!$R$103),"") | W38: =IF(AND('Mapa final'!$AB$104="Muy Alta",'Mapa final'!$AD$104="Catastrófico"),CONCATENATE("R32C",'Mapa final'!$R$104),"") | X38: =IF(AND('Mapa final'!$AB$105="Muy Alta",'Mapa final'!$AD$105="Catastrófico"),CONCATENATE("R32C",'Mapa final'!$R$105),"")
J39: =IF(AND('Mapa final'!$AB$106="Muy Alta",'Mapa final'!$AD$106="Leve"),CONCATENATE("R33C",'Mapa final'!$R$106),"") | K39: =IF(AND('Mapa final'!$AB$107="Muy Alta",'Mapa final'!$AD$107="Leve"),CONCATENATE("R33C",'Mapa final'!$R$107),"") | L39: =IF(AND('Mapa final'!$AB$108="Muy Alta",'Mapa final'!$AD$108="Leve"),CONCATENATE("R33C",'Mapa final'!$R$108),"") | M39: =IF(AND('Mapa final'!$AB$106="Muy Alta",'Mapa final'!$AD$106="Menor"),CONCATENATE("R33C",'Mapa final'!$R$106),"") | N39: =IF(AND('Mapa final'!$AB$107="Muy Alta",'Mapa final'!$AD$107="Menor"),CONCATENATE("R33C",'Mapa final'!$R$107),"") | O39: =IF(AND('Mapa final'!$AB$108="Muy Alta",'Mapa final'!$AD$108="Menor"),CONCATENATE("R33C",'Mapa final'!$R$108),"") | P39: =IF(AND('Mapa final'!$AB$106="Muy Alta",'Mapa final'!$AD$106="Moderado"),CONCATENATE("R33C",'Mapa final'!$R$106),"") | Q39: =IF(AND('Mapa final'!$AB$107="Muy Alta",'Mapa final'!$AD$107="Moderado"),CONCATENATE("R33C",'Mapa final'!$R$107),"") | R39: =IF(AND('Mapa final'!$AB$108="Muy Alta",'Mapa final'!$AD$108="Moderado"),CONCATENATE("R33C",'Mapa final'!$R$108),"") | S39: =IF(AND('Mapa final'!$AB$106="Muy Alta",'Mapa final'!$AD$106="Mayor"),CONCATENATE("R33C",'Mapa final'!$R$106),"") | T39: =IF(AND('Mapa final'!$AB$107="Muy Alta",'Mapa final'!$AD$107="Mayor"),CONCATENATE("R33C",'Mapa final'!$R$107),"") | U39: =IF(AND('Mapa final'!$AB$108="Muy Alta",'Mapa final'!$AD$108="Mayor"),CONCATENATE("R33C",'Mapa final'!$R$108),"") | V39: =IF(AND('Mapa final'!$AB$106="Muy Alta",'Mapa final'!$AD$106="Catastrófico"),CONCATENATE("R33C",'Mapa final'!$R$106),"") | W39: =IF(AND('Mapa final'!$AB$107="Muy Alta",'Mapa final'!$AD$107="Catastrófico"),CONCATENATE("R33C",'Mapa final'!$R$107),"") | X39: =IF(AND('Mapa final'!$AB$108="Muy Alta",'Mapa final'!$AD$108="Catastrófico"),CONCATENATE("R33C",'Mapa final'!$R$108),"")
J40: =IF(AND('Mapa final'!$AB$109="Muy Alta",'Mapa final'!$AD$109="Leve"),CONCATENATE("R34C",'Mapa final'!$R$109),"") | K40: =IF(AND('Mapa final'!$AB$110="Muy Alta",'Mapa final'!$AD$110="Leve"),CONCATENATE("R34C",'Mapa final'!$R$110),"") | L40: =IF(AND('Mapa final'!$AB$111="Muy Alta",'Mapa final'!$AD$111="Leve"),CONCATENATE("R34C",'Mapa final'!$R$111),"") | M40: =IF(AND('Mapa final'!$AB$109="Muy Alta",'Mapa final'!$AD$109="Menor"),CONCATENATE("R34C",'Mapa final'!$R$109),"") | N40: =IF(AND('Mapa final'!$AB$110="Muy Alta",'Mapa final'!$AD$110="Menor"),CONCATENATE("R34C",'Mapa final'!$R$110),"") | O40: =IF(AND('Mapa final'!$AB$111="Muy Alta",'Mapa final'!$AD$111="Menor"),CONCATENATE("R34C",'Mapa final'!$R$111),"") | P40: =IF(AND('Mapa final'!$AB$109="Muy Alta",'Mapa final'!$AD$109="Moderado"),CONCATENATE("R34C",'Mapa final'!$R$109),"") | Q40: =IF(AND('Mapa final'!$AB$110="Muy Alta",'Mapa final'!$AD$110="Moderado"),CONCATENATE("R34C",'Mapa final'!$R$110),"") | R40: =IF(AND('Mapa final'!$AB$111="Muy Alta",'Mapa final'!$AD$111="Moderado"),CONCATENATE("R34C",'Mapa final'!$R$111),"") | S40: =IF(AND('Mapa final'!$AB$109="Muy Alta",'Mapa final'!$AD$109="Mayor"),CONCATENATE("R34C",'Mapa final'!$R$109),"") | T40: =IF(AND('Mapa final'!$AB$110="Muy Alta",'Mapa final'!$AD$110="Mayor"),CONCATENATE("R34C",'Mapa final'!$R$110),"") | U40: =IF(AND('Mapa final'!$AB$111="Muy Alta",'Mapa final'!$AD$111="Mayor"),CONCATENATE("R34C",'Mapa final'!$R$111),"") | V40: =IF(AND('Mapa final'!$AB$109="Muy Alta",'Mapa final'!$AD$109="Catastrófico"),CONCATENATE("R34C",'Mapa final'!$R$109),"") | W40: =IF(AND('Mapa final'!$AB$110="Muy Alta",'Mapa final'!$AD$110="Catastrófico"),CONCATENATE("R34C",'Mapa final'!$R$110),"") | X40: =IF(AND('Mapa final'!$AB$111="Muy Alta",'Mapa final'!$AD$111="Catastrófico"),CONCATENATE("R34C",'Mapa final'!$R$111),"")
J41: =IF(AND('Mapa final'!$AB$112="Muy Alta",'Mapa final'!$AD$112="Leve"),CONCATENATE("R35C",'Mapa final'!$R$112),"") | K41: =IF(AND('Mapa final'!$AB$113="Muy Alta",'Mapa final'!$AD$113="Leve"),CONCATENATE("R35C",'Mapa final'!$R$113),"") | L41: =IF(AND('Mapa final'!$AB$114="Muy Alta",'Mapa final'!$AD$114="Leve"),CONCATENATE("R35C",'Mapa final'!$R$114),"") | M41: =IF(AND('Mapa final'!$AB$112="Muy Alta",'Mapa final'!$AD$112="Menor"),CONCATENATE("R35C",'Mapa final'!$R$112),"") | N41: =IF(AND('Mapa final'!$AB$113="Muy Alta",'Mapa final'!$AD$113="Menor"),CONCATENATE("R35C",'Mapa final'!$R$113),"") | O41: =IF(AND('Mapa final'!$AB$114="Muy Alta",'Mapa final'!$AD$114="Menor"),CONCATENATE("R35C",'Mapa final'!$R$114),"") | P41: =IF(AND('Mapa final'!$AB$112="Muy Alta",'Mapa final'!$AD$112="Moderado"),CONCATENATE("R35C",'Mapa final'!$R$112),"") | Q41: =IF(AND('Mapa final'!$AB$113="Muy Alta",'Mapa final'!$AD$113="Moderado"),CONCATENATE("R35C",'Mapa final'!$R$113),"") | R41: =IF(AND('Mapa final'!$AB$114="Muy Alta",'Mapa final'!$AD$114="Moderado"),CONCATENATE("R35C",'Mapa final'!$R$114),"") | S41: =IF(AND('Mapa final'!$AB$112="Muy Alta",'Mapa final'!$AD$112="Mayor"),CONCATENATE("R35C",'Mapa final'!$R$112),"") | T41: =IF(AND('Mapa final'!$AB$113="Muy Alta",'Mapa final'!$AD$113="Mayor"),CONCATENATE("R35C",'Mapa final'!$R$113),"") | U41: =IF(AND('Mapa final'!$AB$114="Muy Alta",'Mapa final'!$AD$114="Mayor"),CONCATENATE("R35C",'Mapa final'!$R$114),"") | V41: =IF(AND('Mapa final'!$AB$112="Muy Alta",'Mapa final'!$AD$112="Catastrófico"),CONCATENATE("R35C",'Mapa final'!$R$112),"") | W41: =IF(AND('Mapa final'!$AB$113="Muy Alta",'Mapa final'!$AD$113="Catastrófico"),CONCATENATE("R35C",'Mapa final'!$R$113),"") | X41: =IF(AND('Mapa final'!$AB$114="Muy Alta",'Mapa final'!$AD$114="Catastrófico"),CONCATENATE("R35C",'Mapa final'!$R$114),"")
J42: =IF(AND('Mapa final'!$AB$115="Muy Alta",'Mapa final'!$AD$115="Leve"),CONCATENATE("R36C",'Mapa final'!$R$115),"") | K42: =IF(AND('Mapa final'!$AB$116="Muy Alta",'Mapa final'!$AD$116="Leve"),CONCATENATE("R36C",'Mapa final'!$R$116),"") | L42: =IF(AND('Mapa final'!$AB$117="Muy Alta",'Mapa final'!$AD$117="Leve"),CONCATENATE("R36C",'Mapa final'!$R$117),"") | M42: =IF(AND('Mapa final'!$AB$115="Muy Alta",'Mapa final'!$AD$115="Menor"),CONCATENATE("R36C",'Mapa final'!$R$115),"") | N42: =IF(AND('Mapa final'!$AB$116="Muy Alta",'Mapa final'!$AD$116="Menor"),CONCATENATE("R36C",'Mapa final'!$R$116),"") | O42: =IF(AND('Mapa final'!$AB$117="Muy Alta",'Mapa final'!$AD$117="Menor"),CONCATENATE("R36C",'Mapa final'!$R$117),"") | P42: =IF(AND('Mapa final'!$AB$115="Muy Alta",'Mapa final'!$AD$115="Moderado"),CONCATENATE("R36C",'Mapa final'!$R$115),"") | Q42: =IF(AND('Mapa final'!$AB$116="Muy Alta",'Mapa final'!$AD$116="Moderado"),CONCATENATE("R36C",'Mapa final'!$R$116),"") | R42: =IF(AND('Mapa final'!$AB$117="Muy Alta",'Mapa final'!$AD$117="Moderado"),CONCATENATE("R36C",'Mapa final'!$R$117),"") | S42: =IF(AND('Mapa final'!$AB$115="Muy Alta",'Mapa final'!$AD$115="Mayor"),CONCATENATE("R36C",'Mapa final'!$R$115),"") | T42: =IF(AND('Mapa final'!$AB$116="Muy Alta",'Mapa final'!$AD$116="Mayor"),CONCATENATE("R36C",'Mapa final'!$R$116),"") | U42: =IF(AND('Mapa final'!$AB$117="Muy Alta",'Mapa final'!$AD$117="Mayor"),CONCATENATE("R36C",'Mapa final'!$R$117),"") | V42: =IF(AND('Mapa final'!$AB$115="Muy Alta",'Mapa final'!$AD$115="Catastrófico"),CONCATENATE("R36C",'Mapa final'!$R$115),"") | W42: =IF(AND('Mapa final'!$AB$116="Muy Alta",'Mapa final'!$AD$116="Catastrófico"),CONCATENATE("R36C",'Mapa final'!$R$116),"") | X42: =IF(AND('Mapa final'!$AB$117="Muy Alta",'Mapa final'!$AD$117="Catastrófico"),CONCATENATE("R36C",'Mapa final'!$R$117),"")
J43: =IF(AND('Mapa final'!$AB$118="Muy Alta",'Mapa final'!$AD$118="Leve"),CONCATENATE("R37C",'Mapa final'!$R$118),"") | K43: =IF(AND('Mapa final'!$AB$119="Muy Alta",'Mapa final'!$AD$119="Leve"),CONCATENATE("R37C",'Mapa final'!$R$119),"") | L43: =IF(AND('Mapa final'!$AB$120="Muy Alta",'Mapa final'!$AD$120="Leve"),CONCATENATE("R37C",'Mapa final'!$R$120),"") | M43: =IF(AND('Mapa final'!$AB$118="Muy Alta",'Mapa final'!$AD$118="Menor"),CONCATENATE("R37C",'Mapa final'!$R$118),"") | N43: =IF(AND('Mapa final'!$AB$119="Muy Alta",'Mapa final'!$AD$119="Menor"),CONCATENATE("R37C",'Mapa final'!$R$119),"") | O43: =IF(AND('Mapa final'!$AB$120="Muy Alta",'Mapa final'!$AD$120="Menor"),CONCATENATE("R37C",'Mapa final'!$R$120),"") | P43: =IF(AND('Mapa final'!$AB$118="Muy Alta",'Mapa final'!$AD$118="Moderado"),CONCATENATE("R37C",'Mapa final'!$R$118),"") | Q43: =IF(AND('Mapa final'!$AB$119="Muy Alta",'Mapa final'!$AD$119="Moderado"),CONCATENATE("R37C",'Mapa final'!$R$119),"") | R43: =IF(AND('Mapa final'!$AB$120="Muy Alta",'Mapa final'!$AD$120="Moderado"),CONCATENATE("R37C",'Mapa final'!$R$120),"") | S43: =IF(AND('Mapa final'!$AB$118="Muy Alta",'Mapa final'!$AD$118="Mayor"),CONCATENATE("R37C",'Mapa final'!$R$118),"") | T43: =IF(AND('Mapa final'!$AB$119="Muy Alta",'Mapa final'!$AD$119="Mayor"),CONCATENATE("R37C",'Mapa final'!$R$119),"") | U43: =IF(AND('Mapa final'!$AB$120="Muy Alta",'Mapa final'!$AD$120="Mayor"),CONCATENATE("R37C",'Mapa final'!$R$120),"") | V43: =IF(AND('Mapa final'!$AB$118="Muy Alta",'Mapa final'!$AD$118="Catastrófico"),CONCATENATE("R37C",'Mapa final'!$R$118),"") | W43: =IF(AND('Mapa final'!$AB$119="Muy Alta",'Mapa final'!$AD$119="Catastrófico"),CONCATENATE("R37C",'Mapa final'!$R$119),"") | X43: =IF(AND('Mapa final'!$AB$120="Muy Alta",'Mapa final'!$AD$120="Catastrófico"),CONCATENATE("R37C",'Mapa final'!$R$120),"")
J44: =IF(AND('Mapa final'!$AB$121="Muy Alta",'Mapa final'!$AD$121="Leve"),CONCATENATE("R38C",'Mapa final'!$R$121),"") | K44: =IF(AND('Mapa final'!$AB$122="Muy Alta",'Mapa final'!$AD$122="Leve"),CONCATENATE("R38C",'Mapa final'!$R$122),"") | L44: =IF(AND('Mapa final'!$AB$123="Muy Alta",'Mapa final'!$AD$123="Leve"),CONCATENATE("R38C",'Mapa final'!$R$123),"") | M44: =IF(AND('Mapa final'!$AB$121="Muy Alta",'Mapa final'!$AD$121="Menor"),CONCATENATE("R38C",'Mapa final'!$R$121),"") | N44: =IF(AND('Mapa final'!$AB$122="Muy Alta",'Mapa final'!$AD$122="Menor"),CONCATENATE("R38C",'Mapa final'!$R$122),"") | O44: =IF(AND('Mapa final'!$AB$123="Muy Alta",'Mapa final'!$AD$123="Menor"),CONCATENATE("R38C",'Mapa final'!$R$123),"") | P44: =IF(AND('Mapa final'!$AB$121="Muy Alta",'Mapa final'!$AD$121="Moderado"),CONCATENATE("R38C",'Mapa final'!$R$121),"") | Q44: =IF(AND('Mapa final'!$AB$122="Muy Alta",'Mapa final'!$AD$122="Moderado"),CONCATENATE("R38C",'Mapa final'!$R$122),"") | R44: =IF(AND('Mapa final'!$AB$123="Muy Alta",'Mapa final'!$AD$123="Moderado"),CONCATENATE("R38C",'Mapa final'!$R$123),"") | S44: =IF(AND('Mapa final'!$AB$121="Muy Alta",'Mapa final'!$AD$121="Mayor"),CONCATENATE("R38C",'Mapa final'!$R$121),"") | T44: =IF(AND('Mapa final'!$AB$122="Muy Alta",'Mapa final'!$AD$122="Mayor"),CONCATENATE("R38C",'Mapa final'!$R$122),"") | U44: =IF(AND('Mapa final'!$AB$123="Muy Alta",'Mapa final'!$AD$123="Mayor"),CONCATENATE("R38C",'Mapa final'!$R$123),"") | V44: =IF(AND('Mapa final'!$AB$121="Muy Alta",'Mapa final'!$AD$121="Catastrófico"),CONCATENATE("R38C",'Mapa final'!$R$121),"") | W44: =IF(AND('Mapa final'!$AB$122="Muy Alta",'Mapa final'!$AD$122="Catastrófico"),CONCATENATE("R38C",'Mapa final'!$R$122),"") | X44: =IF(AND('Mapa final'!$AB$123="Muy Alta",'Mapa final'!$AD$123="Catastrófico"),CONCATENATE("R38C",'Mapa final'!$R$123),"")
J45: =IF(AND('Mapa final'!$AB$124="Muy Alta",'Mapa final'!$AD$124="Leve"),CONCATENATE("R39C",'Mapa final'!$R$124),"") | K45: =IF(AND('Mapa final'!$AB$125="Muy Alta",'Mapa final'!$AD$125="Leve"),CONCATENATE("R39C",'Mapa final'!$R$125),"") | L45: =IF(AND('Mapa final'!$AB$126="Muy Alta",'Mapa final'!$AD$126="Leve"),CONCATENATE("R39C",'Mapa final'!$R$126),"") | M45: =IF(AND('Mapa final'!$AB$124="Muy Alta",'Mapa final'!$AD$124="Menor"),CONCATENATE("R39C",'Mapa final'!$R$124),"") | N45: =IF(AND('Mapa final'!$AB$125="Muy Alta",'Mapa final'!$AD$125="Menor"),CONCATENATE("R39C",'Mapa final'!$R$125),"") | O45: =IF(AND('Mapa final'!$AB$126="Muy Alta",'Mapa final'!$AD$126="Menor"),CONCATENATE("R39C",'Mapa final'!$R$126),"") | P45: =IF(AND('Mapa final'!$AB$124="Muy Alta",'Mapa final'!$AD$124="Moderado"),CONCATENATE("R39C",'Mapa final'!$R$124),"") | Q45: =IF(AND('Mapa final'!$AB$125="Muy Alta",'Mapa final'!$AD$125="Moderado"),CONCATENATE("R39C",'Mapa final'!$R$125),"") | R45: =IF(AND('Mapa final'!$AB$126="Muy Alta",'Mapa final'!$AD$126="Moderado"),CONCATENATE("R39C",'Mapa final'!$R$126),"") | S45: =IF(AND('Mapa final'!$AB$124="Muy Alta",'Mapa final'!$AD$124="Mayor"),CONCATENATE("R39C",'Mapa final'!$R$124),"") | T45: =IF(AND('Mapa final'!$AB$125="Muy Alta",'Mapa final'!$AD$125="Mayor"),CONCATENATE("R39C",'Mapa final'!$R$125),"") | U45: =IF(AND('Mapa final'!$AB$126="Muy Alta",'Mapa final'!$AD$126="Mayor"),CONCATENATE("R39C",'Mapa final'!$R$126),"") | V45: =IF(AND('Mapa final'!$AB$124="Muy Alta",'Mapa final'!$AD$124="Catastrófico"),CONCATENATE("R39C",'Mapa final'!$R$124),"") | W45: =IF(AND('Mapa final'!$AB$125="Muy Alta",'Mapa final'!$AD$125="Catastrófico"),CONCATENATE("R39C",'Mapa final'!$R$125),"") | X45: =IF(AND('Mapa final'!$AB$126="Muy Alta",'Mapa final'!$AD$126="Catastrófico"),CONCATENATE("R39C",'Mapa final'!$R$126),"")
J46: =IF(AND('Mapa final'!$AB$127="Muy Alta",'Mapa final'!$AD$127="Leve"),CONCATENATE("R40C",'Mapa final'!$R$127),"") | K46: =IF(AND('Mapa final'!$AB$128="Muy Alta",'Mapa final'!$AD$128="Leve"),CONCATENATE("R40C",'Mapa final'!$R$128),"") | L46: =IF(AND('Mapa final'!$AB$129="Muy Alta",'Mapa final'!$AD$129="Leve"),CONCATENATE("R40C",'Mapa final'!$R$129),"") | M46: =IF(AND('Mapa final'!$AB$127="Muy Alta",'Mapa final'!$AD$127="Menor"),CONCATENATE("R40C",'Mapa final'!$R$127),"") | N46: =IF(AND('Mapa final'!$AB$128="Muy Alta",'Mapa final'!$AD$128="Menor"),CONCATENATE("R40C",'Mapa final'!$R$128),"") | O46: =IF(AND('Mapa final'!$AB$129="Muy Alta",'Mapa final'!$AD$129="Menor"),CONCATENATE("R40C",'Mapa final'!$R$129),"") | P46: =IF(AND('Mapa final'!$AB$127="Muy Alta",'Mapa final'!$AD$127="Moderado"),CONCATENATE("R40C",'Mapa final'!$R$127),"") | Q46: =IF(AND('Mapa final'!$AB$128="Muy Alta",'Mapa final'!$AD$128="Moderado"),CONCATENATE("R40C",'Mapa final'!$R$128),"") | R46: =IF(AND('Mapa final'!$AB$129="Muy Alta",'Mapa final'!$AD$129="Moderado"),CONCATENATE("R40C",'Mapa final'!$R$129),"") | S46: =IF(AND('Mapa final'!$AB$127="Muy Alta",'Mapa final'!$AD$127="Mayor"),CONCATENATE("R40C",'Mapa final'!$R$127),"") | T46: =IF(AND('Mapa final'!$AB$128="Muy Alta",'Mapa final'!$AD$128="Mayor"),CONCATENATE("R40C",'Mapa final'!$R$128),"") | U46: =IF(AND('Mapa final'!$AB$129="Muy Alta",'Mapa final'!$AD$129="Mayor"),CONCATENATE("R40C",'Mapa final'!$R$129),"") | V46: =IF(AND('Mapa final'!$AB$127="Muy Alta",'Mapa final'!$AD$127="Catastrófico"),CONCATENATE("R40C",'Mapa final'!$R$127),"") | W46: =IF(AND('Mapa final'!$AB$128="Muy Alta",'Mapa final'!$AD$128="Catastrófico"),CONCATENATE("R40C",'Mapa final'!$R$128),"") | X46: =IF(AND('Mapa final'!$AB$129="Muy Alta",'Mapa final'!$AD$129="Catastrófico"),CONCATENATE("R40C",'Mapa final'!$R$129),"")
J47: =IF(AND('Mapa final'!$AB$130="Muy Alta",'Mapa final'!$AD$130="Leve"),CONCATENATE("R41C",'Mapa final'!$R$130),"") | K47: =IF(AND('Mapa final'!$AB$131="Muy Alta",'Mapa final'!$AD$131="Leve"),CONCATENATE("R41C",'Mapa final'!$R$131),"") | L47: =IF(AND('Mapa final'!$AB$132="Muy Alta",'Mapa final'!$AD$132="Leve"),CONCATENATE("R41C",'Mapa final'!$R$132),"") | M47: =IF(AND('Mapa final'!$AB$130="Muy Alta",'Mapa final'!$AD$130="Menor"),CONCATENATE("R41C",'Mapa final'!$R$130),"") | N47: =IF(AND('Mapa final'!$AB$131="Muy Alta",'Mapa final'!$AD$131="Menor"),CONCATENATE("R41C",'Mapa final'!$R$131),"") | O47: =IF(AND('Mapa final'!$AB$132="Muy Alta",'Mapa final'!$AD$132="Menor"),CONCATENATE("R41C",'Mapa final'!$R$132),"") | P47: =IF(AND('Mapa final'!$AB$130="Muy Alta",'Mapa final'!$AD$130="Moderado"),CONCATENATE("R41C",'Mapa final'!$R$130),"") | Q47: =IF(AND('Mapa final'!$AB$131="Muy Alta",'Mapa final'!$AD$131="Moderado"),CONCATENATE("R41C",'Mapa final'!$R$131),"") | R47: =IF(AND('Mapa final'!$AB$132="Muy Alta",'Mapa final'!$AD$132="Moderado"),CONCATENATE("R41C",'Mapa final'!$R$132),"") | S47: =IF(AND('Mapa final'!$AB$130="Muy Alta",'Mapa final'!$AD$130="Mayor"),CONCATENATE("R41C",'Mapa final'!$R$130),"") | T47: =IF(AND('Mapa final'!$AB$131="Muy Alta",'Mapa final'!$AD$131="Mayor"),CONCATENATE("R41C",'Mapa final'!$R$131),"") | U47: =IF(AND('Mapa final'!$AB$132="Muy Alta",'Mapa final'!$AD$132="Mayor"),CONCATENATE("R41C",'Mapa final'!$R$132),"") | V47: =IF(AND('Mapa final'!$AB$130="Muy Alta",'Mapa final'!$AD$130="Catastrófico"),CONCATENATE("R41C",'Mapa final'!$R$130),"") | W47: =IF(AND('Mapa final'!$AB$131="Muy Alta",'Mapa final'!$AD$131="Catastrófico"),CONCATENATE("R41C",'Mapa final'!$R$131),"") | X47: =IF(AND('Mapa final'!$AB$132="Muy Alta",'Mapa final'!$AD$132="Catastrófico"),CONCATENATE("R41C",'Mapa final'!$R$132),"")
J48: =IF(AND('Mapa final'!$AB$133="Muy Alta",'Mapa final'!$AD$133="Leve"),CONCATENATE("R42C",'Mapa final'!$R$133),"") | K48: =IF(AND('Mapa final'!$AB$134="Muy Alta",'Mapa final'!$AD$134="Leve"),CONCATENATE("R42C",'Mapa final'!$R$134),"") | L48: =IF(AND('Mapa final'!$AB$135="Muy Alta",'Mapa final'!$AD$135="Leve"),CONCATENATE("R42C",'Mapa final'!$R$135),"") | M48: =IF(AND('Mapa final'!$AB$133="Muy Alta",'Mapa final'!$AD$133="Menor"),CONCATENATE("R42C",'Mapa final'!$R$133),"") | N48: =IF(AND('Mapa final'!$AB$134="Muy Alta",'Mapa final'!$AD$134="Menor"),CONCATENATE("R42C",'Mapa final'!$R$134),"") | O48: =IF(AND('Mapa final'!$AB$135="Muy Alta",'Mapa final'!$AD$135="Menor"),CONCATENATE("R42C",'Mapa final'!$R$135),"") | P48: =IF(AND('Mapa final'!$AB$133="Muy Alta",'Mapa final'!$AD$133="Moderado"),CONCATENATE("R42C",'Mapa final'!$R$133),"") | Q48: =IF(AND('Mapa final'!$AB$134="Muy Alta",'Mapa final'!$AD$134="Moderado"),CONCATENATE("R42C",'Mapa final'!$R$134),"") | R48: =IF(AND('Mapa final'!$AB$135="Muy Alta",'Mapa final'!$AD$135="Moderado"),CONCATENATE("R42C",'Mapa final'!$R$135),"") | S48: =IF(AND('Mapa final'!$AB$133="Muy Alta",'Mapa final'!$AD$133="Mayor"),CONCATENATE("R42C",'Mapa final'!$R$133),"") | T48: =IF(AND('Mapa final'!$AB$134="Muy Alta",'Mapa final'!$AD$134="Mayor"),CONCATENATE("R42C",'Mapa final'!$R$134),"") | U48: =IF(AND('Mapa final'!$AB$135="Muy Alta",'Mapa final'!$AD$135="Mayor"),CONCATENATE("R42C",'Mapa final'!$R$135),"") | V48: =IF(AND('Mapa final'!$AB$133="Muy Alta",'Mapa final'!$AD$133="Catastrófico"),CONCATENATE("R42C",'Mapa final'!$R$133),"") | W48: =IF(AND('Mapa final'!$AB$134="Muy Alta",'Mapa final'!$AD$134="Catastrófico"),CONCATENATE("R42C",'Mapa final'!$R$134),"") | X48: =IF(AND('Mapa final'!$AB$135="Muy Alta",'Mapa final'!$AD$135="Catastrófico"),CONCATENATE("R42C",'Mapa final'!$R$135),"")
E49: Alta 80% | J49: =IF(AND('Mapa final'!$AB$7="Alta",'Mapa final'!$AD$7="Leve"),CONCATENATE("R1C",'Mapa final'!$R$7),"") | K49: =IF(AND('Mapa final'!$AB$8="Alta",'Mapa final'!$AD$8="Leve"),CONCATENATE("R1C",'Mapa final'!$R$8),"") | L49: =IF(AND('Mapa final'!$AB$9="Alta",'Mapa final'!$AD$9="Leve"),CONCATENATE("R1C",'Mapa final'!$R$9),"") | M49: =IF(AND('Mapa final'!$AB$7="Alta",'Mapa final'!$AD$7="Menor"),CONCATENATE("R1C",'Mapa final'!$R$7),"") | N49: =IF(AND('Mapa final'!$AB$8="Alta",'Mapa final'!$AD$8="Menor"),CONCATENATE("R1C",'Mapa final'!$R$8),"") | O49: =IF(AND('Mapa final'!$AB$9="Alta",'Mapa final'!$AD$9="Menor"),CONCATENATE("R1C",'Mapa final'!$R$9),"") | P49: =IF(AND('Mapa final'!$AB$7="Alta",'Mapa final'!$AD$7="Moderado"),CONCATENATE("R1C",'Mapa final'!$R$7),"") | Q49: =IF(AND('Mapa final'!$AB$8="Alta",'Mapa final'!$AD$8="Moderado"),CONCATENATE("R1C",'Mapa final'!$R$8),"") | R49: =IF(AND('Mapa final'!$AB$9="Alta",'Mapa final'!$AD$9="Moderado"),CONCATENATE("R1C",'Mapa final'!$R$9),"") | S49: =IF(AND('Mapa final'!$AB$7="Alta",'Mapa final'!$AD$7="Mayor"),CONCATENATE("R1C",'Mapa final'!$R$7),"") | T49: =IF(AND('Mapa final'!$AB$8="Alta",'Mapa final'!$AD$8="Mayor"),CONCATENATE("R1C",'Mapa final'!$R$8),"") | U49: =IF(AND('Mapa final'!$AB$9="Alta",'Mapa final'!$AD$9="Mayor"),CONCATENATE("R1C",'Mapa final'!$R$9),"") | V49: =IF(AND('Mapa final'!$AB$7="Alta",'Mapa final'!$AD$7="Catastrófico"),CONCATENATE("R1C",'Mapa final'!$R$7),"") | W49: =IF(AND('Mapa final'!$AB$8="Alta",'Mapa final'!$AD$8="Catastrófico"),CONCATENATE("R1C",'Mapa final'!$R$8),"") | X49: =IF(AND('Mapa final'!$AB$9="Alta",'Mapa final'!$AD$9="Catastrófico"),CONCATENATE("R1C",'Mapa final'!$R$9),"") | Z49: Alto
J50: =IF(AND('Mapa final'!$AB$10="Alta",'Mapa final'!$AD$10="Leve"),CONCATENATE("R2C",'Mapa final'!$R$10),"") | K50: =IF(AND('Mapa final'!$AB$11="Alta",'Mapa final'!$AD$11="Leve"),CONCATENATE("R2C",'Mapa final'!$R$11),"") | L50: =IF(AND('Mapa final'!$AB$12="Alta",'Mapa final'!$AD$12="Leve"),CONCATENATE("R2C",'Mapa final'!$R$12),"") | M50: =IF(AND('Mapa final'!$AB$10="Alta",'Mapa final'!$AD$10="Menor"),CONCATENATE("R2C",'Mapa final'!$R$10),"") | N50: =IF(AND('Mapa final'!$AB$11="Alta",'Mapa final'!$AD$11="Menor"),CONCATENATE("R2C",'Mapa final'!$R$11),"") | O50: =IF(AND('Mapa final'!$AB$12="Alta",'Mapa final'!$AD$12="Menor"),CONCATENATE("R2C",'Mapa final'!$R$12),"") | P50: =IF(AND('Mapa final'!$AB$10="Alta",'Mapa final'!$AD$10="Moderado"),CONCATENATE("R2C",'Mapa final'!$R$10),"") | Q50: =IF(AND('Mapa final'!$AB$11="Alta",'Mapa final'!$AD$11="Moderado"),CONCATENATE("R2C",'Mapa final'!$R$11),"") | R50: =IF(AND('Mapa final'!$AB$12="Alta",'Mapa final'!$AD$12="Moderado"),CONCATENATE("R2C",'Mapa final'!$R$12),"") | S50: =IF(AND('Mapa final'!$AB$10="Alta",'Mapa final'!$AD$10="Mayor"),CONCATENATE("R2C",'Mapa final'!$R$10),"") | T50: =IF(AND('Mapa final'!$AB$11="Alta",'Mapa final'!$AD$11="Mayor"),CONCATENATE("R2C",'Mapa final'!$R$11),"") | U50: =IF(AND('Mapa final'!$AB$12="Alta",'Mapa final'!$AD$12="Mayor"),CONCATENATE("R2C",'Mapa final'!$R$12),"") | V50: =IF(AND('Mapa final'!$AB$10="Alta",'Mapa final'!$AD$10="Catastrófico"),CONCATENATE("R2C",'Mapa final'!$R$10),"") | W50: =IF(AND('Mapa final'!$AB$11="Alta",'Mapa final'!$AD$11="Catastrófico"),CONCATENATE("R2C",'Mapa final'!$R$11),"") | X50: =IF(AND('Mapa final'!$AB$12="Alta",'Mapa final'!$AD$12="Catastrófico"),CONCATENATE("R2C",'Mapa final'!$R$12),"")
J51: =IF(AND('Mapa final'!$AB$13="Alta",'Mapa final'!$AD$13="Leve"),CONCATENATE("R3C",'Mapa final'!$R$13),"") | K51: =IF(AND('Mapa final'!$AB$14="Alta",'Mapa final'!$AD$14="Leve"),CONCATENATE("R3C",'Mapa final'!$R$14),"") | L51: =IF(AND('Mapa final'!$AB$15="Alta",'Mapa final'!$AD$15="Leve"),CONCATENATE("R3C",'Mapa final'!$R$15),"") | M51: =IF(AND('Mapa final'!$AB$13="Alta",'Mapa final'!$AD$13="Menor"),CONCATENATE("R3C",'Mapa final'!$R$13),"") | N51: =IF(AND('Mapa final'!$AB$14="Alta",'Mapa final'!$AD$14="Menor"),CONCATENATE("R3C",'Mapa final'!$R$14),"") | O51: =IF(AND('Mapa final'!$AB$15="Alta",'Mapa final'!$AD$15="Menor"),CONCATENATE("R3C",'Mapa final'!$R$15),"") | P51: =IF(AND('Mapa final'!$AB$13="Alta",'Mapa final'!$AD$13="Moderado"),CONCATENATE("R3C",'Mapa final'!$R$13),"") | Q51: =IF(AND('Mapa final'!$AB$14="Alta",'Mapa final'!$AD$14="Moderado"),CONCATENATE("R3C",'Mapa final'!$R$14),"") | R51: =IF(AND('Mapa final'!$AB$15="Alta",'Mapa final'!$AD$15="Moderado"),CONCATENATE("R3C",'Mapa final'!$R$15),"") | S51: =IF(AND('Mapa final'!$AB$13="Alta",'Mapa final'!$AD$13="Mayor"),CONCATENATE("R3C",'Mapa final'!$R$13),"") | T51: =IF(AND('Mapa final'!$AB$14="Alta",'Mapa final'!$AD$14="Mayor"),CONCATENATE("R3C",'Mapa final'!$R$14),"") | U51: =IF(AND('Mapa final'!$AB$15="Alta",'Mapa final'!$AD$15="Mayor"),CONCATENATE("R3C",'Mapa final'!$R$15),"") | V51: =IF(AND('Mapa final'!$AB$13="Alta",'Mapa final'!$AD$13="Catastrófico"),CONCATENATE("R3C",'Mapa final'!$R$13),"") | W51: =IF(AND('Mapa final'!$AB$14="Alta",'Mapa final'!$AD$14="Catastrófico"),CONCATENATE("R3C",'Mapa final'!$R$14),"") | X51: =IF(AND('Mapa final'!$AB$15="Alta",'Mapa final'!$AD$15="Catastrófico"),CONCATENATE("R3C",'Mapa final'!$R$15),"")
J52: =IF(AND('Mapa final'!$AB$16="Alta",'Mapa final'!$AD$16="Leve"),CONCATENATE("R4C",'Mapa final'!$R$16),"") | K52: =IF(AND('Mapa final'!$AB$17="Alta",'Mapa final'!$AD$17="Leve"),CONCATENATE("R4C",'Mapa final'!$R$17),"") | L52: =IF(AND('Mapa final'!$AB$18="Alta",'Mapa final'!$AD$18="Leve"),CONCATENATE("R4C",'Mapa final'!$R$18),"") | M52: =IF(AND('Mapa final'!$AB$16="Alta",'Mapa final'!$AD$16="Menor"),CONCATENATE("R4C",'Mapa final'!$R$16),"") | N52: =IF(AND('Mapa final'!$AB$17="Alta",'Mapa final'!$AD$17="Menor"),CONCATENATE("R4C",'Mapa final'!$R$17),"") | O52: =IF(AND('Mapa final'!$AB$18="Alta",'Mapa final'!$AD$18="Menor"),CONCATENATE("R4C",'Mapa final'!$R$18),"") | P52: =IF(AND('Mapa final'!$AB$16="Alta",'Mapa final'!$AD$16="Moderado"),CONCATENATE("R4C",'Mapa final'!$R$16),"") | Q52: =IF(AND('Mapa final'!$AB$17="Alta",'Mapa final'!$AD$17="Moderado"),CONCATENATE("R4C",'Mapa final'!$R$17),"") | R52: =IF(AND('Mapa final'!$AB$18="Alta",'Mapa final'!$AD$18="Moderado"),CONCATENATE("R4C",'Mapa final'!$R$18),"") | S52: =IF(AND('Mapa final'!$AB$16="Alta",'Mapa final'!$AD$16="Mayor"),CONCATENATE("R4C",'Mapa final'!$R$16),"") | T52: =IF(AND('Mapa final'!$AB$17="Alta",'Mapa final'!$AD$17="Mayor"),CONCATENATE("R4C",'Mapa final'!$R$17),"") | U52: =IF(AND('Mapa final'!$AB$18="Alta",'Mapa final'!$AD$18="Mayor"),CONCATENATE("R4C",'Mapa final'!$R$18),"") | V52: =IF(AND('Mapa final'!$AB$16="Alta",'Mapa final'!$AD$16="Catastrófico"),CONCATENATE("R4C",'Mapa final'!$R$16),"") | W52: =IF(AND('Mapa final'!$AB$17="Alta",'Mapa final'!$AD$17="Catastrófico"),CONCATENATE("R4C",'Mapa final'!$R$17),"") | X52: =IF(AND('Mapa final'!$AB$18="Alta",'Mapa final'!$AD$18="Catastrófico"),CONCATENATE("R4C",'Mapa final'!$R$18),"")
J53: =IF(AND('Mapa final'!$AB$19="Alta",'Mapa final'!$AD$19="Leve"),CONCATENATE("R5C",'Mapa final'!$R$19),"") | K53: =IF(AND('Mapa final'!$AB$20="Alta",'Mapa final'!$AD$20="Leve"),CONCATENATE("R5C",'Mapa final'!$R$20),"") | L53: =IF(AND('Mapa final'!$AB$21="Alta",'Mapa final'!$AD$21="Leve"),CONCATENATE("R5C",'Mapa final'!$R$21),"") | M53: =IF(AND('Mapa final'!$AB$19="Alta",'Mapa final'!$AD$19="Menor"),CONCATENATE("R5C",'Mapa final'!$R$19),"") | N53: =IF(AND('Mapa final'!$AB$20="Alta",'Mapa final'!$AD$20="Menor"),CONCATENATE("R5C",'Mapa final'!$R$20),"") | O53: =IF(AND('Mapa final'!$AB$21="Alta",'Mapa final'!$AD$21="Menor"),CONCATENATE("R5C",'Mapa final'!$R$21),"") | P53: =IF(AND('Mapa final'!$AB$19="Alta",'Mapa final'!$AD$19="Moderado"),CONCATENATE("R5C",'Mapa final'!$R$19),"") | Q53: =IF(AND('Mapa final'!$AB$20="Alta",'Mapa final'!$AD$20="Moderado"),CONCATENATE("R5C",'Mapa final'!$R$20),"") | R53: =IF(AND('Mapa final'!$AB$21="Alta",'Mapa final'!$AD$21="Moderado"),CONCATENATE("R5C",'Mapa final'!$R$21),"") | S53: =IF(AND('Mapa final'!$AB$19="Alta",'Mapa final'!$AD$19="Mayor"),CONCATENATE("R5C",'Mapa final'!$R$19),"") | T53: =IF(AND('Mapa final'!$AB$20="Alta",'Mapa final'!$AD$20="Mayor"),CONCATENATE("R5C",'Mapa final'!$R$20),"") | U53: =IF(AND('Mapa final'!$AB$21="Alta",'Mapa final'!$AD$21="Mayor"),CONCATENATE("R5C",'Mapa final'!$R$21),"") | V53: =IF(AND('Mapa final'!$AB$19="Alta",'Mapa final'!$AD$19="Catastrófico"),CONCATENATE("R5C",'Mapa final'!$R$19),"") | W53: =IF(AND('Mapa final'!$AB$20="Alta",'Mapa final'!$AD$20="Catastrófico"),CONCATENATE("R5C",'Mapa final'!$R$20),"") | X53: =IF(AND('Mapa final'!$AB$21="Alta",'Mapa final'!$AD$21="Catastrófico"),CONCATENATE("R5C",'Mapa final'!$R$21),"")
J54: =IF(AND('Mapa final'!$AB$22="Alta",'Mapa final'!$AD$22="Leve"),CONCATENATE("R6C",'Mapa final'!$R$22),"") | K54: =IF(AND('Mapa final'!$AB$23="Alta",'Mapa final'!$AD$23="Leve"),CONCATENATE("R6C",'Mapa final'!$R$23),"") | L54: =IF(AND('Mapa final'!$AB$24="Alta",'Mapa final'!$AD$24="Leve"),CONCATENATE("R6C",'Mapa final'!$R$24),"") | M54: =IF(AND('Mapa final'!$AB$22="Alta",'Mapa final'!$AD$22="Menor"),CONCATENATE("R6C",'Mapa final'!$R$22),"") | N54: =IF(AND('Mapa final'!$AB$23="Alta",'Mapa final'!$AD$23="Menor"),CONCATENATE("R6C",'Mapa final'!$R$23),"") | O54: =IF(AND('Mapa final'!$AB$24="Alta",'Mapa final'!$AD$24="Menor"),CONCATENATE("R6C",'Mapa final'!$R$24),"") | P54: =IF(AND('Mapa final'!$AB$22="Alta",'Mapa final'!$AD$22="Moderado"),CONCATENATE("R6C",'Mapa final'!$R$22),"") | Q54: =IF(AND('Mapa final'!$AB$23="Alta",'Mapa final'!$AD$23="Moderado"),CONCATENATE("R6C",'Mapa final'!$R$23),"") | R54: =IF(AND('Mapa final'!$AB$24="Alta",'Mapa final'!$AD$24="Moderado"),CONCATENATE("R6C",'Mapa final'!$R$24),"") | S54: =IF(AND('Mapa final'!$AB$22="Alta",'Mapa final'!$AD$22="Mayor"),CONCATENATE("R6C",'Mapa final'!$R$22),"") | T54: =IF(AND('Mapa final'!$AB$23="Alta",'Mapa final'!$AD$23="Mayor"),CONCATENATE("R6C",'Mapa final'!$R$23),"") | U54: =IF(AND('Mapa final'!$AB$24="Alta",'Mapa final'!$AD$24="Mayor"),CONCATENATE("R6C",'Mapa final'!$R$24),"") | V54: =IF(AND('Mapa final'!$AB$22="Alta",'Mapa final'!$AD$22="Catastrófico"),CONCATENATE("R6C",'Mapa final'!$R$22),"") | W54: =IF(AND('Mapa final'!$AB$23="Alta",'Mapa final'!$AD$23="Catastrófico"),CONCATENATE("R6C",'Mapa final'!$R$23),"") | X54: =IF(AND('Mapa final'!$AB$24="Alta",'Mapa final'!$AD$24="Catastrófico"),CONCATENATE("R6C",'Mapa final'!$R$24),"")
J55: =IF(AND('Mapa final'!$AB$25="Alta",'Mapa final'!$AD$25="Leve"),CONCATENATE("R7C",'Mapa final'!$R$25),"") | K55: =IF(AND('Mapa final'!$AB$26="Alta",'Mapa final'!$AD$26="Leve"),CONCATENATE("R7C",'Mapa final'!$R$26),"") | L55: =IF(AND('Mapa final'!$AB$27="Alta",'Mapa final'!$AD$27="Leve"),CONCATENATE("R7C",'Mapa final'!$R$27),"") | M55: =IF(AND('Mapa final'!$AB$25="Alta",'Mapa final'!$AD$25="Menor"),CONCATENATE("R7C",'Mapa final'!$R$25),"") | N55: =IF(AND('Mapa final'!$AB$26="Alta",'Mapa final'!$AD$26="Menor"),CONCATENATE("R7C",'Mapa final'!$R$26),"") | O55: =IF(AND('Mapa final'!$AB$27="Alta",'Mapa final'!$AD$27="Menor"),CONCATENATE("R7C",'Mapa final'!$R$27),"") | P55: =IF(AND('Mapa final'!$AB$25="Alta",'Mapa final'!$AD$25="Moderado"),CONCATENATE("R7C",'Mapa final'!$R$25),"") | Q55: =IF(AND('Mapa final'!$AB$26="Alta",'Mapa final'!$AD$26="Moderado"),CONCATENATE("R7C",'Mapa final'!$R$26),"") | R55: =IF(AND('Mapa final'!$AB$27="Alta",'Mapa final'!$AD$27="Moderado"),CONCATENATE("R7C",'Mapa final'!$R$27),"") | S55: =IF(AND('Mapa final'!$AB$25="Alta",'Mapa final'!$AD$25="Mayor"),CONCATENATE("R7C",'Mapa final'!$R$25),"") | T55: =IF(AND('Mapa final'!$AB$26="Alta",'Mapa final'!$AD$26="Mayor"),CONCATENATE("R7C",'Mapa final'!$R$26),"") | U55: =IF(AND('Mapa final'!$AB$27="Alta",'Mapa final'!$AD$27="Mayor"),CONCATENATE("R7C",'Mapa final'!$R$27),"") | V55: =IF(AND('Mapa final'!$AB$25="Alta",'Mapa final'!$AD$25="Catastrófico"),CONCATENATE("R7C",'Mapa final'!$R$25),"") | W55: =IF(AND('Mapa final'!$AB$26="Alta",'Mapa final'!$AD$26="Catastrófico"),CONCATENATE("R7C",'Mapa final'!$R$26),"") | X55: =IF(AND('Mapa final'!$AB$27="Alta",'Mapa final'!$AD$27="Catastrófico"),CONCATENATE("R7C",'Mapa final'!$R$27),"")
J56: =IF(AND('Mapa final'!$AB$28="Alta",'Mapa final'!$AD$28="Leve"),CONCATENATE("R8C",'Mapa final'!$R$28),"") | K56: =IF(AND('Mapa final'!$AB$29="Alta",'Mapa final'!$AD$29="Leve"),CONCATENATE("R8C",'Mapa final'!$R$29),"") | L56: =IF(AND('Mapa final'!$AB$30="Alta",'Mapa final'!$AD$30="Leve"),CONCATENATE("R8C",'Mapa final'!$R$30),"") | M56: =IF(AND('Mapa final'!$AB$28="Alta",'Mapa final'!$AD$28="Menor"),CONCATENATE("R8C",'Mapa final'!$R$28),"") | N56: =IF(AND('Mapa final'!$AB$29="Alta",'Mapa final'!$AD$29="Menor"),CONCATENATE("R8C",'Mapa final'!$R$29),"") | O56: =IF(AND('Mapa final'!$AB$30="Alta",'Mapa final'!$AD$30="Menor"),CONCATENATE("R8C",'Mapa final'!$R$30),"") | P56: =IF(AND('Mapa final'!$AB$28="Alta",'Mapa final'!$AD$28="Moderado"),CONCATENATE("R8C",'Mapa final'!$R$28),"") | Q56: =IF(AND('Mapa final'!$AB$29="Alta",'Mapa final'!$AD$29="Moderado"),CONCATENATE("R8C",'Mapa final'!$R$29),"") | R56: =IF(AND('Mapa final'!$AB$30="Alta",'Mapa final'!$AD$30="Moderado"),CONCATENATE("R8C",'Mapa final'!$R$30),"") | S56: =IF(AND('Mapa final'!$AB$28="Alta",'Mapa final'!$AD$28="Mayor"),CONCATENATE("R8C",'Mapa final'!$R$28),"") | T56: =IF(AND('Mapa final'!$AB$29="Alta",'Mapa final'!$AD$29="Mayor"),CONCATENATE("R8C",'Mapa final'!$R$29),"") | U56: =IF(AND('Mapa final'!$AB$30="Alta",'Mapa final'!$AD$30="Mayor"),CONCATENATE("R8C",'Mapa final'!$R$30),"") | V56: =IF(AND('Mapa final'!$AB$28="Alta",'Mapa final'!$AD$28="Catastrófico"),CONCATENATE("R8C",'Mapa final'!$R$28),"") | W56: =IF(AND('Mapa final'!$AB$29="Alta",'Mapa final'!$AD$29="Catastrófico"),CONCATENATE("R8C",'Mapa final'!$R$29),"") | X56: =IF(AND('Mapa final'!$AB$30="Alta",'Mapa final'!$AD$30="Catastrófico"),CONCATENATE("R8C",'Mapa final'!$R$30),"")
J57: =IF(AND('Mapa final'!$AB$31="Alta",'Mapa final'!$AD$31="Leve"),CONCATENATE("R9C",'Mapa final'!$R$31),"") | K57: =IF(AND('Mapa final'!$AB$32="Alta",'Mapa final'!$AD$32="Leve"),CONCATENATE("R9C",'Mapa final'!$R$32),"") | L57: =IF(AND('Mapa final'!$AB$33="Alta",'Mapa final'!$AD$33="Leve"),CONCATENATE("R9C",'Mapa final'!$R$33),"") | M57: =IF(AND('Mapa final'!$AB$31="Alta",'Mapa final'!$AD$31="Menor"),CONCATENATE("R9C",'Mapa final'!$R$31),"") | N57: =IF(AND('Mapa final'!$AB$32="Alta",'Mapa final'!$AD$32="Menor"),CONCATENATE("R9C",'Mapa final'!$R$32),"") | O57: =IF(AND('Mapa final'!$AB$33="Alta",'Mapa final'!$AD$33="Menor"),CONCATENATE("R9C",'Mapa final'!$R$33),"") | P57: =IF(AND('Mapa final'!$AB$31="Alta",'Mapa final'!$AD$31="Moderado"),CONCATENATE("R9C",'Mapa final'!$R$31),"") | Q57: =IF(AND('Mapa final'!$AB$32="Alta",'Mapa final'!$AD$32="Moderado"),CONCATENATE("R9C",'Mapa final'!$R$32),"") | R57: =IF(AND('Mapa final'!$AB$33="Alta",'Mapa final'!$AD$33="Moderado"),CONCATENATE("R9C",'Mapa final'!$R$33),"") | S57: =IF(AND('Mapa final'!$AB$31="Alta",'Mapa final'!$AD$31="Mayor"),CONCATENATE("R9C",'Mapa final'!$R$31),"") | T57: =IF(AND('Mapa final'!$AB$32="Alta",'Mapa final'!$AD$32="Mayor"),CONCATENATE("R9C",'Mapa final'!$R$32),"") | U57: =IF(AND('Mapa final'!$AB$33="Alta",'Mapa final'!$AD$33="Mayor"),CONCATENATE("R9C",'Mapa final'!$R$33),"") | V57: =IF(AND('Mapa final'!$AB$31="Alta",'Mapa final'!$AD$31="Catastrófico"),CONCATENATE("R9C",'Mapa final'!$R$31),"") | W57: =IF(AND('Mapa final'!$AB$32="Alta",'Mapa final'!$AD$32="Catastrófico"),CONCATENATE("R9C",'Mapa final'!$R$32),"") | X57: =IF(AND('Mapa final'!$AB$33="Alta",'Mapa final'!$AD$33="Catastrófico"),CONCATENATE("R9C",'Mapa final'!$R$33),"")
J58: =IF(AND('Mapa final'!$AB$34="Alta",'Mapa final'!$AD$34="Leve"),CONCATENATE("R10C",'Mapa final'!$R$34),"") | K58: =IF(AND('Mapa final'!$AB$35="Alta",'Mapa final'!$AD$35="Leve"),CONCATENATE("R10C",'Mapa final'!$R$35),"") | L58: =IF(AND('Mapa final'!$AB$36="Alta",'Mapa final'!$AD$36="Leve"),CONCATENATE("R10C",'Mapa final'!$R$36),"") | M58: =IF(AND('Mapa final'!$AB$34="Alta",'Mapa final'!$AD$34="Menor"),CONCATENATE("R10C",'Mapa final'!$R$34),"") | N58: =IF(AND('Mapa final'!$AB$35="Alta",'Mapa final'!$AD$35="Menor"),CONCATENATE("R10C",'Mapa final'!$R$35),"") | O58: =IF(AND('Mapa final'!$AB$36="Alta",'Mapa final'!$AD$36="Menor"),CONCATENATE("R10C",'Mapa final'!$R$36),"") | P58: =IF(AND('Mapa final'!$AB$34="Alta",'Mapa final'!$AD$34="Moderado"),CONCATENATE("R10C",'Mapa final'!$R$34),"") | Q58: =IF(AND('Mapa final'!$AB$35="Alta",'Mapa final'!$AD$35="Moderado"),CONCATENATE("R10C",'Mapa final'!$R$35),"") | R58: =IF(AND('Mapa final'!$AB$36="Alta",'Mapa final'!$AD$36="Moderado"),CONCATENATE("R10C",'Mapa final'!$R$36),"") | S58: =IF(AND('Mapa final'!$AB$34="Alta",'Mapa final'!$AD$34="Mayor"),CONCATENATE("R10C",'Mapa final'!$R$34),"") | T58: =IF(AND('Mapa final'!$AB$35="Alta",'Mapa final'!$AD$35="Mayor"),CONCATENATE("R10C",'Mapa final'!$R$35),"") | U58: =IF(AND('Mapa final'!$AB$36="Alta",'Mapa final'!$AD$36="Mayor"),CONCATENATE("R10C",'Mapa final'!$R$36),"") | V58: =IF(AND('Mapa final'!$AB$34="Alta",'Mapa final'!$AD$34="Catastrófico"),CONCATENATE("R10C",'Mapa final'!$R$34),"") | W58: =IF(AND('Mapa final'!$AB$35="Alta",'Mapa final'!$AD$35="Catastrófico"),CONCATENATE("R10C",'Mapa final'!$R$35),"") | X58: =IF(AND('Mapa final'!$AB$36="Alta",'Mapa final'!$AD$36="Catastrófico"),CONCATENATE("R10C",'Mapa final'!$R$36),"")
J59: =IF(AND('Mapa final'!$AB$37="Alta",'Mapa final'!$AD$37="Leve"),CONCATENATE("R11C",'Mapa final'!$R$37),"") | K59: =IF(AND('Mapa final'!$AB$38="Alta",'Mapa final'!$AD$38="Leve"),CONCATENATE("R11C",'Mapa final'!$R$38),"") | L59: =IF(AND('Mapa final'!$AB$39="Alta",'Mapa final'!$AD$39="Leve"),CONCATENATE("R11C",'Mapa final'!$R$39),"") | M59: =IF(AND('Mapa final'!$AB$37="Alta",'Mapa final'!$AD$37="Menor"),CONCATENATE("R11C",'Mapa final'!$R$37),"") | N59: =IF(AND('Mapa final'!$AB$38="Alta",'Mapa final'!$AD$38="Menor"),CONCATENATE("R11C",'Mapa final'!$R$38),"") | O59: =IF(AND('Mapa final'!$AB$39="Alta",'Mapa final'!$AD$39="Menor"),CONCATENATE("R11C",'Mapa final'!$R$39),"") | P59: =IF(AND('Mapa final'!$AB$37="Alta",'Mapa final'!$AD$37="Moderado"),CONCATENATE("R11C",'Mapa final'!$R$37),"") | Q59: =IF(AND('Mapa final'!$AB$38="Alta",'Mapa final'!$AD$38="Moderado"),CONCATENATE("R11C",'Mapa final'!$R$38),"") | R59: =IF(AND('Mapa final'!$AB$39="Alta",'Mapa final'!$AD$39="Moderado"),CONCATENATE("R11C",'Mapa final'!$R$39),"") | S59: =IF(AND('Mapa final'!$AB$37="Alta",'Mapa final'!$AD$37="Mayor"),CONCATENATE("R11C",'Mapa final'!$R$37),"") | T59: =IF(AND('Mapa final'!$AB$38="Alta",'Mapa final'!$AD$38="Mayor"),CONCATENATE("R11C",'Mapa final'!$R$38),"") | U59: =IF(AND('Mapa final'!$AB$39="Alta",'Mapa final'!$AD$39="Mayor"),CONCATENATE("R11C",'Mapa final'!$R$39),"") | V59: =IF(AND('Mapa final'!$AB$37="Alta",'Mapa final'!$AD$37="Catastrófico"),CONCATENATE("R11C",'Mapa final'!$R$37),"") | W59: =IF(AND('Mapa final'!$AB$38="Alta",'Mapa final'!$AD$38="Catastrófico"),CONCATENATE("R11C",'Mapa final'!$R$38),"") | X59: =IF(AND('Mapa final'!$AB$39="Alta",'Mapa final'!$AD$39="Catastrófico"),CONCATENATE("R11C",'Mapa final'!$R$39),"")
J60: =IF(AND('Mapa final'!$AB$40="Alta",'Mapa final'!$AD$40="Leve"),CONCATENATE("R11C",'Mapa final'!$R$40),"") | K60: =IF(AND('Mapa final'!$AB$41="Alta",'Mapa final'!$AD$41="Leve"),CONCATENATE("R12C",'Mapa final'!$R$41),"") | L60: =IF(AND('Mapa final'!$AB$42="Alta",'Mapa final'!$AD$42="Leve"),CONCATENATE("R12C",'Mapa final'!$R$42),"") | M60: =IF(AND('Mapa final'!$AB$40="Alta",'Mapa final'!$AD$40="Menor"),CONCATENATE("R11C",'Mapa final'!$R$40),"") | N60: =IF(AND('Mapa final'!$AB$41="Alta",'Mapa final'!$AD$41="Menor"),CONCATENATE("R12C",'Mapa final'!$R$41),"") | O60: =IF(AND('Mapa final'!$AB$42="Alta",'Mapa final'!$AD$42="Menor"),CONCATENATE("R12C",'Mapa final'!$R$42),"") | P60: =IF(AND('Mapa final'!$AB$40="Alta",'Mapa final'!$AD$40="Moderado"),CONCATENATE("R11C",'Mapa final'!$R$40),"") | Q60: =IF(AND('Mapa final'!$AB$41="Alta",'Mapa final'!$AD$41="Moderado"),CONCATENATE("R12C",'Mapa final'!$R$41),"") | R60: =IF(AND('Mapa final'!$AB$42="Alta",'Mapa final'!$AD$42="Moderado"),CONCATENATE("R12C",'Mapa final'!$R$42),"") | S60: =IF(AND('Mapa final'!$AB$40="Alta",'Mapa final'!$AD$40="Mayor"),CONCATENATE("R11C",'Mapa final'!$R$40),"") | T60: =IF(AND('Mapa final'!$AB$41="Alta",'Mapa final'!$AD$41="Mayor"),CONCATENATE("R12C",'Mapa final'!$R$41),"") | U60: =IF(AND('Mapa final'!$AB$42="Alta",'Mapa final'!$AD$42="Mayor"),CONCATENATE("R12C",'Mapa final'!$R$42),"") | V60: =IF(AND('Mapa final'!$AB$40="Alta",'Mapa final'!$AD$40="Catastrófico"),CONCATENATE("R11C",'Mapa final'!$R$40),"") | W60: =IF(AND('Mapa final'!$AB$41="Alta",'Mapa final'!$AD$41="Catastrófico"),CONCATENATE("R12C",'Mapa final'!$R$41),"") | X60: =IF(AND('Mapa final'!$AB$42="Alta",'Mapa final'!$AD$42="Catastrófico"),CONCATENATE("R12C",'Mapa final'!$R$42),"")
J61: =IF(AND('Mapa final'!$AB$43="Alta",'Mapa final'!$AD$43="Leve"),CONCATENATE("R12C",'Mapa final'!$R$43),"") | K61: =IF(AND('Mapa final'!$AB$44="Alta",'Mapa final'!$AD$44="Leve"),CONCATENATE("R13C",'Mapa final'!$R$44),"") | L61: =IF(AND('Mapa final'!$AB$45="Alta",'Mapa final'!$AD$45="Leve"),CONCATENATE("R13C",'Mapa final'!$R$45),"") | M61: =IF(AND('Mapa final'!$AB$43="Alta",'Mapa final'!$AD$43="Menor"),CONCATENATE("R12C",'Mapa final'!$R$43),"") | N61: =IF(AND('Mapa final'!$AB$44="Alta",'Mapa final'!$AD$44="Menor"),CONCATENATE("R13C",'Mapa final'!$R$44),"") | O61: =IF(AND('Mapa final'!$AB$45="Alta",'Mapa final'!$AD$45="Menor"),CONCATENATE("R13C",'Mapa final'!$R$45),"") | P61: =IF(AND('Mapa final'!$AB$43="Alta",'Mapa final'!$AD$43="Moderado"),CONCATENATE("R12C",'Mapa final'!$R$43),"") | Q61: =IF(AND('Mapa final'!$AB$44="Alta",'Mapa final'!$AD$44="Moderado"),CONCATENATE("R13C",'Mapa final'!$R$44),"") | R61: =IF(AND('Mapa final'!$AB$45="Alta",'Mapa final'!$AD$45="Moderado"),CONCATENATE("R13C",'Mapa final'!$R$45),"") | S61: =IF(AND('Mapa final'!$AB$43="Alta",'Mapa final'!$AD$43="Mayor"),CONCATENATE("R12C",'Mapa final'!$R$43),"") | T61: =IF(AND('Mapa final'!$AB$44="Alta",'Mapa final'!$AD$44="Mayor"),CONCATENATE("R13C",'Mapa final'!$R$44),"") | U61: =IF(AND('Mapa final'!$AB$45="Alta",'Mapa final'!$AD$45="Mayor"),CONCATENATE("R13C",'Mapa final'!$R$45),"") | V61: =IF(AND('Mapa final'!$AB$43="Alta",'Mapa final'!$AD$43="Catastrófico"),CONCATENATE("R12C",'Mapa final'!$R$43),"") | W61: =IF(AND('Mapa final'!$AB$44="Alta",'Mapa final'!$AD$44="Catastrófico"),CONCATENATE("R13C",'Mapa final'!$R$44),"") | X61: =IF(AND('Mapa final'!$AB$45="Alta",'Mapa final'!$AD$45="Catastrófico"),CONCATENATE("R13C",'Mapa final'!$R$45),"")
J62: =IF(AND('Mapa final'!$AB$46="Alta",'Mapa final'!$AD$46="Leve"),CONCATENATE("R13C",'Mapa final'!$R$46),"") | K62: =IF(AND('Mapa final'!$AB$47="Alta",'Mapa final'!$AD$47="Leve"),CONCATENATE("R13C",'Mapa final'!$R$47),"") | L62: =IF(AND('Mapa final'!$AB$48="Alta",'Mapa final'!$AD$48="Leve"),CONCATENATE("R13C",'Mapa final'!$R$48),"") | M62: =IF(AND('Mapa final'!$AB$46="Alta",'Mapa final'!$AD$46="Menor"),CONCATENATE("R13C",'Mapa final'!$R$46),"") | N62: =IF(AND('Mapa final'!$AB$47="Alta",'Mapa final'!$AD$47="Menor"),CONCATENATE("R13C",'Mapa final'!$R$47),"") | O62: =IF(AND('Mapa final'!$AB$48="Alta",'Mapa final'!$AD$48="Menor"),CONCATENATE("R13C",'Mapa final'!$R$48),"") | P62: =IF(AND('Mapa final'!$AB$46="Alta",'Mapa final'!$AD$46="Moderado"),CONCATENATE("R13C",'Mapa final'!$R$46),"") | Q62: =IF(AND('Mapa final'!$AB$47="Alta",'Mapa final'!$AD$47="Moderado"),CONCATENATE("R13C",'Mapa final'!$R$47),"") | R62: =IF(AND('Mapa final'!$AB$48="Alta",'Mapa final'!$AD$48="Moderado"),CONCATENATE("R13C",'Mapa final'!$R$48),"") | S62: =IF(AND('Mapa final'!$AB$46="Alta",'Mapa final'!$AD$46="Mayor"),CONCATENATE("R13C",'Mapa final'!$R$46),"") | T62: =IF(AND('Mapa final'!$AB$47="Alta",'Mapa final'!$AD$47="Mayor"),CONCATENATE("R13C",'Mapa final'!$R$47),"") | U62: =IF(AND('Mapa final'!$AB$48="Alta",'Mapa final'!$AD$48="Mayor"),CONCATENATE("R13C",'Mapa final'!$R$48),"") | V62: =IF(AND('Mapa final'!$AB$46="Alta",'Mapa final'!$AD$46="Catastrófico"),CONCATENATE("R13C",'Mapa final'!$R$46),"") | W62: =IF(AND('Mapa final'!$AB$47="Alta",'Mapa final'!$AD$47="Catastrófico"),CONCATENATE("R13C",'Mapa final'!$R$47),"") | X62: =IF(AND('Mapa final'!$AB$48="Alta",'Mapa final'!$AD$48="Catastrófico"),CONCATENATE("R13C",'Mapa final'!$R$48),"")
J63: =IF(AND('Mapa final'!$AB$49="Alta",'Mapa final'!$AD$49="Leve"),CONCATENATE("R14C",'Mapa final'!$R$49),"") | K63: =IF(AND('Mapa final'!$AB$50="Alta",'Mapa final'!$AD$50="Leve"),CONCATENATE("R14C",'Mapa final'!$R$50),"") | L63: =IF(AND('Mapa final'!$AB$51="Alta",'Mapa final'!$AD$51="Leve"),CONCATENATE("R14C",'Mapa final'!$R$51),"") | M63: =IF(AND('Mapa final'!$AB$49="Alta",'Mapa final'!$AD$49="Menor"),CONCATENATE("R14C",'Mapa final'!$R$49),"") | N63: =IF(AND('Mapa final'!$AB$50="Alta",'Mapa final'!$AD$50="Menor"),CONCATENATE("R14C",'Mapa final'!$R$50),"") | O63: =IF(AND('Mapa final'!$AB$51="Alta",'Mapa final'!$AD$51="Menor"),CONCATENATE("R14C",'Mapa final'!$R$51),"") | P63: =IF(AND('Mapa final'!$AB$49="Alta",'Mapa final'!$AD$49="Moderado"),CONCATENATE("R14C",'Mapa final'!$R$49),"") | Q63: =IF(AND('Mapa final'!$AB$50="Alta",'Mapa final'!$AD$50="Moderado"),CONCATENATE("R14C",'Mapa final'!$R$50),"") | R63: =IF(AND('Mapa final'!$AB$51="Alta",'Mapa final'!$AD$51="Moderado"),CONCATENATE("R14C",'Mapa final'!$R$51),"") | S63: =IF(AND('Mapa final'!$AB$49="Alta",'Mapa final'!$AD$49="Mayor"),CONCATENATE("R14C",'Mapa final'!$R$49),"") | T63: =IF(AND('Mapa final'!$AB$50="Alta",'Mapa final'!$AD$50="Mayor"),CONCATENATE("R14C",'Mapa final'!$R$50),"") | U63: =IF(AND('Mapa final'!$AB$51="Alta",'Mapa final'!$AD$51="Mayor"),CONCATENATE("R14C",'Mapa final'!$R$51),"") | V63: =IF(AND('Mapa final'!$AB$49="Alta",'Mapa final'!$AD$49="Catastrófico"),CONCATENATE("R14C",'Mapa final'!$R$49),"") | W63: =IF(AND('Mapa final'!$AB$50="Alta",'Mapa final'!$AD$50="Catastrófico"),CONCATENATE("R14C",'Mapa final'!$R$50),"") | X63: =IF(AND('Mapa final'!$AB$51="Alta",'Mapa final'!$AD$51="Catastrófico"),CONCATENATE("R14C",'Mapa final'!$R$51),"")
J64: =IF(AND('Mapa final'!$AB$52="Alta",'Mapa final'!$AD$52="Leve"),CONCATENATE("R15C",'Mapa final'!$R$52),"") | K64: =IF(AND('Mapa final'!$AB$53="Alta",'Mapa final'!$AD$53="Leve"),CONCATENATE("R15C",'Mapa final'!$R$53),"") | L64: =IF(AND('Mapa final'!$AB$54="Alta",'Mapa final'!$AD$54="Leve"),CONCATENATE("R15C",'Mapa final'!$R$54),"") | M64: =IF(AND('Mapa final'!$AB$52="Alta",'Mapa final'!$AD$52="Menor"),CONCATENATE("R15C",'Mapa final'!$R$52),"") | N64: =IF(AND('Mapa final'!$AB$53="Alta",'Mapa final'!$AD$53="Menor"),CONCATENATE("R15C",'Mapa final'!$R$53),"") | O64: =IF(AND('Mapa final'!$AB$54="Alta",'Mapa final'!$AD$54="Menor"),CONCATENATE("R15C",'Mapa final'!$R$54),"") | P64: =IF(AND('Mapa final'!$AB$52="Alta",'Mapa final'!$AD$52="Moderado"),CONCATENATE("R15C",'Mapa final'!$R$52),"") | Q64: =IF(AND('Mapa final'!$AB$53="Alta",'Mapa final'!$AD$53="Moderado"),CONCATENATE("R15C",'Mapa final'!$R$53),"") | R64: =IF(AND('Mapa final'!$AB$54="Alta",'Mapa final'!$AD$54="Moderado"),CONCATENATE("R15C",'Mapa final'!$R$54),"") | S64: =IF(AND('Mapa final'!$AB$52="Alta",'Mapa final'!$AD$52="Mayor"),CONCATENATE("R15C",'Mapa final'!$R$52),"") | T64: =IF(AND('Mapa final'!$AB$53="Alta",'Mapa final'!$AD$53="Mayor"),CONCATENATE("R15C",'Mapa final'!$R$53),"") | U64: =IF(AND('Mapa final'!$AB$54="Alta",'Mapa final'!$AD$54="Mayor"),CONCATENATE("R15C",'Mapa final'!$R$54),"") | V64: =IF(AND('Mapa final'!$AB$52="Alta",'Mapa final'!$AD$52="Catastrófico"),CONCATENATE("R15C",'Mapa final'!$R$52),"") | W64: =IF(AND('Mapa final'!$AB$53="Alta",'Mapa final'!$AD$53="Catastrófico"),CONCATENATE("R15C",'Mapa final'!$R$53),"") | X64: =IF(AND('Mapa final'!$AB$54="Alta",'Mapa final'!$AD$54="Catastrófico"),CONCATENATE("R15C",'Mapa final'!$R$54),"")
J65: =IF(AND('Mapa final'!$AB$55="Alta",'Mapa final'!$AD$55="Leve"),CONCATENATE("R16C",'Mapa final'!$R$55),"") | K65: =IF(AND('Mapa final'!$AB$56="Alta",'Mapa final'!$AD$56="Leve"),CONCATENATE("R16C",'Mapa final'!$R$56),"") | L65: =IF(AND('Mapa final'!$AB$57="Alta",'Mapa final'!$AD$57="Leve"),CONCATENATE("R16C",'Mapa final'!$R$57),"") | M65: =IF(AND('Mapa final'!$AB$55="Alta",'Mapa final'!$AD$55="Menor"),CONCATENATE("R16C",'Mapa final'!$R$55),"") | N65: =IF(AND('Mapa final'!$AB$56="Alta",'Mapa final'!$AD$56="Menor"),CONCATENATE("R16C",'Mapa final'!$R$56),"") | O65: =IF(AND('Mapa final'!$AB$57="Alta",'Mapa final'!$AD$57="Menor"),CONCATENATE("R16C",'Mapa final'!$R$57),"") | P65: =IF(AND('Mapa final'!$AB$55="Alta",'Mapa final'!$AD$55="Moderado"),CONCATENATE("R16C",'Mapa final'!$R$55),"") | Q65: =IF(AND('Mapa final'!$AB$56="Alta",'Mapa final'!$AD$56="Moderado"),CONCATENATE("R16C",'Mapa final'!$R$56),"") | R65: =IF(AND('Mapa final'!$AB$57="Alta",'Mapa final'!$AD$57="Moderado"),CONCATENATE("R16C",'Mapa final'!$R$57),"") | S65: =IF(AND('Mapa final'!$AB$55="Alta",'Mapa final'!$AD$55="Mayor"),CONCATENATE("R16C",'Mapa final'!$R$55),"") | T65: =IF(AND('Mapa final'!$AB$56="Alta",'Mapa final'!$AD$56="Mayor"),CONCATENATE("R16C",'Mapa final'!$R$56),"") | U65: =IF(AND('Mapa final'!$AB$57="Alta",'Mapa final'!$AD$57="Mayor"),CONCATENATE("R16C",'Mapa final'!$R$57),"") | V65: =IF(AND('Mapa final'!$AB$55="Alta",'Mapa final'!$AD$55="Catastrófico"),CONCATENATE("R16C",'Mapa final'!$R$55),"") | W65: =IF(AND('Mapa final'!$AB$56="Alta",'Mapa final'!$AD$56="Catastrófico"),CONCATENATE("R16C",'Mapa final'!$R$56),"") | X65: =IF(AND('Mapa final'!$AB$57="Alta",'Mapa final'!$AD$57="Catastrófico"),CONCATENATE("R16C",'Mapa final'!$R$57),"")
J66: =IF(AND('Mapa final'!$AB$58="Alta",'Mapa final'!$AD$58="Leve"),CONCATENATE("R17C",'Mapa final'!$R$58),"") | K66: =IF(AND('Mapa final'!$AB$59="Alta",'Mapa final'!$AD$59="Leve"),CONCATENATE("R17C",'Mapa final'!$R$59),"") | L66: =IF(AND('Mapa final'!$AB$60="Alta",'Mapa final'!$AD$60="Leve"),CONCATENATE("R17C",'Mapa final'!$R$60),"") | M66: =IF(AND('Mapa final'!$AB$58="Alta",'Mapa final'!$AD$58="Menor"),CONCATENATE("R17C",'Mapa final'!$R$58),"") | N66: =IF(AND('Mapa final'!$AB$59="Alta",'Mapa final'!$AD$59="Menor"),CONCATENATE("R17C",'Mapa final'!$R$59),"") | O66: =IF(AND('Mapa final'!$AB$60="Alta",'Mapa final'!$AD$60="Menor"),CONCATENATE("R17C",'Mapa final'!$R$60),"") | P66: =IF(AND('Mapa final'!$AB$58="Alta",'Mapa final'!$AD$58="Moderado"),CONCATENATE("R17C",'Mapa final'!$R$58),"") | Q66: =IF(AND('Mapa final'!$AB$59="Alta",'Mapa final'!$AD$59="Moderado"),CONCATENATE("R17C",'Mapa final'!$R$59),"") | R66: =IF(AND('Mapa final'!$AB$60="Alta",'Mapa final'!$AD$60="Moderado"),CONCATENATE("R17C",'Mapa final'!$R$60),"") | S66: =IF(AND('Mapa final'!$AB$58="Alta",'Mapa final'!$AD$58="Mayor"),CONCATENATE("R17C",'Mapa final'!$R$58),"") | T66: =IF(AND('Mapa final'!$AB$59="Alta",'Mapa final'!$AD$59="Mayor"),CONCATENATE("R17C",'Mapa final'!$R$59),"") | U66: =IF(AND('Mapa final'!$AB$60="Alta",'Mapa final'!$AD$60="Mayor"),CONCATENATE("R17C",'Mapa final'!$R$60),"") | V66: =IF(AND('Mapa final'!$AB$58="Alta",'Mapa final'!$AD$58="Catastrófico"),CONCATENATE("R17C",'Mapa final'!$R$58),"") | W66: =IF(AND('Mapa final'!$AB$59="Alta",'Mapa final'!$AD$59="Catastrófico"),CONCATENATE("R17C",'Mapa final'!$R$59),"") | X66: =IF(AND('Mapa final'!$AB$60="Alta",'Mapa final'!$AD$60="Catastrófico"),CONCATENATE("R17C",'Mapa final'!$R$60),"")
J67: =IF(AND('Mapa final'!$AB$61="Alta",'Mapa final'!$AD$61="Leve"),CONCATENATE("R18C",'Mapa final'!$R$61),"") | K67: =IF(AND('Mapa final'!$AB$62="Alta",'Mapa final'!$AD$62="Leve"),CONCATENATE("R18C",'Mapa final'!$R$62),"") | L67: =IF(AND('Mapa final'!$AB$63="Alta",'Mapa final'!$AD$63="Leve"),CONCATENATE("R18C",'Mapa final'!$R$63),"") | M67: =IF(AND('Mapa final'!$AB$61="Alta",'Mapa final'!$AD$61="Menor"),CONCATENATE("R18C",'Mapa final'!$R$61),"") | N67: =IF(AND('Mapa final'!$AB$62="Alta",'Mapa final'!$AD$62="Menor"),CONCATENATE("R18C",'Mapa final'!$R$62),"") | O67: =IF(AND('Mapa final'!$AB$63="Alta",'Mapa final'!$AD$63="Menor"),CONCATENATE("R18C",'Mapa final'!$R$63),"") | P67: =IF(AND('Mapa final'!$AB$61="Alta",'Mapa final'!$AD$61="Moderado"),CONCATENATE("R18C",'Mapa final'!$R$61),"") | Q67: =IF(AND('Mapa final'!$AB$62="Alta",'Mapa final'!$AD$62="Moderado"),CONCATENATE("R18C",'Mapa final'!$R$62),"") | R67: =IF(AND('Mapa final'!$AB$63="Alta",'Mapa final'!$AD$63="Moderado"),CONCATENATE("R18C",'Mapa final'!$R$63),"") | S67: =IF(AND('Mapa final'!$AB$61="Alta",'Mapa final'!$AD$61="Mayor"),CONCATENATE("R18C",'Mapa final'!$R$61),"") | T67: =IF(AND('Mapa final'!$AB$62="Alta",'Mapa final'!$AD$62="Mayor"),CONCATENATE("R18C",'Mapa final'!$R$62),"") | U67: =IF(AND('Mapa final'!$AB$63="Alta",'Mapa final'!$AD$63="Mayor"),CONCATENATE("R18C",'Mapa final'!$R$63),"") | V67: =IF(AND('Mapa final'!$AB$61="Alta",'Mapa final'!$AD$61="Catastrófico"),CONCATENATE("R18C",'Mapa final'!$R$61),"") | W67: =IF(AND('Mapa final'!$AB$62="Alta",'Mapa final'!$AD$62="Catastrófico"),CONCATENATE("R18C",'Mapa final'!$R$62),"") | X67: =IF(AND('Mapa final'!$AB$63="Alta",'Mapa final'!$AD$63="Catastrófico"),CONCATENATE("R18C",'Mapa final'!$R$63),"")
J68: =IF(AND('Mapa final'!$AB$64="Alta",'Mapa final'!$AD$64="Leve"),CONCATENATE("R19C",'Mapa final'!$R$64),"") | K68: =IF(AND('Mapa final'!$AB$65="Alta",'Mapa final'!$AD$65="Leve"),CONCATENATE("R19C",'Mapa final'!$R$65),"") | L68: =IF(AND('Mapa final'!$AB$66="Alta",'Mapa final'!$AD$66="Leve"),CONCATENATE("R19C",'Mapa final'!$R$66),"") | M68: =IF(AND('Mapa final'!$AB$64="Alta",'Mapa final'!$AD$64="Menor"),CONCATENATE("R19C",'Mapa final'!$R$64),"") | N68: =IF(AND('Mapa final'!$AB$65="Alta",'Mapa final'!$AD$65="Menor"),CONCATENATE("R19C",'Mapa final'!$R$65),"") | O68: =IF(AND('Mapa final'!$AB$66="Alta",'Mapa final'!$AD$66="Menor"),CONCATENATE("R19C",'Mapa final'!$R$66),"") | P68: =IF(AND('Mapa final'!$AB$64="Alta",'Mapa final'!$AD$64="Moderado"),CONCATENATE("R19C",'Mapa final'!$R$64),"") | Q68: =IF(AND('Mapa final'!$AB$65="Alta",'Mapa final'!$AD$65="Moderado"),CONCATENATE("R19C",'Mapa final'!$R$65),"") | R68: =IF(AND('Mapa final'!$AB$66="Alta",'Mapa final'!$AD$66="Moderado"),CONCATENATE("R19C",'Mapa final'!$R$66),"") | S68: =IF(AND('Mapa final'!$AB$64="Alta",'Mapa final'!$AD$64="Mayor"),CONCATENATE("R19C",'Mapa final'!$R$64),"") | T68: =IF(AND('Mapa final'!$AB$65="Alta",'Mapa final'!$AD$65="Mayor"),CONCATENATE("R19C",'Mapa final'!$R$65),"") | U68: =IF(AND('Mapa final'!$AB$66="Alta",'Mapa final'!$AD$66="Mayor"),CONCATENATE("R19C",'Mapa final'!$R$66),"") | V68: =IF(AND('Mapa final'!$AB$64="Alta",'Mapa final'!$AD$64="Catastrófico"),CONCATENATE("R19C",'Mapa final'!$R$64),"") | W68: =IF(AND('Mapa final'!$AB$65="Alta",'Mapa final'!$AD$65="Catastrófico"),CONCATENATE("R19C",'Mapa final'!$R$65),"") | X68: =IF(AND('Mapa final'!$AB$66="Alta",'Mapa final'!$AD$66="Catastrófico"),CONCATENATE("R19C",'Mapa final'!$R$66),"")
J69: =IF(AND('Mapa final'!$AB$67="Alta",'Mapa final'!$AD$67="Leve"),CONCATENATE("R20C",'Mapa final'!$R$67),"") | K69: =IF(AND('Mapa final'!$AB$68="Alta",'Mapa final'!$AD$68="Leve"),CONCATENATE("R20C",'Mapa final'!$R$68),"") | L69: =IF(AND('Mapa final'!$AB$69="Alta",'Mapa final'!$AD$69="Leve"),CONCATENATE("R20C",'Mapa final'!$R$69),"") | M69: =IF(AND('Mapa final'!$AB$67="Alta",'Mapa final'!$AD$67="Menor"),CONCATENATE("R20C",'Mapa final'!$R$67),"") | N69: =IF(AND('Mapa final'!$AB$68="Alta",'Mapa final'!$AD$68="Menor"),CONCATENATE("R20C",'Mapa final'!$R$68),"") | O69: =IF(AND('Mapa final'!$AB$69="Alta",'Mapa final'!$AD$69="Menor"),CONCATENATE("R20C",'Mapa final'!$R$69),"") | P69: =IF(AND('Mapa final'!$AB$67="Alta",'Mapa final'!$AD$67="Moderado"),CONCATENATE("R20C",'Mapa final'!$R$67),"") | Q69: =IF(AND('Mapa final'!$AB$68="Alta",'Mapa final'!$AD$68="Moderado"),CONCATENATE("R20C",'Mapa final'!$R$68),"") | R69: =IF(AND('Mapa final'!$AB$69="Alta",'Mapa final'!$AD$69="Moderado"),CONCATENATE("R20C",'Mapa final'!$R$69),"") | S69: =IF(AND('Mapa final'!$AB$67="Alta",'Mapa final'!$AD$67="Mayor"),CONCATENATE("R20C",'Mapa final'!$R$67),"") | T69: =IF(AND('Mapa final'!$AB$68="Alta",'Mapa final'!$AD$68="Mayor"),CONCATENATE("R20C",'Mapa final'!$R$68),"") | U69: =IF(AND('Mapa final'!$AB$69="Alta",'Mapa final'!$AD$69="Mayor"),CONCATENATE("R20C",'Mapa final'!$R$69),"") | V69: =IF(AND('Mapa final'!$AB$67="Alta",'Mapa final'!$AD$67="Catastrófico"),CONCATENATE("R20C",'Mapa final'!$R$67),"") | W69: =IF(AND('Mapa final'!$AB$68="Alta",'Mapa final'!$AD$68="Catastrófico"),CONCATENATE("R20C",'Mapa final'!$R$68),"") | X69: =IF(AND('Mapa final'!$AB$69="Alta",'Mapa final'!$AD$69="Catastrófico"),CONCATENATE("R20C",'Mapa final'!$R$69),"")
J70: =IF(AND('Mapa final'!$AB$70="Alta",'Mapa final'!$AD$70="Leve"),CONCATENATE("R21C",'Mapa final'!$R$70),"") | K70: =IF(AND('Mapa final'!$AB$71="Alta",'Mapa final'!$AD$71="Leve"),CONCATENATE("R21C",'Mapa final'!$R$71),"") | L70: =IF(AND('Mapa final'!$AB$72="Alta",'Mapa final'!$AD$72="Leve"),CONCATENATE("R21C",'Mapa final'!$R$72),"") | M70: =IF(AND('Mapa final'!$AB$70="Alta",'Mapa final'!$AD$70="Menor"),CONCATENATE("R21C",'Mapa final'!$R$70),"") | N70: =IF(AND('Mapa final'!$AB$71="Alta",'Mapa final'!$AD$71="Menor"),CONCATENATE("R21C",'Mapa final'!$R$71),"") | O70: =IF(AND('Mapa final'!$AB$72="Alta",'Mapa final'!$AD$72="Menor"),CONCATENATE("R21C",'Mapa final'!$R$72),"") | P70: =IF(AND('Mapa final'!$AB$70="Alta",'Mapa final'!$AD$70="Moderado"),CONCATENATE("R21C",'Mapa final'!$R$70),"") | Q70: =IF(AND('Mapa final'!$AB$71="Alta",'Mapa final'!$AD$71="Moderado"),CONCATENATE("R21C",'Mapa final'!$R$71),"") | R70: =IF(AND('Mapa final'!$AB$72="Alta",'Mapa final'!$AD$72="Moderado"),CONCATENATE("R21C",'Mapa final'!$R$72),"") | S70: =IF(AND('Mapa final'!$AB$70="Alta",'Mapa final'!$AD$70="Mayor"),CONCATENATE("R21C",'Mapa final'!$R$70),"") | T70: =IF(AND('Mapa final'!$AB$71="Alta",'Mapa final'!$AD$71="Mayor"),CONCATENATE("R21C",'Mapa final'!$R$71),"") | U70: =IF(AND('Mapa final'!$AB$72="Alta",'Mapa final'!$AD$72="Mayor"),CONCATENATE("R21C",'Mapa final'!$R$72),"") | V70: =IF(AND('Mapa final'!$AB$70="Alta",'Mapa final'!$AD$70="Catastrófico"),CONCATENATE("R21C",'Mapa final'!$R$70),"") | W70: =IF(AND('Mapa final'!$AB$71="Alta",'Mapa final'!$AD$71="Catastrófico"),CONCATENATE("R21C",'Mapa final'!$R$71),"") | X70: =IF(AND('Mapa final'!$AB$72="Alta",'Mapa final'!$AD$72="Catastrófico"),CONCATENATE("R21C",'Mapa final'!$R$72),"")
J71: =IF(AND('Mapa final'!$AB$73="Alta",'Mapa final'!$AD$73="Leve"),CONCATENATE("R22C",'Mapa final'!$R$73),"") | K71: =IF(AND('Mapa final'!$AB$74="Alta",'Mapa final'!$AD$74="Leve"),CONCATENATE("R22C",'Mapa final'!$R$74),"") | L71: =IF(AND('Mapa final'!$AB$75="Alta",'Mapa final'!$AD$75="Leve"),CONCATENATE("R22C",'Mapa final'!$R$75),"") | M71: =IF(AND('Mapa final'!$AB$73="Alta",'Mapa final'!$AD$73="Menor"),CONCATENATE("R22C",'Mapa final'!$R$73),"") | N71: =IF(AND('Mapa final'!$AB$74="Alta",'Mapa final'!$AD$74="Menor"),CONCATENATE("R22C",'Mapa final'!$R$74),"") | O71: =IF(AND('Mapa final'!$AB$75="Alta",'Mapa final'!$AD$75="Menor"),CONCATENATE("R22C",'Mapa final'!$R$75),"") | P71: =IF(AND('Mapa final'!$AB$73="Alta",'Mapa final'!$AD$73="Moderado"),CONCATENATE("R22C",'Mapa final'!$R$73),"") | Q71: =IF(AND('Mapa final'!$AB$74="Alta",'Mapa final'!$AD$74="Moderado"),CONCATENATE("R22C",'Mapa final'!$R$74),"") | R71: =IF(AND('Mapa final'!$AB$75="Alta",'Mapa final'!$AD$75="Moderado"),CONCATENATE("R22C",'Mapa final'!$R$75),"") | S71: =IF(AND('Mapa final'!$AB$73="Alta",'Mapa final'!$AD$73="Mayor"),CONCATENATE("R22C",'Mapa final'!$R$73),"") | T71: =IF(AND('Mapa final'!$AB$74="Alta",'Mapa final'!$AD$74="Mayor"),CONCATENATE("R22C",'Mapa final'!$R$74),"") | U71: =IF(AND('Mapa final'!$AB$75="Alta",'Mapa final'!$AD$75="Mayor"),CONCATENATE("R22C",'Mapa final'!$R$75),"") | V71: =IF(AND('Mapa final'!$AB$73="Alta",'Mapa final'!$AD$73="Catastrófico"),CONCATENATE("R22C",'Mapa final'!$R$73),"") | W71: =IF(AND('Mapa final'!$AB$74="Alta",'Mapa final'!$AD$74="Catastrófico"),CONCATENATE("R22C",'Mapa final'!$R$74),"") | X71: =IF(AND('Mapa final'!$AB$75="Alta",'Mapa final'!$AD$75="Catastrófico"),CONCATENATE("R22C",'Mapa final'!$R$75),"")
J72: =IF(AND('Mapa final'!$AB$76="Alta",'Mapa final'!$AD$76="Leve"),CONCATENATE("R23C",'Mapa final'!$R$76),"") | K72: =IF(AND('Mapa final'!$AB$77="Alta",'Mapa final'!$AD$77="Leve"),CONCATENATE("R23C",'Mapa final'!$R$77),"") | L72: =IF(AND('Mapa final'!$AB$78="Alta",'Mapa final'!$AD$78="Leve"),CONCATENATE("R23C",'Mapa final'!$R$78),"") | M72: =IF(AND('Mapa final'!$AB$76="Alta",'Mapa final'!$AD$76="Menor"),CONCATENATE("R23C",'Mapa final'!$R$76),"") | N72: =IF(AND('Mapa final'!$AB$77="Alta",'Mapa final'!$AD$77="Menor"),CONCATENATE("R23C",'Mapa final'!$R$77),"") | O72: =IF(AND('Mapa final'!$AB$78="Alta",'Mapa final'!$AD$78="Menor"),CONCATENATE("R23C",'Mapa final'!$R$78),"") | P72: =IF(AND('Mapa final'!$AB$76="Alta",'Mapa final'!$AD$76="Moderado"),CONCATENATE("R23C",'Mapa final'!$R$76),"") | Q72: =IF(AND('Mapa final'!$AB$77="Alta",'Mapa final'!$AD$77="Moderado"),CONCATENATE("R23C",'Mapa final'!$R$77),"") | R72: =IF(AND('Mapa final'!$AB$78="Alta",'Mapa final'!$AD$78="Moderado"),CONCATENATE("R23C",'Mapa final'!$R$78),"") | S72: =IF(AND('Mapa final'!$AB$76="Alta",'Mapa final'!$AD$76="Mayor"),CONCATENATE("R23C",'Mapa final'!$R$76),"") | T72: =IF(AND('Mapa final'!$AB$77="Alta",'Mapa final'!$AD$77="Mayor"),CONCATENATE("R23C",'Mapa final'!$R$77),"") | U72: =IF(AND('Mapa final'!$AB$78="Alta",'Mapa final'!$AD$78="Mayor"),CONCATENATE("R23C",'Mapa final'!$R$78),"") | V72: =IF(AND('Mapa final'!$AB$76="Alta",'Mapa final'!$AD$76="Catastrófico"),CONCATENATE("R23C",'Mapa final'!$R$76),"") | W72: =IF(AND('Mapa final'!$AB$77="Alta",'Mapa final'!$AD$77="Catastrófico"),CONCATENATE("R23C",'Mapa final'!$R$77),"") | X72: =IF(AND('Mapa final'!$AB$78="Alta",'Mapa final'!$AD$78="Catastrófico"),CONCATENATE("R23C",'Mapa final'!$R$78),"")
J73: =IF(AND('Mapa final'!$AB$79="Alta",'Mapa final'!$AD$79="Leve"),CONCATENATE("R24C",'Mapa final'!$R$79),"") | K73: =IF(AND('Mapa final'!$AB$80="Alta",'Mapa final'!$AD$80="Leve"),CONCATENATE("R24C",'Mapa final'!$R$80),"") | L73: =IF(AND('Mapa final'!$AB$81="Alta",'Mapa final'!$AD$81="Leve"),CONCATENATE("R24C",'Mapa final'!$R$81),"") | M73: =IF(AND('Mapa final'!$AB$79="Alta",'Mapa final'!$AD$79="Menor"),CONCATENATE("R24C",'Mapa final'!$R$79),"") | N73: =IF(AND('Mapa final'!$AB$80="Alta",'Mapa final'!$AD$80="Menor"),CONCATENATE("R24C",'Mapa final'!$R$80),"") | O73: =IF(AND('Mapa final'!$AB$81="Alta",'Mapa final'!$AD$81="Menor"),CONCATENATE("R24C",'Mapa final'!$R$81),"") | P73: =IF(AND('Mapa final'!$AB$79="Alta",'Mapa final'!$AD$79="Moderado"),CONCATENATE("R24C",'Mapa final'!$R$79),"") | Q73: =IF(AND('Mapa final'!$AB$80="Alta",'Mapa final'!$AD$80="Moderado"),CONCATENATE("R24C",'Mapa final'!$R$80),"") | R73: =IF(AND('Mapa final'!$AB$81="Alta",'Mapa final'!$AD$81="Moderado"),CONCATENATE("R24C",'Mapa final'!$R$81),"") | S73: =IF(AND('Mapa final'!$AB$79="Alta",'Mapa final'!$AD$79="Mayor"),CONCATENATE("R24C",'Mapa final'!$R$79),"") | T73: =IF(AND('Mapa final'!$AB$80="Alta",'Mapa final'!$AD$80="Mayor"),CONCATENATE("R24C",'Mapa final'!$R$80),"") | U73: =IF(AND('Mapa final'!$AB$81="Alta",'Mapa final'!$AD$81="Mayor"),CONCATENATE("R24C",'Mapa final'!$R$81),"") | V73: =IF(AND('Mapa final'!$AB$79="Alta",'Mapa final'!$AD$79="Catastrófico"),CONCATENATE("R24C",'Mapa final'!$R$79),"") | W73: =IF(AND('Mapa final'!$AB$80="Alta",'Mapa final'!$AD$80="Catastrófico"),CONCATENATE("R24C",'Mapa final'!$R$80),"") | X73: =IF(AND('Mapa final'!$AB$81="Alta",'Mapa final'!$AD$81="Catastrófico"),CONCATENATE("R24C",'Mapa final'!$R$81),"")
J74: =IF(AND('Mapa final'!$AB$82="Alta",'Mapa final'!$AD$82="Leve"),CONCATENATE("R25C",'Mapa final'!$R$82),"") | K74: =IF(AND('Mapa final'!$AB$83="Alta",'Mapa final'!$AD$83="Leve"),CONCATENATE("R25C",'Mapa final'!$R$83),"") | L74: =IF(AND('Mapa final'!$AB$84="Alta",'Mapa final'!$AD$84="Leve"),CONCATENATE("R25C",'Mapa final'!$R$84),"") | M74: =IF(AND('Mapa final'!$AB$82="Alta",'Mapa final'!$AD$82="Menor"),CONCATENATE("R25C",'Mapa final'!$R$82),"") | N74: =IF(AND('Mapa final'!$AB$83="Alta",'Mapa final'!$AD$83="Menor"),CONCATENATE("R25C",'Mapa final'!$R$83),"") | O74: =IF(AND('Mapa final'!$AB$84="Alta",'Mapa final'!$AD$84="Menor"),CONCATENATE("R25C",'Mapa final'!$R$84),"") | P74: =IF(AND('Mapa final'!$AB$82="Alta",'Mapa final'!$AD$82="Moderado"),CONCATENATE("R25C",'Mapa final'!$R$82),"") | Q74: =IF(AND('Mapa final'!$AB$83="Alta",'Mapa final'!$AD$83="Moderado"),CONCATENATE("R25C",'Mapa final'!$R$83),"") | R74: =IF(AND('Mapa final'!$AB$84="Alta",'Mapa final'!$AD$84="Moderado"),CONCATENATE("R25C",'Mapa final'!$R$84),"") | S74: =IF(AND('Mapa final'!$AB$82="Alta",'Mapa final'!$AD$82="Mayor"),CONCATENATE("R25C",'Mapa final'!$R$82),"") | T74: =IF(AND('Mapa final'!$AB$83="Alta",'Mapa final'!$AD$83="Mayor"),CONCATENATE("R25C",'Mapa final'!$R$83),"") | U74: =IF(AND('Mapa final'!$AB$84="Alta",'Mapa final'!$AD$84="Mayor"),CONCATENATE("R25C",'Mapa final'!$R$84),"") | V74: =IF(AND('Mapa final'!$AB$82="Alta",'Mapa final'!$AD$82="Catastrófico"),CONCATENATE("R25C",'Mapa final'!$R$82),"") | W74: =IF(AND('Mapa final'!$AB$83="Alta",'Mapa final'!$AD$83="Catastrófico"),CONCATENATE("R25C",'Mapa final'!$R$83),"") | X74: =IF(AND('Mapa final'!$AB$84="Alta",'Mapa final'!$AD$84="Catastrófico"),CONCATENATE("R25C",'Mapa final'!$R$84),"")
J75: =IF(AND('Mapa final'!$AB$85="Alta",'Mapa final'!$AD$85="Leve"),CONCATENATE("R26C",'Mapa final'!$R$85),"") | K75: =IF(AND('Mapa final'!$AB$86="Alta",'Mapa final'!$AD$86="Leve"),CONCATENATE("R26C",'Mapa final'!$R$86),"") | L75: =IF(AND('Mapa final'!$AB$87="Alta",'Mapa final'!$AD$87="Leve"),CONCATENATE("R26C",'Mapa final'!$R$87),"") | M75: =IF(AND('Mapa final'!$AB$85="Alta",'Mapa final'!$AD$85="Menor"),CONCATENATE("R26C",'Mapa final'!$R$85),"") | N75: =IF(AND('Mapa final'!$AB$86="Alta",'Mapa final'!$AD$86="Menor"),CONCATENATE("R26C",'Mapa final'!$R$86),"") | O75: =IF(AND('Mapa final'!$AB$87="Alta",'Mapa final'!$AD$87="Menor"),CONCATENATE("R26C",'Mapa final'!$R$87),"") | P75: =IF(AND('Mapa final'!$AB$85="Alta",'Mapa final'!$AD$85="Moderado"),CONCATENATE("R26C",'Mapa final'!$R$85),"") | Q75: =IF(AND('Mapa final'!$AB$86="Alta",'Mapa final'!$AD$86="Moderado"),CONCATENATE("R26C",'Mapa final'!$R$86),"") | R75: =IF(AND('Mapa final'!$AB$87="Alta",'Mapa final'!$AD$87="Moderado"),CONCATENATE("R26C",'Mapa final'!$R$87),"") | S75: =IF(AND('Mapa final'!$AB$85="Alta",'Mapa final'!$AD$85="Mayor"),CONCATENATE("R26C",'Mapa final'!$R$85),"") | T75: =IF(AND('Mapa final'!$AB$86="Alta",'Mapa final'!$AD$86="Mayor"),CONCATENATE("R26C",'Mapa final'!$R$86),"") | U75: =IF(AND('Mapa final'!$AB$87="Alta",'Mapa final'!$AD$87="Mayor"),CONCATENATE("R26C",'Mapa final'!$R$87),"") | V75: =IF(AND('Mapa final'!$AB$85="Alta",'Mapa final'!$AD$85="Catastrófico"),CONCATENATE("R26C",'Mapa final'!$R$85),"") | W75: =IF(AND('Mapa final'!$AB$86="Alta",'Mapa final'!$AD$86="Catastrófico"),CONCATENATE("R26C",'Mapa final'!$R$86),"") | X75: =IF(AND('Mapa final'!$AB$87="Alta",'Mapa final'!$AD$87="Catastrófico"),CONCATENATE("R26C",'Mapa final'!$R$87),"")
J76: =IF(AND('Mapa final'!$AB$88="Alta",'Mapa final'!$AD$88="Leve"),CONCATENATE("R27C",'Mapa final'!$R$88),"") | K76: =IF(AND('Mapa final'!$AB$89="Alta",'Mapa final'!$AD$89="Leve"),CONCATENATE("R27C",'Mapa final'!$R$89),"") | L76: =IF(AND('Mapa final'!$AB$90="Alta",'Mapa final'!$AD$90="Leve"),CONCATENATE("R27C",'Mapa final'!$R$90),"") | M76: =IF(AND('Mapa final'!$AB$88="Alta",'Mapa final'!$AD$88="Menor"),CONCATENATE("R27C",'Mapa final'!$R$88),"") | N76: =IF(AND('Mapa final'!$AB$89="Alta",'Mapa final'!$AD$89="Menor"),CONCATENATE("R27C",'Mapa final'!$R$89),"") | O76: =IF(AND('Mapa final'!$AB$90="Alta",'Mapa final'!$AD$90="Menor"),CONCATENATE("R27C",'Mapa final'!$R$90),"") | P76: =IF(AND('Mapa final'!$AB$88="Alta",'Mapa final'!$AD$88="Moderado"),CONCATENATE("R27C",'Mapa final'!$R$88),"") | Q76: =IF(AND('Mapa final'!$AB$89="Alta",'Mapa final'!$AD$89="Moderado"),CONCATENATE("R27C",'Mapa final'!$R$89),"") | R76: =IF(AND('Mapa final'!$AB$90="Alta",'Mapa final'!$AD$90="Moderado"),CONCATENATE("R27C",'Mapa final'!$R$90),"") | S76: =IF(AND('Mapa final'!$AB$88="Alta",'Mapa final'!$AD$88="Mayor"),CONCATENATE("R27C",'Mapa final'!$R$88),"") | T76: =IF(AND('Mapa final'!$AB$89="Alta",'Mapa final'!$AD$89="Mayor"),CONCATENATE("R27C",'Mapa final'!$R$89),"") | U76: =IF(AND('Mapa final'!$AB$90="Alta",'Mapa final'!$AD$90="Mayor"),CONCATENATE("R27C",'Mapa final'!$R$90),"") | V76: =IF(AND('Mapa final'!$AB$88="Alta",'Mapa final'!$AD$88="Catastrófico"),CONCATENATE("R27C",'Mapa final'!$R$88),"") | W76: =IF(AND('Mapa final'!$AB$89="Alta",'Mapa final'!$AD$89="Catastrófico"),CONCATENATE("R27C",'Mapa final'!$R$89),"") | X76: =IF(AND('Mapa final'!$AB$90="Alta",'Mapa final'!$AD$90="Catastrófico"),CONCATENATE("R27C",'Mapa final'!$R$90),"")
J77: =IF(AND('Mapa final'!$AB$91="Alta",'Mapa final'!$AD$91="Leve"),CONCATENATE("R28C",'Mapa final'!$R$91),"") | K77: =IF(AND('Mapa final'!$AB$92="Alta",'Mapa final'!$AD$92="Leve"),CONCATENATE("R28C",'Mapa final'!$R$92),"") | L77: =IF(AND('Mapa final'!$AB$93="Alta",'Mapa final'!$AD$93="Leve"),CONCATENATE("R28C",'Mapa final'!$R$93),"") | M77: =IF(AND('Mapa final'!$AB$91="Alta",'Mapa final'!$AD$91="Menor"),CONCATENATE("R28C",'Mapa final'!$R$91),"") | N77: =IF(AND('Mapa final'!$AB$92="Alta",'Mapa final'!$AD$92="Menor"),CONCATENATE("R28C",'Mapa final'!$R$92),"") | O77: =IF(AND('Mapa final'!$AB$93="Alta",'Mapa final'!$AD$93="Menor"),CONCATENATE("R28C",'Mapa final'!$R$93),"") | P77: =IF(AND('Mapa final'!$AB$91="Alta",'Mapa final'!$AD$91="Moderado"),CONCATENATE("R28C",'Mapa final'!$R$91),"") | Q77: =IF(AND('Mapa final'!$AB$92="Alta",'Mapa final'!$AD$92="Moderado"),CONCATENATE("R28C",'Mapa final'!$R$92),"") | R77: =IF(AND('Mapa final'!$AB$93="Alta",'Mapa final'!$AD$93="Moderado"),CONCATENATE("R28C",'Mapa final'!$R$93),"") | S77: =IF(AND('Mapa final'!$AB$91="Alta",'Mapa final'!$AD$91="Mayor"),CONCATENATE("R28C",'Mapa final'!$R$91),"") | T77: =IF(AND('Mapa final'!$AB$92="Alta",'Mapa final'!$AD$92="Mayor"),CONCATENATE("R28C",'Mapa final'!$R$92),"") | U77: =IF(AND('Mapa final'!$AB$93="Alta",'Mapa final'!$AD$93="Mayor"),CONCATENATE("R28C",'Mapa final'!$R$93),"") | V77: =IF(AND('Mapa final'!$AB$91="Alta",'Mapa final'!$AD$91="Catastrófico"),CONCATENATE("R28C",'Mapa final'!$R$91),"") | W77: =IF(AND('Mapa final'!$AB$92="Alta",'Mapa final'!$AD$92="Catastrófico"),CONCATENATE("R28C",'Mapa final'!$R$92),"") | X77: =IF(AND('Mapa final'!$AB$93="Alta",'Mapa final'!$AD$93="Catastrófico"),CONCATENATE("R28C",'Mapa final'!$R$93),"")
J78: =IF(AND('Mapa final'!$AB$94="Alta",'Mapa final'!$AD$94="Leve"),CONCATENATE("R29C",'Mapa final'!$R$94),"") | K78: =IF(AND('Mapa final'!$AB$95="Alta",'Mapa final'!$AD$95="Leve"),CONCATENATE("R29C",'Mapa final'!$R$95),"") | L78: =IF(AND('Mapa final'!$AB$96="Alta",'Mapa final'!$AD$96="Leve"),CONCATENATE("R29C",'Mapa final'!$R$96),"") | M78: =IF(AND('Mapa final'!$AB$94="Alta",'Mapa final'!$AD$94="Menor"),CONCATENATE("R29C",'Mapa final'!$R$94),"") | N78: =IF(AND('Mapa final'!$AB$95="Alta",'Mapa final'!$AD$95="Menor"),CONCATENATE("R29C",'Mapa final'!$R$95),"") | O78: =IF(AND('Mapa final'!$AB$96="Alta",'Mapa final'!$AD$96="Menor"),CONCATENATE("R29C",'Mapa final'!$R$96),"") | P78: =IF(AND('Mapa final'!$AB$94="Alta",'Mapa final'!$AD$94="Moderado"),CONCATENATE("R29C",'Mapa final'!$R$94),"") | Q78: =IF(AND('Mapa final'!$AB$95="Alta",'Mapa final'!$AD$95="Moderado"),CONCATENATE("R29C",'Mapa final'!$R$95),"") | R78: =IF(AND('Mapa final'!$AB$96="Alta",'Mapa final'!$AD$96="Moderado"),CONCATENATE("R29C",'Mapa final'!$R$96),"") | S78: =IF(AND('Mapa final'!$AB$94="Alta",'Mapa final'!$AD$94="Mayor"),CONCATENATE("R29C",'Mapa final'!$R$94),"") | T78: =IF(AND('Mapa final'!$AB$95="Alta",'Mapa final'!$AD$95="Mayor"),CONCATENATE("R29C",'Mapa final'!$R$95),"") | U78: =IF(AND('Mapa final'!$AB$96="Alta",'Mapa final'!$AD$96="Mayor"),CONCATENATE("R29C",'Mapa final'!$R$96),"") | V78: =IF(AND('Mapa final'!$AB$94="Alta",'Mapa final'!$AD$94="Catastrófico"),CONCATENATE("R29C",'Mapa final'!$R$94),"") | W78: =IF(AND('Mapa final'!$AB$95="Alta",'Mapa final'!$AD$95="Catastrófico"),CONCATENATE("R29C",'Mapa final'!$R$95),"") | X78: =IF(AND('Mapa final'!$AB$96="Alta",'Mapa final'!$AD$96="Catastrófico"),CONCATENATE("R29C",'Mapa final'!$R$96),"")
J79: =IF(AND('Mapa final'!$AB$97="Alta",'Mapa final'!$AD$97="Leve"),CONCATENATE("R30C",'Mapa final'!$R$97),"") | K79: =IF(AND('Mapa final'!$AB$98="Alta",'Mapa final'!$AD$98="Leve"),CONCATENATE("R30C",'Mapa final'!$R$98),"") | L79: =IF(AND('Mapa final'!$AB$99="Alta",'Mapa final'!$AD$99="Leve"),CONCATENATE("R30C",'Mapa final'!$R$99),"") | M79: =IF(AND('Mapa final'!$AB$97="Alta",'Mapa final'!$AD$97="Menor"),CONCATENATE("R30C",'Mapa final'!$R$97),"") | N79: =IF(AND('Mapa final'!$AB$98="Alta",'Mapa final'!$AD$98="Menor"),CONCATENATE("R30C",'Mapa final'!$R$98),"") | O79: =IF(AND('Mapa final'!$AB$99="Alta",'Mapa final'!$AD$99="Menor"),CONCATENATE("R30C",'Mapa final'!$R$99),"") | P79: =IF(AND('Mapa final'!$AB$97="Alta",'Mapa final'!$AD$97="Moderado"),CONCATENATE("R30C",'Mapa final'!$R$97),"") | Q79: =IF(AND('Mapa final'!$AB$98="Alta",'Mapa final'!$AD$98="Moderado"),CONCATENATE("R30C",'Mapa final'!$R$98),"") | R79: =IF(AND('Mapa final'!$AB$99="Alta",'Mapa final'!$AD$99="Moderado"),CONCATENATE("R30C",'Mapa final'!$R$99),"") | S79: =IF(AND('Mapa final'!$AB$97="Alta",'Mapa final'!$AD$97="Mayor"),CONCATENATE("R30C",'Mapa final'!$R$97),"") | T79: =IF(AND('Mapa final'!$AB$98="Alta",'Mapa final'!$AD$98="Mayor"),CONCATENATE("R30C",'Mapa final'!$R$98),"") | U79: =IF(AND('Mapa final'!$AB$99="Alta",'Mapa final'!$AD$99="Mayor"),CONCATENATE("R30C",'Mapa final'!$R$99),"") | V79: =IF(AND('Mapa final'!$AB$97="Alta",'Mapa final'!$AD$97="Catastrófico"),CONCATENATE("R30C",'Mapa final'!$R$97),"") | W79: =IF(AND('Mapa final'!$AB$98="Alta",'Mapa final'!$AD$98="Catastrófico"),CONCATENATE("R30C",'Mapa final'!$R$98),"") | X79: =IF(AND('Mapa final'!$AB$99="Alta",'Mapa final'!$AD$99="Catastrófico"),CONCATENATE("R30C",'Mapa final'!$R$99),"")
J80: =IF(AND('Mapa final'!$AB$100="Alta",'Mapa final'!$AD$100="Leve"),CONCATENATE("R31C",'Mapa final'!$R$100),"") | K80: =IF(AND('Mapa final'!$AB$101="Alta",'Mapa final'!$AD$101="Leve"),CONCATENATE("R31C",'Mapa final'!$R$101),"") | L80: =IF(AND('Mapa final'!$AB$102="Alta",'Mapa final'!$AD$102="Leve"),CONCATENATE("R31C",'Mapa final'!$R$102),"") | M80: =IF(AND('Mapa final'!$AB$100="Alta",'Mapa final'!$AD$100="Menor"),CONCATENATE("R31C",'Mapa final'!$R$100),"") | N80: =IF(AND('Mapa final'!$AB$101="Alta",'Mapa final'!$AD$101="Menor"),CONCATENATE("R31C",'Mapa final'!$R$101),"") | O80: =IF(AND('Mapa final'!$AB$102="Alta",'Mapa final'!$AD$102="Menor"),CONCATENATE("R31C",'Mapa final'!$R$102),"") | P80: =IF(AND('Mapa final'!$AB$100="Alta",'Mapa final'!$AD$100="Moderado"),CONCATENATE("R31C",'Mapa final'!$R$100),"") | Q80: =IF(AND('Mapa final'!$AB$101="Alta",'Mapa final'!$AD$101="Moderado"),CONCATENATE("R31C",'Mapa final'!$R$101),"") | R80: =IF(AND('Mapa final'!$AB$102="Alta",'Mapa final'!$AD$102="Moderado"),CONCATENATE("R31C",'Mapa final'!$R$102),"") | S80: =IF(AND('Mapa final'!$AB$100="Alta",'Mapa final'!$AD$100="Mayor"),CONCATENATE("R31C",'Mapa final'!$R$100),"") | T80: =IF(AND('Mapa final'!$AB$101="Alta",'Mapa final'!$AD$101="Mayor"),CONCATENATE("R31C",'Mapa final'!$R$101),"") | U80: =IF(AND('Mapa final'!$AB$102="Alta",'Mapa final'!$AD$102="Mayor"),CONCATENATE("R31C",'Mapa final'!$R$102),"") | V80: =IF(AND('Mapa final'!$AB$100="Alta",'Mapa final'!$AD$100="Catastrófico"),CONCATENATE("R31C",'Mapa final'!$R$100),"") | W80: =IF(AND('Mapa final'!$AB$101="Alta",'Mapa final'!$AD$101="Catastrófico"),CONCATENATE("R31C",'Mapa final'!$R$101),"") | X80: =IF(AND('Mapa final'!$AB$102="Alta",'Mapa final'!$AD$102="Catastrófico"),CONCATENATE("R31C",'Mapa final'!$R$102),"")
J81: =IF(AND('Mapa final'!$AB$103="Alta",'Mapa final'!$AD$103="Leve"),CONCATENATE("R32C",'Mapa final'!$R$103),"") | K81: =IF(AND('Mapa final'!$AB$104="Alta",'Mapa final'!$AD$104="Leve"),CONCATENATE("R32C",'Mapa final'!$R$104),"") | L81: =IF(AND('Mapa final'!$AB$105="Alta",'Mapa final'!$AD$105="Leve"),CONCATENATE("R32C",'Mapa final'!$R$105),"") | M81: =IF(AND('Mapa final'!$AB$103="Alta",'Mapa final'!$AD$103="Menor"),CONCATENATE("R32C",'Mapa final'!$R$103),"") | N81: =IF(AND('Mapa final'!$AB$104="Alta",'Mapa final'!$AD$104="Menor"),CONCATENATE("R32C",'Mapa final'!$R$104),"") | O81: =IF(AND('Mapa final'!$AB$105="Alta",'Mapa final'!$AD$105="Menor"),CONCATENATE("R32C",'Mapa final'!$R$105),"") | P81: =IF(AND('Mapa final'!$AB$103="Alta",'Mapa final'!$AD$103="Moderado"),CONCATENATE("R32C",'Mapa final'!$R$103),"") | Q81: =IF(AND('Mapa final'!$AB$104="Alta",'Mapa final'!$AD$104="Moderado"),CONCATENATE("R32C",'Mapa final'!$R$104),"") | R81: =IF(AND('Mapa final'!$AB$105="Alta",'Mapa final'!$AD$105="Moderado"),CONCATENATE("R32C",'Mapa final'!$R$105),"") | S81: =IF(AND('Mapa final'!$AB$103="Alta",'Mapa final'!$AD$103="Mayor"),CONCATENATE("R32C",'Mapa final'!$R$103),"") | T81: =IF(AND('Mapa final'!$AB$104="Alta",'Mapa final'!$AD$104="Mayor"),CONCATENATE("R32C",'Mapa final'!$R$104),"") | U81: =IF(AND('Mapa final'!$AB$105="Alta",'Mapa final'!$AD$105="Mayor"),CONCATENATE("R32C",'Mapa final'!$R$105),"") | V81: =IF(AND('Mapa final'!$AB$103="Alta",'Mapa final'!$AD$103="Catastrófico"),CONCATENATE("R32C",'Mapa final'!$R$103),"") | W81: =IF(AND('Mapa final'!$AB$104="Alta",'Mapa final'!$AD$104="Catastrófico"),CONCATENATE("R32C",'Mapa final'!$R$104),"") | X81: =IF(AND('Mapa final'!$AB$105="Alta",'Mapa final'!$AD$105="Catastrófico"),CONCATENATE("R32C",'Mapa final'!$R$105),"")
J82: =IF(AND('Mapa final'!$AB$106="Alta",'Mapa final'!$AD$106="Leve"),CONCATENATE("R33C",'Mapa final'!$R$106),"") | K82: =IF(AND('Mapa final'!$AB$107="Alta",'Mapa final'!$AD$107="Leve"),CONCATENATE("R33C",'Mapa final'!$R$107),"") | L82: =IF(AND('Mapa final'!$AB$108="Alta",'Mapa final'!$AD$108="Leve"),CONCATENATE("R33C",'Mapa final'!$R$108),"") | M82: =IF(AND('Mapa final'!$AB$106="Alta",'Mapa final'!$AD$106="Menor"),CONCATENATE("R33C",'Mapa final'!$R$106),"") | N82: =IF(AND('Mapa final'!$AB$107="Alta",'Mapa final'!$AD$107="Menor"),CONCATENATE("R33C",'Mapa final'!$R$107),"") | O82: =IF(AND('Mapa final'!$AB$108="Alta",'Mapa final'!$AD$108="Menor"),CONCATENATE("R33C",'Mapa final'!$R$108),"") | P82: =IF(AND('Mapa final'!$AB$106="Alta",'Mapa final'!$AD$106="Moderado"),CONCATENATE("R33C",'Mapa final'!$R$106),"") | Q82: =IF(AND('Mapa final'!$AB$107="Alta",'Mapa final'!$AD$107="Moderado"),CONCATENATE("R33C",'Mapa final'!$R$107),"") | R82: =IF(AND('Mapa final'!$AB$108="Alta",'Mapa final'!$AD$108="Moderado"),CONCATENATE("R33C",'Mapa final'!$R$108),"") | S82: =IF(AND('Mapa final'!$AB$106="Alta",'Mapa final'!$AD$106="Mayor"),CONCATENATE("R33C",'Mapa final'!$R$106),"") | T82: =IF(AND('Mapa final'!$AB$107="Alta",'Mapa final'!$AD$107="Mayor"),CONCATENATE("R33C",'Mapa final'!$R$107),"") | U82: =IF(AND('Mapa final'!$AB$108="Alta",'Mapa final'!$AD$108="Mayor"),CONCATENATE("R33C",'Mapa final'!$R$108),"") | V82: =IF(AND('Mapa final'!$AB$106="Alta",'Mapa final'!$AD$106="Catastrófico"),CONCATENATE("R33C",'Mapa final'!$R$106),"") | W82: =IF(AND('Mapa final'!$AB$107="Alta",'Mapa final'!$AD$107="Catastrófico"),CONCATENATE("R33C",'Mapa final'!$R$107),"") | X82: =IF(AND('Mapa final'!$AB$108="Alta",'Mapa final'!$AD$108="Catastrófico"),CONCATENATE("R33C",'Mapa final'!$R$108),"")
J83: =IF(AND('Mapa final'!$AB$109="Alta",'Mapa final'!$AD$109="Leve"),CONCATENATE("R34C",'Mapa final'!$R$109),"") | K83: =IF(AND('Mapa final'!$AB$110="Alta",'Mapa final'!$AD$110="Leve"),CONCATENATE("R34C",'Mapa final'!$R$110),"") | L83: =IF(AND('Mapa final'!$AB$111="Alta",'Mapa final'!$AD$111="Leve"),CONCATENATE("R34C",'Mapa final'!$R$111),"") | M83: =IF(AND('Mapa final'!$AB$109="Alta",'Mapa final'!$AD$109="Menor"),CONCATENATE("R34C",'Mapa final'!$R$109),"") | N83: =IF(AND('Mapa final'!$AB$110="Alta",'Mapa final'!$AD$110="Menor"),CONCATENATE("R34C",'Mapa final'!$R$110),"") | O83: =IF(AND('Mapa final'!$AB$111="Alta",'Mapa final'!$AD$111="Menor"),CONCATENATE("R34C",'Mapa final'!$R$111),"") | P83: =IF(AND('Mapa final'!$AB$109="Alta",'Mapa final'!$AD$109="Moderado"),CONCATENATE("R34C",'Mapa final'!$R$109),"") | Q83: =IF(AND('Mapa final'!$AB$110="Alta",'Mapa final'!$AD$110="Moderado"),CONCATENATE("R34C",'Mapa final'!$R$110),"") | R83: =IF(AND('Mapa final'!$AB$111="Alta",'Mapa final'!$AD$111="Moderado"),CONCATENATE("R34C",'Mapa final'!$R$111),"") | S83: =IF(AND('Mapa final'!$AB$109="Alta",'Mapa final'!$AD$109="Mayor"),CONCATENATE("R34C",'Mapa final'!$R$109),"") | T83: =IF(AND('Mapa final'!$AB$110="Alta",'Mapa final'!$AD$110="Mayor"),CONCATENATE("R34C",'Mapa final'!$R$110),"") | U83: =IF(AND('Mapa final'!$AB$111="Alta",'Mapa final'!$AD$111="Mayor"),CONCATENATE("R34C",'Mapa final'!$R$111),"") | V83: =IF(AND('Mapa final'!$AB$109="Alta",'Mapa final'!$AD$109="Catastrófico"),CONCATENATE("R34C",'Mapa final'!$R$109),"") | W83: =IF(AND('Mapa final'!$AB$110="Alta",'Mapa final'!$AD$110="Catastrófico"),CONCATENATE("R34C",'Mapa final'!$R$110),"") | X83: =IF(AND('Mapa final'!$AB$111="Alta",'Mapa final'!$AD$111="Catastrófico"),CONCATENATE("R34C",'Mapa final'!$R$111),"")
J84: =IF(AND('Mapa final'!$AB$112="Alta",'Mapa final'!$AD$112="Leve"),CONCATENATE("R35C",'Mapa final'!$R$112),"") | K84: =IF(AND('Mapa final'!$AB$113="Alta",'Mapa final'!$AD$113="Leve"),CONCATENATE("R35C",'Mapa final'!$R$113),"") | L84: =IF(AND('Mapa final'!$AB$114="Alta",'Mapa final'!$AD$114="Leve"),CONCATENATE("R35C",'Mapa final'!$R$114),"") | M84: =IF(AND('Mapa final'!$AB$112="Alta",'Mapa final'!$AD$112="Menor"),CONCATENATE("R35C",'Mapa final'!$R$112),"") | N84: =IF(AND('Mapa final'!$AB$113="Alta",'Mapa final'!$AD$113="Menor"),CONCATENATE("R35C",'Mapa final'!$R$113),"") | O84: =IF(AND('Mapa final'!$AB$114="Alta",'Mapa final'!$AD$114="Menor"),CONCATENATE("R35C",'Mapa final'!$R$114),"") | P84: =IF(AND('Mapa final'!$AB$112="Alta",'Mapa final'!$AD$112="Moderado"),CONCATENATE("R35C",'Mapa final'!$R$112),"") | Q84: =IF(AND('Mapa final'!$AB$113="Alta",'Mapa final'!$AD$113="Moderado"),CONCATENATE("R35C",'Mapa final'!$R$113),"") | R84: =IF(AND('Mapa final'!$AB$114="Alta",'Mapa final'!$AD$114="Moderado"),CONCATENATE("R35C",'Mapa final'!$R$114),"") | S84: =IF(AND('Mapa final'!$AB$112="Alta",'Mapa final'!$AD$112="Mayor"),CONCATENATE("R35C",'Mapa final'!$R$112),"") | T84: =IF(AND('Mapa final'!$AB$113="Alta",'Mapa final'!$AD$113="Mayor"),CONCATENATE("R35C",'Mapa final'!$R$113),"") | U84: =IF(AND('Mapa final'!$AB$114="Alta",'Mapa final'!$AD$114="Mayor"),CONCATENATE("R35C",'Mapa final'!$R$114),"") | V84: =IF(AND('Mapa final'!$AB$112="Alta",'Mapa final'!$AD$112="Catastrófico"),CONCATENATE("R35C",'Mapa final'!$R$112),"") | W84: =IF(AND('Mapa final'!$AB$113="Alta",'Mapa final'!$AD$113="Catastrófico"),CONCATENATE("R35C",'Mapa final'!$R$113),"") | X84: =IF(AND('Mapa final'!$AB$114="Alta",'Mapa final'!$AD$114="Catastrófico"),CONCATENATE("R35C",'Mapa final'!$R$114),"")
J85: =IF(AND('Mapa final'!$AB$115="Alta",'Mapa final'!$AD$115="Leve"),CONCATENATE("R36C",'Mapa final'!$R$115),"") | K85: =IF(AND('Mapa final'!$AB$116="Alta",'Mapa final'!$AD$116="Leve"),CONCATENATE("R36C",'Mapa final'!$R$116),"") | L85: =IF(AND('Mapa final'!$AB$117="Alta",'Mapa final'!$AD$117="Leve"),CONCATENATE("R36C",'Mapa final'!$R$117),"") | M85: =IF(AND('Mapa final'!$AB$115="Alta",'Mapa final'!$AD$115="Menor"),CONCATENATE("R36C",'Mapa final'!$R$115),"") | N85: =IF(AND('Mapa final'!$AB$116="Alta",'Mapa final'!$AD$116="Menor"),CONCATENATE("R36C",'Mapa final'!$R$116),"") | O85: =IF(AND('Mapa final'!$AB$117="Alta",'Mapa final'!$AD$117="Menor"),CONCATENATE("R36C",'Mapa final'!$R$117),"") | P85: =IF(AND('Mapa final'!$AB$115="Alta",'Mapa final'!$AD$115="Moderado"),CONCATENATE("R36C",'Mapa final'!$R$115),"") | Q85: =IF(AND('Mapa final'!$AB$116="Alta",'Mapa final'!$AD$116="Moderado"),CONCATENATE("R36C",'Mapa final'!$R$116),"") | R85: =IF(AND('Mapa final'!$AB$117="Alta",'Mapa final'!$AD$117="Moderado"),CONCATENATE("R36C",'Mapa final'!$R$117),"") | S85: =IF(AND('Mapa final'!$AB$115="Alta",'Mapa final'!$AD$115="Mayor"),CONCATENATE("R36C",'Mapa final'!$R$115),"") | T85: =IF(AND('Mapa final'!$AB$116="Alta",'Mapa final'!$AD$116="Mayor"),CONCATENATE("R36C",'Mapa final'!$R$116),"") | U85: =IF(AND('Mapa final'!$AB$117="Alta",'Mapa final'!$AD$117="Mayor"),CONCATENATE("R36C",'Mapa final'!$R$117),"") | V85: =IF(AND('Mapa final'!$AB$115="Alta",'Mapa final'!$AD$115="Catastrófico"),CONCATENATE("R36C",'Mapa final'!$R$115),"") | W85: =IF(AND('Mapa final'!$AB$116="Alta",'Mapa final'!$AD$116="Catastrófico"),CONCATENATE("R36C",'Mapa final'!$R$116),"") | X85: =IF(AND('Mapa final'!$AB$117="Alta",'Mapa final'!$AD$117="Catastrófico"),CONCATENATE("R36C",'Mapa final'!$R$117),"")
J86: =IF(AND('Mapa final'!$AB$118="Alta",'Mapa final'!$AD$118="Leve"),CONCATENATE("R37C",'Mapa final'!$R$118),"") | K86: =IF(AND('Mapa final'!$AB$119="Alta",'Mapa final'!$AD$119="Leve"),CONCATENATE("R37C",'Mapa final'!$R$119),"") | L86: =IF(AND('Mapa final'!$AB$120="Alta",'Mapa final'!$AD$120="Leve"),CONCATENATE("R37C",'Mapa final'!$R$120),"") | M86: =IF(AND('Mapa final'!$AB$118="Alta",'Mapa final'!$AD$118="Menor"),CONCATENATE("R37C",'Mapa final'!$R$118),"") | N86: =IF(AND('Mapa final'!$AB$119="Alta",'Mapa final'!$AD$119="Menor"),CONCATENATE("R37C",'Mapa final'!$R$119),"") | O86: =IF(AND('Mapa final'!$AB$120="Alta",'Mapa final'!$AD$120="Menor"),CONCATENATE("R37C",'Mapa final'!$R$120),"") | P86: =IF(AND('Mapa final'!$AB$118="Alta",'Mapa final'!$AD$118="Moderado"),CONCATENATE("R37C",'Mapa final'!$R$118),"") | Q86: =IF(AND('Mapa final'!$AB$119="Alta",'Mapa final'!$AD$119="Moderado"),CONCATENATE("R37C",'Mapa final'!$R$119),"") | R86: =IF(AND('Mapa final'!$AB$120="Alta",'Mapa final'!$AD$120="Moderado"),CONCATENATE("R37C",'Mapa final'!$R$120),"") | S86: =IF(AND('Mapa final'!$AB$118="Alta",'Mapa final'!$AD$118="Mayor"),CONCATENATE("R37C",'Mapa final'!$R$118),"") | T86: =IF(AND('Mapa final'!$AB$119="Alta",'Mapa final'!$AD$119="Mayor"),CONCATENATE("R37C",'Mapa final'!$R$119),"") | U86: =IF(AND('Mapa final'!$AB$120="Alta",'Mapa final'!$AD$120="Mayor"),CONCATENATE("R37C",'Mapa final'!$R$120),"") | V86: =IF(AND('Mapa final'!$AB$118="Alta",'Mapa final'!$AD$118="Catastrófico"),CONCATENATE("R37C",'Mapa final'!$R$118),"") | W86: =IF(AND('Mapa final'!$AB$119="Alta",'Mapa final'!$AD$119="Catastrófico"),CONCATENATE("R37C",'Mapa final'!$R$119),"") | X86: =IF(AND('Mapa final'!$AB$120="Alta",'Mapa final'!$AD$120="Catastrófico"),CONCATENATE("R37C",'Mapa final'!$R$120),"")
J87: =IF(AND('Mapa final'!$AB$121="Alta",'Mapa final'!$AD$121="Leve"),CONCATENATE("R38C",'Mapa final'!$R$121),"") | K87: =IF(AND('Mapa final'!$AB$122="Alta",'Mapa final'!$AD$122="Leve"),CONCATENATE("R38C",'Mapa final'!$R$122),"") | L87: =IF(AND('Mapa final'!$AB$123="Alta",'Mapa final'!$AD$123="Leve"),CONCATENATE("R38C",'Mapa final'!$R$123),"") | M87: =IF(AND('Mapa final'!$AB$121="Alta",'Mapa final'!$AD$121="Menor"),CONCATENATE("R38C",'Mapa final'!$R$121),"") | N87: =IF(AND('Mapa final'!$AB$122="Alta",'Mapa final'!$AD$122="Menor"),CONCATENATE("R38C",'Mapa final'!$R$122),"") | O87: =IF(AND('Mapa final'!$AB$123="Alta",'Mapa final'!$AD$123="Menor"),CONCATENATE("R38C",'Mapa final'!$R$123),"") | P87: =IF(AND('Mapa final'!$AB$121="Alta",'Mapa final'!$AD$121="Moderado"),CONCATENATE("R38C",'Mapa final'!$R$121),"") | Q87: =IF(AND('Mapa final'!$AB$122="Alta",'Mapa final'!$AD$122="Moderado"),CONCATENATE("R38C",'Mapa final'!$R$122),"") | R87: =IF(AND('Mapa final'!$AB$123="Alta",'Mapa final'!$AD$123="Moderado"),CONCATENATE("R38C",'Mapa final'!$R$123),"") | S87: =IF(AND('Mapa final'!$AB$121="Alta",'Mapa final'!$AD$121="Mayor"),CONCATENATE("R38C",'Mapa final'!$R$121),"") | T87: =IF(AND('Mapa final'!$AB$122="Alta",'Mapa final'!$AD$122="Mayor"),CONCATENATE("R38C",'Mapa final'!$R$122),"") | U87: =IF(AND('Mapa final'!$AB$123="Alta",'Mapa final'!$AD$123="Mayor"),CONCATENATE("R38C",'Mapa final'!$R$123),"") | V87: =IF(AND('Mapa final'!$AB$121="Alta",'Mapa final'!$AD$121="Catastrófico"),CONCATENATE("R38C",'Mapa final'!$R$121),"") | W87: =IF(AND('Mapa final'!$AB$122="Alta",'Mapa final'!$AD$122="Catastrófico"),CONCATENATE("R38C",'Mapa final'!$R$122),"") | X87: =IF(AND('Mapa final'!$AB$123="Alta",'Mapa final'!$AD$123="Catastrófico"),CONCATENATE("R38C",'Mapa final'!$R$123),"")
J88: =IF(AND('Mapa final'!$AB$124="Alta",'Mapa final'!$AD$124="Leve"),CONCATENATE("R39C",'Mapa final'!$R$124),"") | K88: =IF(AND('Mapa final'!$AB$125="Alta",'Mapa final'!$AD$125="Leve"),CONCATENATE("R39C",'Mapa final'!$R$125),"") | L88: =IF(AND('Mapa final'!$AB$126="Alta",'Mapa final'!$AD$126="Leve"),CONCATENATE("R39C",'Mapa final'!$R$126),"") | M88: =IF(AND('Mapa final'!$AB$124="Alta",'Mapa final'!$AD$124="Menor"),CONCATENATE("R39C",'Mapa final'!$R$124),"") | N88: =IF(AND('Mapa final'!$AB$125="Alta",'Mapa final'!$AD$125="Menor"),CONCATENATE("R39C",'Mapa final'!$R$125),"") | O88: =IF(AND('Mapa final'!$AB$126="Alta",'Mapa final'!$AD$126="Menor"),CONCATENATE("R39C",'Mapa final'!$R$126),"") | P88: =IF(AND('Mapa final'!$AB$124="Alta",'Mapa final'!$AD$124="Moderado"),CONCATENATE("R39C",'Mapa final'!$R$124),"") | Q88: =IF(AND('Mapa final'!$AB$125="Alta",'Mapa final'!$AD$125="Moderado"),CONCATENATE("R39C",'Mapa final'!$R$125),"") | R88: =IF(AND('Mapa final'!$AB$126="Alta",'Mapa final'!$AD$126="Moderado"),CONCATENATE("R39C",'Mapa final'!$R$126),"") | S88: =IF(AND('Mapa final'!$AB$124="Alta",'Mapa final'!$AD$124="Mayor"),CONCATENATE("R39C",'Mapa final'!$R$124),"") | T88: =IF(AND('Mapa final'!$AB$125="Alta",'Mapa final'!$AD$125="Mayor"),CONCATENATE("R39C",'Mapa final'!$R$125),"") | U88: =IF(AND('Mapa final'!$AB$126="Alta",'Mapa final'!$AD$126="Mayor"),CONCATENATE("R39C",'Mapa final'!$R$126),"") | V88: =IF(AND('Mapa final'!$AB$124="Alta",'Mapa final'!$AD$124="Catastrófico"),CONCATENATE("R39C",'Mapa final'!$R$124),"") | W88: =IF(AND('Mapa final'!$AB$125="Alta",'Mapa final'!$AD$125="Catastrófico"),CONCATENATE("R39C",'Mapa final'!$R$125),"") | X88: =IF(AND('Mapa final'!$AB$126="Alta",'Mapa final'!$AD$126="Catastrófico"),CONCATENATE("R39C",'Mapa final'!$R$126),"")
J89: =IF(AND('Mapa final'!$AB$127="Alta",'Mapa final'!$AD$127="Leve"),CONCATENATE("R40C",'Mapa final'!$R$127),"") | K89: =IF(AND('Mapa final'!$AB$128="Alta",'Mapa final'!$AD$128="Leve"),CONCATENATE("R40C",'Mapa final'!$R$128),"") | L89: =IF(AND('Mapa final'!$AB$129="Alta",'Mapa final'!$AD$129="Leve"),CONCATENATE("R40C",'Mapa final'!$R$129),"") | M89: =IF(AND('Mapa final'!$AB$127="Alta",'Mapa final'!$AD$127="Menor"),CONCATENATE("R40C",'Mapa final'!$R$127),"") | N89: =IF(AND('Mapa final'!$AB$128="Alta",'Mapa final'!$AD$128="Menor"),CONCATENATE("R40C",'Mapa final'!$R$128),"") | O89: =IF(AND('Mapa final'!$AB$129="Alta",'Mapa final'!$AD$129="Menor"),CONCATENATE("R40C",'Mapa final'!$R$129),"") | P89: =IF(AND('Mapa final'!$AB$127="Alta",'Mapa final'!$AD$127="Moderado"),CONCATENATE("R40C",'Mapa final'!$R$127),"") | Q89: =IF(AND('Mapa final'!$AB$128="Alta",'Mapa final'!$AD$128="Moderado"),CONCATENATE("R40C",'Mapa final'!$R$128),"") | R89: =IF(AND('Mapa final'!$AB$129="Alta",'Mapa final'!$AD$129="Moderado"),CONCATENATE("R40C",'Mapa final'!$R$129),"") | S89: =IF(AND('Mapa final'!$AB$127="Alta",'Mapa final'!$AD$127="Mayor"),CONCATENATE("R40C",'Mapa final'!$R$127),"") | T89: =IF(AND('Mapa final'!$AB$128="Alta",'Mapa final'!$AD$128="Mayor"),CONCATENATE("R40C",'Mapa final'!$R$128),"") | U89: =IF(AND('Mapa final'!$AB$129="Alta",'Mapa final'!$AD$129="Mayor"),CONCATENATE("R40C",'Mapa final'!$R$129),"") | V89: =IF(AND('Mapa final'!$AB$127="Alta",'Mapa final'!$AD$127="Catastrófico"),CONCATENATE("R40C",'Mapa final'!$R$127),"") | W89: =IF(AND('Mapa final'!$AB$128="Alta",'Mapa final'!$AD$128="Catastrófico"),CONCATENATE("R40C",'Mapa final'!$R$128),"") | X89: =IF(AND('Mapa final'!$AB$129="Alta",'Mapa final'!$AD$129="Catastrófico"),CONCATENATE("R40C",'Mapa final'!$R$129),"")
J90: =IF(AND('Mapa final'!$AB$130="Alta",'Mapa final'!$AD$130="Leve"),CONCATENATE("R41C",'Mapa final'!$R$130),"") | K90: =IF(AND('Mapa final'!$AB$131="Alta",'Mapa final'!$AD$131="Leve"),CONCATENATE("R41C",'Mapa final'!$R$131),"") | L90: =IF(AND('Mapa final'!$AB$132="Alta",'Mapa final'!$AD$132="Leve"),CONCATENATE("R41C",'Mapa final'!$R$132),"") | M90: =IF(AND('Mapa final'!$AB$130="Alta",'Mapa final'!$AD$130="Menor"),CONCATENATE("R41C",'Mapa final'!$R$130),"") | N90: =IF(AND('Mapa final'!$AB$131="Alta",'Mapa final'!$AD$131="Menor"),CONCATENATE("R41C",'Mapa final'!$R$131),"") | O90: =IF(AND('Mapa final'!$AB$132="Alta",'Mapa final'!$AD$132="Menor"),CONCATENATE("R41C",'Mapa final'!$R$132),"") | P90: =IF(AND('Mapa final'!$AB$130="Alta",'Mapa final'!$AD$130="Moderado"),CONCATENATE("R41C",'Mapa final'!$R$130),"") | Q90: =IF(AND('Mapa final'!$AB$131="Alta",'Mapa final'!$AD$131="Moderado"),CONCATENATE("R41C",'Mapa final'!$R$131),"") | R90: =IF(AND('Mapa final'!$AB$132="Alta",'Mapa final'!$AD$132="Moderado"),CONCATENATE("R41C",'Mapa final'!$R$132),"") | S90: =IF(AND('Mapa final'!$AB$130="Alta",'Mapa final'!$AD$130="Mayor"),CONCATENATE("R41C",'Mapa final'!$R$130),"") | T90: =IF(AND('Mapa final'!$AB$131="Alta",'Mapa final'!$AD$131="Mayor"),CONCATENATE("R41C",'Mapa final'!$R$131),"") | U90: =IF(AND('Mapa final'!$AB$132="Alta",'Mapa final'!$AD$132="Mayor"),CONCATENATE("R41C",'Mapa final'!$R$132),"") | V90: =IF(AND('Mapa final'!$AB$130="Alta",'Mapa final'!$AD$130="Catastrófico"),CONCATENATE("R41C",'Mapa final'!$R$130),"") | W90: =IF(AND('Mapa final'!$AB$131="Alta",'Mapa final'!$AD$131="Catastrófico"),CONCATENATE("R41C",'Mapa final'!$R$131),"") | X90: =IF(AND('Mapa final'!$AB$132="Alta",'Mapa final'!$AD$132="Catastrófico"),CONCATENATE("R41C",'Mapa final'!$R$132),"")
J91: =IF(AND('Mapa final'!$AB$133="Alta",'Mapa final'!$AD$133="Leve"),CONCATENATE("R42C",'Mapa final'!$R$133),"") | K91: =IF(AND('Mapa final'!$AB$134="Alta",'Mapa final'!$AD$134="Leve"),CONCATENATE("R42C",'Mapa final'!$R$134),"") | L91: =IF(AND('Mapa final'!$AB$135="Alta",'Mapa final'!$AD$135="Leve"),CONCATENATE("R42C",'Mapa final'!$R$135),"") | M91: =IF(AND('Mapa final'!$AB$133="Alta",'Mapa final'!$AD$133="Menor"),CONCATENATE("R42C",'Mapa final'!$R$133),"") | N91: =IF(AND('Mapa final'!$AB$134="Alta",'Mapa final'!$AD$134="Menor"),CONCATENATE("R42C",'Mapa final'!$R$134),"") | O91: =IF(AND('Mapa final'!$AB$135="Alta",'Mapa final'!$AD$135="Menor"),CONCATENATE("R42C",'Mapa final'!$R$135),"") | P91: =IF(AND('Mapa final'!$AB$133="Alta",'Mapa final'!$AD$133="Moderado"),CONCATENATE("R42C",'Mapa final'!$R$133),"") | Q91: =IF(AND('Mapa final'!$AB$134="Alta",'Mapa final'!$AD$134="Moderado"),CONCATENATE("R42C",'Mapa final'!$R$134),"") | R91: =IF(AND('Mapa final'!$AB$135="Alta",'Mapa final'!$AD$135="Moderado"),CONCATENATE("R42C",'Mapa final'!$R$135),"") | S91: =IF(AND('Mapa final'!$AB$133="Alta",'Mapa final'!$AD$133="Mayor"),CONCATENATE("R42C",'Mapa final'!$R$133),"") | T91: =IF(AND('Mapa final'!$AB$134="Alta",'Mapa final'!$AD$134="Mayor"),CONCATENATE("R42C",'Mapa final'!$R$134),"") | U91: =IF(AND('Mapa final'!$AB$135="Alta",'Mapa final'!$AD$135="Mayor"),CONCATENATE("R42C",'Mapa final'!$R$135),"") | V91: =IF(AND('Mapa final'!$AB$133="Alta",'Mapa final'!$AD$133="Catastrófico"),CONCATENATE("R42C",'Mapa final'!$R$133),"") | W91: =IF(AND('Mapa final'!$AB$134="Alta",'Mapa final'!$AD$134="Catastrófico"),CONCATENATE("R42C",'Mapa final'!$R$134),"") | X91: =IF(AND('Mapa final'!$AB$135="Alta",'Mapa final'!$AD$135="Catastrófico"),CONCATENATE("R42C",'Mapa final'!$R$135),"")
E92: Media 60% | J92: =IF(AND('Mapa final'!$AB$7="Media",'Mapa final'!$AD$7="Leve"),CONCATENATE("R1C",'Mapa final'!$R$7),"") | K92: =IF(AND('Mapa final'!$AB$8="Media",'Mapa final'!$AD$8="Leve"),CONCATENATE("R1C",'Mapa final'!$R$8),"") | L92: =IF(AND('Mapa final'!$AB$9="Media",'Mapa final'!$AD$9="Leve"),CONCATENATE("R1C",'Mapa final'!$R$9),"") | M92: =IF(AND('Mapa final'!$AB$7="Media",'Mapa final'!$AD$7="Menor"),CONCATENATE("R1C",'Mapa final'!$R$7),"") | N92: =IF(AND('Mapa final'!$AB$8="Media",'Mapa final'!$AD$8="Menor"),CONCATENATE("R1C",'Mapa final'!$R$8),"") | O92: =IF(AND('Mapa final'!$AB$9="Media",'Mapa final'!$AD$9="Menor"),CONCATENATE("R1C",'Mapa final'!$R$9),"") | P92: =IF(AND('Mapa final'!$AB$7="Media",'Mapa final'!$AD$7="Moderado"),CONCATENATE("R1C",'Mapa final'!$R$7),"") | Q92: =IF(AND('Mapa final'!$AB$8="Media",'Mapa final'!$AD$8="Moderado"),CONCATENATE("R1C",'Mapa final'!$R$8),"") | R92: =IF(AND('Mapa final'!$AB$9="Media",'Mapa final'!$AD$9="Moderado"),CONCATENATE("R1C",'Mapa final'!$R$9),"") | S92: =IF(AND('Mapa final'!$AB$7="Media",'Mapa final'!$AD$7="Mayor"),CONCATENATE("R1C",'Mapa final'!$R$7),"") | T92: =IF(AND('Mapa final'!$AB$8="Media",'Mapa final'!$AD$8="Mayor"),CONCATENATE("R1C",'Mapa final'!$R$8),"") | U92: =IF(AND('Mapa final'!$AB$9="Media",'Mapa final'!$AD$9="Mayor"),CONCATENATE("R1C",'Mapa final'!$R$9),"") | V92: =IF(AND('Mapa final'!$AB$7="Media",'Mapa final'!$AD$7="Catastrófico"),CONCATENATE("R1C",'Mapa final'!$R$7),"") | W92: =IF(AND('Mapa final'!$AB$8="Media",'Mapa final'!$AD$8="Catastrófico"),CONCATENATE("R1C",'Mapa final'!$R$8),"") | X92: =IF(AND('Mapa final'!$AB$9="Media",'Mapa final'!$AD$9="Catastrófico"),CONCATENATE("R1C",'Mapa final'!$R$9),"") | Z92: Moderado
J93: =IF(AND('Mapa final'!$AB$10="Media",'Mapa final'!$AD$10="Leve"),CONCATENATE("R2C",'Mapa final'!$R$10),"") | K93: =IF(AND('Mapa final'!$AB$11="Media",'Mapa final'!$AD$11="Leve"),CONCATENATE("R2C",'Mapa final'!$R$11),"") | L93: =IF(AND('Mapa final'!$AB$12="Media",'Mapa final'!$AD$12="Leve"),CONCATENATE("R2C",'Mapa final'!$R$12),"") | M93: =IF(AND('Mapa final'!$AB$10="Media",'Mapa final'!$AD$10="Menor"),CONCATENATE("R2C",'Mapa final'!$R$10),"") | N93: =IF(AND('Mapa final'!$AB$11="Media",'Mapa final'!$AD$11="Menor"),CONCATENATE("R2C",'Mapa final'!$R$11),"") | O93: =IF(AND('Mapa final'!$AB$12="Media",'Mapa final'!$AD$12="Menor"),CONCATENATE("R2C",'Mapa final'!$R$12),"") | P93: =IF(AND('Mapa final'!$AB$10="Media",'Mapa final'!$AD$10="Moderado"),CONCATENATE("R2C",'Mapa final'!$R$10),"") | Q93: =IF(AND('Mapa final'!$AB$11="Media",'Mapa final'!$AD$11="Moderado"),CONCATENATE("R2C",'Mapa final'!$R$11),"") | R93: =IF(AND('Mapa final'!$AB$12="Media",'Mapa final'!$AD$12="Moderado"),CONCATENATE("R2C",'Mapa final'!$R$12),"") | S93: =IF(AND('Mapa final'!$AB$10="Media",'Mapa final'!$AD$10="Mayor"),CONCATENATE("R2C",'Mapa final'!$R$10),"") | T93: =IF(AND('Mapa final'!$AB$11="Media",'Mapa final'!$AD$11="Mayor"),CONCATENATE("R2C",'Mapa final'!$R$11),"") | U93: =IF(AND('Mapa final'!$AB$12="Media",'Mapa final'!$AD$12="Mayor"),CONCATENATE("R2C",'Mapa final'!$R$12),"") | V93: =IF(AND('Mapa final'!$AB$10="Media",'Mapa final'!$AD$10="Catastrófico"),CONCATENATE("R2C",'Mapa final'!$R$10),"") | W93: =IF(AND('Mapa final'!$AB$11="Media",'Mapa final'!$AD$11="Catastrófico"),CONCATENATE("R2C",'Mapa final'!$R$11),"") | X93: =IF(AND('Mapa final'!$AB$12="Media",'Mapa final'!$AD$12="Catastrófico"),CONCATENATE("R2C",'Mapa final'!$R$12),"")
J94: =IF(AND('Mapa final'!$AB$13="Media",'Mapa final'!$AD$13="Leve"),CONCATENATE("R3C",'Mapa final'!$R$13),"") | K94: =IF(AND('Mapa final'!$AB$14="Media",'Mapa final'!$AD$14="Leve"),CONCATENATE("R3C",'Mapa final'!$R$14),"") | L94: =IF(AND('Mapa final'!$AB$15="Media",'Mapa final'!$AD$15="Leve"),CONCATENATE("R3C",'Mapa final'!$R$15),"") | M94: =IF(AND('Mapa final'!$AB$13="Media",'Mapa final'!$AD$13="Menor"),CONCATENATE("R3C",'Mapa final'!$R$13),"") | N94: =IF(AND('Mapa final'!$AB$14="Media",'Mapa final'!$AD$14="Menor"),CONCATENATE("R3C",'Mapa final'!$R$14),"") | O94: =IF(AND('Mapa final'!$AB$15="Media",'Mapa final'!$AD$15="Menor"),CONCATENATE("R3C",'Mapa final'!$R$15),"") | P94: =IF(AND('Mapa final'!$AB$13="Media",'Mapa final'!$AD$13="Moderado"),CONCATENATE("R3C",'Mapa final'!$R$13),"") -> R3C1 | Q94: =IF(AND('Mapa final'!$AB$14="Media",'Mapa final'!$AD$14="Moderado"),CONCATENATE("R3C",'Mapa final'!$R$14),"") | R94: =IF(AND('Mapa final'!$AB$15="Media",'Mapa final'!$AD$15="Moderado"),CONCATENATE("R3C",'Mapa final'!$R$15),"") | S94: =IF(AND('Mapa final'!$AB$13="Media",'Mapa final'!$AD$13="Mayor"),CONCATENATE("R3C",'Mapa final'!$R$13),"") | T94: =IF(AND('Mapa final'!$AB$14="Media",'Mapa final'!$AD$14="Mayor"),CONCATENATE("R3C",'Mapa final'!$R$14),"") | U94: =IF(AND('Mapa final'!$AB$15="Media",'Mapa final'!$AD$15="Mayor"),CONCATENATE("R3C",'Mapa final'!$R$15),"") | V94: =IF(AND('Mapa final'!$AB$13="Media",'Mapa final'!$AD$13="Catastrófico"),CONCATENATE("R3C",'Mapa final'!$R$13),"") | W94: =IF(AND('Mapa final'!$AB$14="Media",'Mapa final'!$AD$14="Catastrófico"),CONCATENATE("R3C",'Mapa final'!$R$14),"") | X94: =IF(AND('Mapa final'!$AB$15="Media",'Mapa final'!$AD$15="Catastrófico"),CONCATENATE("R3C",'Mapa final'!$R$15),"")
J95: =IF(AND('Mapa final'!$AB$16="Media",'Mapa final'!$AD$16="Leve"),CONCATENATE("R4C",'Mapa final'!$R$16),"") | K95: =IF(AND('Mapa final'!$AB$17="Media",'Mapa final'!$AD$17="Leve"),CONCATENATE("R4C",'Mapa final'!$R$17),"") | L95: =IF(AND('Mapa final'!$AB$18="Media",'Mapa final'!$AD$18="Leve"),CONCATENATE("R4C",'Mapa final'!$R$18),"") | M95: =IF(AND('Mapa final'!$AB$16="Media",'Mapa final'!$AD$16="Menor"),CONCATENATE("R4C",'Mapa final'!$R$16),"") -> R4C1 | N95: =IF(AND('Mapa final'!$AB$17="Media",'Mapa final'!$AD$17="Menor"),CONCATENATE("R4C",'Mapa final'!$R$17),"") | O95: =IF(AND('Mapa final'!$AB$18="Media",'Mapa final'!$AD$18="Menor"),CONCATENATE("R4C",'Mapa final'!$R$18),"") | P95: =IF(AND('Mapa final'!$AB$16="Media",'Mapa final'!$AD$16="Moderado"),CONCATENATE("R4C",'Mapa final'!$R$16),"") | Q95: =IF(AND('Mapa final'!$AB$17="Media",'Mapa final'!$AD$17="Moderado"),CONCATENATE("R4C",'Mapa final'!$R$17),"") | R95: =IF(AND('Mapa final'!$AB$18="Media",'Mapa final'!$AD$18="Moderado"),CONCATENATE("R4C",'Mapa final'!$R$18),"") | S95: =IF(AND('Mapa final'!$AB$16="Media",'Mapa final'!$AD$16="Mayor"),CONCATENATE("R4C",'Mapa final'!$R$16),"") | T95: =IF(AND('Mapa final'!$AB$17="Media",'Mapa final'!$AD$17="Mayor"),CONCATENATE("R4C",'Mapa final'!$R$17),"") | U95: =IF(AND('Mapa final'!$AB$18="Media",'Mapa final'!$AD$18="Mayor"),CONCATENATE("R4C",'Mapa final'!$R$18),"") | V95: =IF(AND('Mapa final'!$AB$16="Media",'Mapa final'!$AD$16="Catastrófico"),CONCATENATE("R4C",'Mapa final'!$R$16),"") | W95: =IF(AND('Mapa final'!$AB$17="Media",'Mapa final'!$AD$17="Catastrófico"),CONCATENATE("R4C",'Mapa final'!$R$17),"") | X95: =IF(AND('Mapa final'!$AB$18="Media",'Mapa final'!$AD$18="Catastrófico"),CONCATENATE("R4C",'Mapa final'!$R$18),"")
J96: =IF(AND('Mapa final'!$AB$19="Media",'Mapa final'!$AD$19="Leve"),CONCATENATE("R5C",'Mapa final'!$R$19),"") | K96: =IF(AND('Mapa final'!$AB$20="Media",'Mapa final'!$AD$20="Leve"),CONCATENATE("R5C",'Mapa final'!$R$20),"") | L96: =IF(AND('Mapa final'!$AB$21="Media",'Mapa final'!$AD$21="Leve"),CONCATENATE("R5C",'Mapa final'!$R$21),"") | M96: =IF(AND('Mapa final'!$AB$19="Media",'Mapa final'!$AD$19="Menor"),CONCATENATE("R5C",'Mapa final'!$R$19),"") | N96: =IF(AND('Mapa final'!$AB$20="Media",'Mapa final'!$AD$20="Menor"),CONCATENATE("R5C",'Mapa final'!$R$20),"") | O96: =IF(AND('Mapa final'!$AB$21="Media",'Mapa final'!$AD$21="Menor"),CONCATENATE("R5C",'Mapa final'!$R$21),"") | P96: =IF(AND('Mapa final'!$AB$19="Media",'Mapa final'!$AD$19="Moderado"),CONCATENATE("R5C",'Mapa final'!$R$19),"") -> R5C1 | Q96: =IF(AND('Mapa final'!$AB$20="Media",'Mapa final'!$AD$20="Moderado"),CONCATENATE("R5C",'Mapa final'!$R$20),"") | R96: =IF(AND('Mapa final'!$AB$21="Media",'Mapa final'!$AD$21="Moderado"),CONCATENATE("R5C",'Mapa final'!$R$21),"") | S96: =IF(AND('Mapa final'!$AB$19="Media",'Mapa final'!$AD$19="Mayor"),CONCATENATE("R5C",'Mapa final'!$R$19),"") | T96: =IF(AND('Mapa final'!$AB$20="Media",'Mapa final'!$AD$20="Mayor"),CONCATENATE("R5C",'Mapa final'!$R$20),"") | U96: =IF(AND('Mapa final'!$AB$21="Media",'Mapa final'!$AD$21="Mayor"),CONCATENATE("R5C",'Mapa final'!$R$21),"") | V96: =IF(AND('Mapa final'!$AB$19="Media",'Mapa final'!$AD$19="Catastrófico"),CONCATENATE("R5C",'Mapa final'!$R$19),"") | W96: =IF(AND('Mapa final'!$AB$20="Media",'Mapa final'!$AD$20="Catastrófico"),CONCATENATE("R5C",'Mapa final'!$R$20),"") | X96: =IF(AND('Mapa final'!$AB$21="Media",'Mapa final'!$AD$21="Catastrófico"),CONCATENATE("R5C",'Mapa final'!$R$21),"")
J97: =IF(AND('Mapa final'!$AB$22="Media",'Mapa final'!$AD$22="Leve"),CONCATENATE("R6C",'Mapa final'!$R$22),"") | K97: =IF(AND('Mapa final'!$AB$23="Media",'Mapa final'!$AD$23="Leve"),CONCATENATE("R6C",'Mapa final'!$R$23),"") | L97: =IF(AND('Mapa final'!$AB$24="Media",'Mapa final'!$AD$24="Leve"),CONCATENATE("R6C",'Mapa final'!$R$24),"") | M97: =IF(AND('Mapa final'!$AB$22="Media",'Mapa final'!$AD$22="Menor"),CONCATENATE("R6C",'Mapa final'!$R$22),"") | N97: =IF(AND('Mapa final'!$AB$23="Media",'Mapa final'!$AD$23="Menor"),CONCATENATE("R6C",'Mapa final'!$R$23),"") | O97: =IF(AND('Mapa final'!$AB$24="Media",'Mapa final'!$AD$24="Menor"),CONCATENATE("R6C",'Mapa final'!$R$24),"") | P97: =IF(AND('Mapa final'!$AB$22="Media",'Mapa final'!$AD$22="Moderado"),CONCATENATE("R6C",'Mapa final'!$R$22),"") | Q97: =IF(AND('Mapa final'!$AB$23="Media",'Mapa final'!$AD$23="Moderado"),CONCATENATE("R6C",'Mapa final'!$R$23),"") | R97: =IF(AND('Mapa final'!$AB$24="Media",'Mapa final'!$AD$24="Moderado"),CONCATENATE("R6C",'Mapa final'!$R$24),"") | S97: =IF(AND('Mapa final'!$AB$22="Media",'Mapa final'!$AD$22="Mayor"),CONCATENATE("R6C",'Mapa final'!$R$22),"") -> R6C1 | T97: =IF(AND('Mapa final'!$AB$23="Media",'Mapa final'!$AD$23="Mayor"),CONCATENATE("R6C",'Mapa final'!$R$23),"") | U97: =IF(AND('Mapa final'!$AB$24="Media",'Mapa final'!$AD$24="Mayor"),CONCATENATE("R6C",'Mapa final'!$R$24),"") | V97: =IF(AND('Mapa final'!$AB$22="Media",'Mapa final'!$AD$22="Catastrófico"),CONCATENATE("R6C",'Mapa final'!$R$22),"") | W97: =IF(AND('Mapa final'!$AB$23="Media",'Mapa final'!$AD$23="Catastrófico"),CONCATENATE("R6C",'Mapa final'!$R$23),"") | X97: =IF(AND('Mapa final'!$AB$24="Media",'Mapa final'!$AD$24="Catastrófico"),CONCATENATE("R6C",'Mapa final'!$R$24),"")
J98: =IF(AND('Mapa final'!$AB$25="Media",'Mapa final'!$AD$25="Leve"),CONCATENATE("R7C",'Mapa final'!$R$25),"") | K98: =IF(AND('Mapa final'!$AB$26="Media",'Mapa final'!$AD$26="Leve"),CONCATENATE("R7C",'Mapa final'!$R$26),"") | L98: =IF(AND('Mapa final'!$AB$27="Media",'Mapa final'!$AD$27="Leve"),CONCATENATE("R7C",'Mapa final'!$R$27),"") | M98: =IF(AND('Mapa final'!$AB$25="Media",'Mapa final'!$AD$25="Menor"),CONCATENATE("R7C",'Mapa final'!$R$25),"") | N98: =IF(AND('Mapa final'!$AB$26="Media",'Mapa final'!$AD$26="Menor"),CONCATENATE("R7C",'Mapa final'!$R$26),"") | O98: =IF(AND('Mapa final'!$AB$27="Media",'Mapa final'!$AD$27="Menor"),CONCATENATE("R7C",'Mapa final'!$R$27),"") | P98: =IF(AND('Mapa final'!$AB$25="Media",'Mapa final'!$AD$25="Moderado"),CONCATENATE("R7C",'Mapa final'!$R$25),"") | Q98: =IF(AND('Mapa final'!$AB$26="Media",'Mapa final'!$AD$26="Moderado"),CONCATENATE("R7C",'Mapa final'!$R$26),"") | R98: =IF(AND('Mapa final'!$AB$27="Media",'Mapa final'!$AD$27="Moderado"),CONCATENATE("R7C",'Mapa final'!$R$27),"") | S98: =IF(AND('Mapa final'!$AB$25="Media",'Mapa final'!$AD$25="Mayor"),CONCATENATE("R7C",'Mapa final'!$R$25),"") | T98: =IF(AND('Mapa final'!$AB$26="Media",'Mapa final'!$AD$26="Mayor"),CONCATENATE("R7C",'Mapa final'!$R$26),"") | U98: =IF(AND('Mapa final'!$AB$27="Media",'Mapa final'!$AD$27="Mayor"),CONCATENATE("R7C",'Mapa final'!$R$27),"") | V98: =IF(AND('Mapa final'!$AB$25="Media",'Mapa final'!$AD$25="Catastrófico"),CONCATENATE("R7C",'Mapa final'!$R$25),"") | W98: =IF(AND('Mapa final'!$AB$26="Media",'Mapa final'!$AD$26="Catastrófico"),CONCATENATE("R7C",'Mapa final'!$R$26),"") | X98: =IF(AND('Mapa final'!$AB$27="Media",'Mapa final'!$AD$27="Catastrófico"),CONCATENATE("R7C",'Mapa final'!$R$27),"")
J99: =IF(AND('Mapa final'!$AB$28="Media",'Mapa final'!$AD$28="Leve"),CONCATENATE("R8C",'Mapa final'!$R$28),"") | K99: =IF(AND('Mapa final'!$AB$29="Media",'Mapa final'!$AD$29="Leve"),CONCATENATE("R8C",'Mapa final'!$R$29),"") | L99: =IF(AND('Mapa final'!$AB$30="Media",'Mapa final'!$AD$30="Leve"),CONCATENATE("R8C",'Mapa final'!$R$30),"") | M99: =IF(AND('Mapa final'!$AB$28="Media",'Mapa final'!$AD$28="Menor"),CONCATENATE("R8C",'Mapa final'!$R$28),"") | N99: =IF(AND('Mapa final'!$AB$29="Media",'Mapa final'!$AD$29="Menor"),CONCATENATE("R8C",'Mapa final'!$R$29),"") | O99: =IF(AND('Mapa final'!$AB$30="Media",'Mapa final'!$AD$30="Menor"),CONCATENATE("R8C",'Mapa final'!$R$30),"") | P99: =IF(AND('Mapa final'!$AB$28="Media",'Mapa final'!$AD$28="Moderado"),CONCATENATE("R8C",'Mapa final'!$R$28),"") | Q99: =IF(AND('Mapa final'!$AB$29="Media",'Mapa final'!$AD$29="Moderado"),CONCATENATE("R8C",'Mapa final'!$R$29),"") | R99: =IF(AND('Mapa final'!$AB$30="Media",'Mapa final'!$AD$30="Moderado"),CONCATENATE("R8C",'Mapa final'!$R$30),"") | S99: =IF(AND('Mapa final'!$AB$28="Media",'Mapa final'!$AD$28="Mayor"),CONCATENATE("R8C",'Mapa final'!$R$28),"") | T99: =IF(AND('Mapa final'!$AB$29="Media",'Mapa final'!$AD$29="Mayor"),CONCATENATE("R8C",'Mapa final'!$R$29),"") | U99: =IF(AND('Mapa final'!$AB$30="Media",'Mapa final'!$AD$30="Mayor"),CONCATENATE("R8C",'Mapa final'!$R$30),"") | V99: =IF(AND('Mapa final'!$AB$28="Media",'Mapa final'!$AD$28="Catastrófico"),CONCATENATE("R8C",'Mapa final'!$R$28),"") | W99: =IF(AND('Mapa final'!$AB$29="Media",'Mapa final'!$AD$29="Catastrófico"),CONCATENATE("R8C",'Mapa final'!$R$29),"") | X99: =IF(AND('Mapa final'!$AB$30="Media",'Mapa final'!$AD$30="Catastrófico"),CONCATENATE("R8C",'Mapa final'!$R$30),"")
J100: =IF(AND('Mapa final'!$AB$31="Media",'Mapa final'!$AD$31="Leve"),CONCATENATE("R9C",'Mapa final'!$R$31),"") | K100: =IF(AND('Mapa final'!$AB$32="Media",'Mapa final'!$AD$32="Leve"),CONCATENATE("R9C",'Mapa final'!$R$32),"") | L100: =IF(AND('Mapa final'!$AB$33="Media",'Mapa final'!$AD$33="Leve"),CONCATENATE("R9C",'Mapa final'!$R$33),"") | M100: =IF(AND('Mapa final'!$AB$31="Media",'Mapa final'!$AD$31="Menor"),CONCATENATE("R9C",'Mapa final'!$R$31),"") | N100: =IF(AND('Mapa final'!$AB$32="Media",'Mapa final'!$AD$32="Menor"),CONCATENATE("R9C",'Mapa final'!$R$32),"") | O100: =IF(AND('Mapa final'!$AB$33="Media",'Mapa final'!$AD$33="Menor"),CONCATENATE("R9C",'Mapa final'!$R$33),"") | P100: =IF(AND('Mapa final'!$AB$31="Media",'Mapa final'!$AD$31="Moderado"),CONCATENATE("R9C",'Mapa final'!$R$31),"") | Q100: =IF(AND('Mapa final'!$AB$32="Media",'Mapa final'!$AD$32="Moderado"),CONCATENATE("R9C",'Mapa final'!$R$32),"") | R100: =IF(AND('Mapa final'!$AB$33="Media",'Mapa final'!$AD$33="Moderado"),CONCATENATE("R9C",'Mapa final'!$R$33),"") | S100: =IF(AND('Mapa final'!$AB$31="Media",'Mapa final'!$AD$31="Mayor"),CONCATENATE("R9C",'Mapa final'!$R$31),"") | T100: =IF(AND('Mapa final'!$AB$32="Media",'Mapa final'!$AD$32="Mayor"),CONCATENATE("R9C",'Mapa final'!$R$32),"") | U100: =IF(AND('Mapa final'!$AB$33="Media",'Mapa final'!$AD$33="Mayor"),CONCATENATE("R9C",'Mapa final'!$R$33),"") | V100: =IF(AND('Mapa final'!$AB$31="Media",'Mapa final'!$AD$31="Catastrófico"),CONCATENATE("R9C",'Mapa final'!$R$31),"") | W100: =IF(AND('Mapa final'!$AB$32="Media",'Mapa final'!$AD$32="Catastrófico"),CONCATENATE("R9C",'Mapa final'!$R$32),"") | X100: =IF(AND('Mapa final'!$AB$33="Media",'Mapa final'!$AD$33="Catastrófico"),CONCATENATE("R9C",'Mapa final'!$R$33),"")
J101: =IF(AND('Mapa final'!$AB$34="Media",'Mapa final'!$AD$34="Leve"),CONCATENATE("R10C",'Mapa final'!$R$34),"") | K101: =IF(AND('Mapa final'!$AB$35="Media",'Mapa final'!$AD$35="Leve"),CONCATENATE("R10C",'Mapa final'!$R$35),"") | L101: =IF(AND('Mapa final'!$AB$36="Media",'Mapa final'!$AD$36="Leve"),CONCATENATE("R10C",'Mapa final'!$R$36),"") | M101: =IF(AND('Mapa final'!$AB$34="Media",'Mapa final'!$AD$34="Menor"),CONCATENATE("R10C",'Mapa final'!$R$34),"") | N101: =IF(AND('Mapa final'!$AB$35="Media",'Mapa final'!$AD$35="Menor"),CONCATENATE("R10C",'Mapa final'!$R$35),"") | O101: =IF(AND('Mapa final'!$AB$36="Media",'Mapa final'!$AD$36="Menor"),CONCATENATE("R10C",'Mapa final'!$R$36),"") | P101: =IF(AND('Mapa final'!$AB$34="Media",'Mapa final'!$AD$34="Moderado"),CONCATENATE("R10C",'Mapa final'!$R$34),"") -> R10C1 | Q101: =IF(AND('Mapa final'!$AB$35="Media",'Mapa final'!$AD$35="Moderado"),CONCATENATE("R10C",'Mapa final'!$R$35),"") | R101: =IF(AND('Mapa final'!$AB$36="Media",'Mapa final'!$AD$36="Moderado"),CONCATENATE("R10C",'Mapa final'!$R$36),"") | S101: =IF(AND('Mapa final'!$AB$34="Media",'Mapa final'!$AD$34="Mayor"),CONCATENATE("R10C",'Mapa final'!$R$34),"") | T101: =IF(AND('Mapa final'!$AB$35="Media",'Mapa final'!$AD$35="Mayor"),CONCATENATE("R10C",'Mapa final'!$R$35),"") | U101: =IF(AND('Mapa final'!$AB$36="Media",'Mapa final'!$AD$36="Mayor"),CONCATENATE("R10C",'Mapa final'!$R$36),"") | V101: =IF(AND('Mapa final'!$AB$34="Media",'Mapa final'!$AD$34="Catastrófico"),CONCATENATE("R10C",'Mapa final'!$R$34),"") | W101: =IF(AND('Mapa final'!$AB$35="Media",'Mapa final'!$AD$35="Catastrófico"),CONCATENATE("R10C",'Mapa final'!$R$35),"") | X101: =IF(AND('Mapa final'!$AB$36="Media",'Mapa final'!$AD$36="Catastrófico"),CONCATENATE("R10C",'Mapa final'!$R$36),"")
J102: =IF(AND('Mapa final'!$AB$37="Media",'Mapa final'!$AD$37="Leve"),CONCATENATE("R11C",'Mapa final'!$R$37),"") | K102: =IF(AND('Mapa final'!$AB$38="Media",'Mapa final'!$AD$38="Leve"),CONCATENATE("R11C",'Mapa final'!$R$38),"") | L102: =IF(AND('Mapa final'!$AB$39="Media",'Mapa final'!$AD$39="Leve"),CONCATENATE("R11C",'Mapa final'!$R$39),"") | M102: =IF(AND('Mapa final'!$AB$37="Media",'Mapa final'!$AD$37="Menor"),CONCATENATE("R11C",'Mapa final'!$R$37),"") | N102: =IF(AND('Mapa final'!$AB$38="Media",'Mapa final'!$AD$38="Menor"),CONCATENATE("R11C",'Mapa final'!$R$38),"") | O102: =IF(AND('Mapa final'!$AB$39="Media",'Mapa final'!$AD$39="Menor"),CONCATENATE("R11C",'Mapa final'!$R$39),"") | P102: =IF(AND('Mapa final'!$AB$37="Media",'Mapa final'!$AD$37="Moderado"),CONCATENATE("R11C",'Mapa final'!$R$37),"") | Q102: =IF(AND('Mapa final'!$AB$38="Media",'Mapa final'!$AD$38="Moderado"),CONCATENATE("R11C",'Mapa final'!$R$38),"") | R102: =IF(AND('Mapa final'!$AB$39="Media",'Mapa final'!$AD$39="Moderado"),CONCATENATE("R11C",'Mapa final'!$R$39),"") | S102: =IF(AND('Mapa final'!$AB$37="Media",'Mapa final'!$AD$37="Mayor"),CONCATENATE("R11C",'Mapa final'!$R$37),"") | T102: =IF(AND('Mapa final'!$AB$38="Media",'Mapa final'!$AD$38="Mayor"),CONCATENATE("R11C",'Mapa final'!$R$38),"") | U102: =IF(AND('Mapa final'!$AB$39="Media",'Mapa final'!$AD$39="Mayor"),CONCATENATE("R11C",'Mapa final'!$R$39),"") | V102: =IF(AND('Mapa final'!$AB$37="Media",'Mapa final'!$AD$37="Catastrófico"),CONCATENATE("R11C",'Mapa final'!$R$37),"") | W102: =IF(AND('Mapa final'!$AB$38="Media",'Mapa final'!$AD$38="Catastrófico"),CONCATENATE("R11C",'Mapa final'!$R$38),"") | X102: =IF(AND('Mapa final'!$AB$39="Media",'Mapa final'!$AD$39="Catastrófico"),CONCATENATE("R11C",'Mapa final'!$R$39),"")
J103: =IF(AND('Mapa final'!$AB$40="Media",'Mapa final'!$AD$40="Leve"),CONCATENATE("R11C",'Mapa final'!$R$40),"") | K103: =IF(AND('Mapa final'!$AB$41="Media",'Mapa final'!$AD$41="Leve"),CONCATENATE("R12C",'Mapa final'!$R$41),"") | L103: =IF(AND('Mapa final'!$AB$42="Media",'Mapa final'!$AD$42="Leve"),CONCATENATE("R12C",'Mapa final'!$R$42),"") | M103: =IF(AND('Mapa final'!$AB$40="Media",'Mapa final'!$AD$40="Menor"),CONCATENATE("R11C",'Mapa final'!$R$40),"") | N103: =IF(AND('Mapa final'!$AB$41="Media",'Mapa final'!$AD$41="Menor"),CONCATENATE("R12C",'Mapa final'!$R$41),"") | O103: =IF(AND('Mapa final'!$AB$42="Media",'Mapa final'!$AD$42="Menor"),CONCATENATE("R12C",'Mapa final'!$R$42),"") | P103: =IF(AND('Mapa final'!$AB$40="Media",'Mapa final'!$AD$40="Moderado"),CONCATENATE("R11C",'Mapa final'!$R$40),"") | Q103: =IF(AND('Mapa final'!$AB$41="Media",'Mapa final'!$AD$41="Moderado"),CONCATENATE("R12C",'Mapa final'!$R$41),"") | R103: =IF(AND('Mapa final'!$AB$42="Media",'Mapa final'!$AD$42="Moderado"),CONCATENATE("R12C",'Mapa final'!$R$42),"") | S103: =IF(AND('Mapa final'!$AB$40="Media",'Mapa final'!$AD$40="Mayor"),CONCATENATE("R11C",'Mapa final'!$R$40),"") | T103: =IF(AND('Mapa final'!$AB$41="Media",'Mapa final'!$AD$41="Mayor"),CONCATENATE("R12C",'Mapa final'!$R$41),"") | U103: =IF(AND('Mapa final'!$AB$42="Media",'Mapa final'!$AD$42="Mayor"),CONCATENATE("R12C",'Mapa final'!$R$42),"") | V103: =IF(AND('Mapa final'!$AB$40="Media",'Mapa final'!$AD$40="Catastrófico"),CONCATENATE("R11C",'Mapa final'!$R$40),"") | W103: =IF(AND('Mapa final'!$AB$41="Media",'Mapa final'!$AD$41="Catastrófico"),CONCATENATE("R12C",'Mapa final'!$R$41),"") | X103: =IF(AND('Mapa final'!$AB$42="Media",'Mapa final'!$AD$42="Catastrófico"),CONCATENATE("R12C",'Mapa final'!$R$42),"")
J104: =IF(AND('Mapa final'!$AB$43="Media",'Mapa final'!$AD$43="Leve"),CONCATENATE("R12C",'Mapa final'!$R$43),"") | K104: =IF(AND('Mapa final'!$AB$44="Media",'Mapa final'!$AD$44="Leve"),CONCATENATE("R13C",'Mapa final'!$R$44),"") | L104: =IF(AND('Mapa final'!$AB$45="Media",'Mapa final'!$AD$45="Leve"),CONCATENATE("R13C",'Mapa final'!$R$45),"") | M104: =IF(AND('Mapa final'!$AB$43="Media",'Mapa final'!$AD$43="Menor"),CONCATENATE("R12C",'Mapa final'!$R$43),"") | N104: =IF(AND('Mapa final'!$AB$44="Media",'Mapa final'!$AD$44="Menor"),CONCATENATE("R13C",'Mapa final'!$R$44),"") | O104: =IF(AND('Mapa final'!$AB$45="Media",'Mapa final'!$AD$45="Menor"),CONCATENATE("R13C",'Mapa final'!$R$45),"") | P104: =IF(AND('Mapa final'!$AB$43="Media",'Mapa final'!$AD$43="Moderado"),CONCATENATE("R12C",'Mapa final'!$R$43),"") | Q104: =IF(AND('Mapa final'!$AB$44="Media",'Mapa final'!$AD$44="Moderado"),CONCATENATE("R13C",'Mapa final'!$R$44),"") | R104: =IF(AND('Mapa final'!$AB$45="Media",'Mapa final'!$AD$45="Moderado"),CONCATENATE("R13C",'Mapa final'!$R$45),"") | S104: =IF(AND('Mapa final'!$AB$43="Media",'Mapa final'!$AD$43="Mayor"),CONCATENATE("R12C",'Mapa final'!$R$43),"") | T104: =IF(AND('Mapa final'!$AB$44="Media",'Mapa final'!$AD$44="Mayor"),CONCATENATE("R13C",'Mapa final'!$R$44),"") | U104: =IF(AND('Mapa final'!$AB$45="Media",'Mapa final'!$AD$45="Mayor"),CONCATENATE("R13C",'Mapa final'!$R$45),"") | V104: =IF(AND('Mapa final'!$AB$43="Media",'Mapa final'!$AD$43="Catastrófico"),CONCATENATE("R12C",'Mapa final'!$R$43),"") | W104: =IF(AND('Mapa final'!$AB$44="Media",'Mapa final'!$AD$44="Catastrófico"),CONCATENATE("R13C",'Mapa final'!$R$44),"") | X104: =IF(AND('Mapa final'!$AB$45="Media",'Mapa final'!$AD$45="Catastrófico"),CONCATENATE("R13C",'Mapa final'!$R$45),"")
...

Sheet Mapa final
A1: Mapa Riesgos Institucional Empresa de Renovación y Desarrollo Urbano de Bogotá - 2026
A4: Identificación del riesgo | K4: Análisis del riesgo inherente | R4: Evaluación del riesgo - Valoración de los controles | AA4: Evaluación del riesgo - Nivel del riesgo residual | AH4: Plan de Acción | AO4: Seguimiento Primer Semestre 2026
A5: Referencia | B5: Proceso | C5: Objetivo | D5: Alcance | E5: Impacto | F5: Causa Inmediata | G5: Causa Raíz | H5: Descripción del Riesgo | I5: Clasificación del Riesgo | J5: Frecuencia con la cual se realiza la actividad | K5: Probabilidad Inherente | L5: % | M5: Criterios de impacto | N5: Observación de criterio | O5: Impacto Inherente | P5: % | Q5: Zona de Riesgo Inherente | R5: No. Control | S5: Descripción del Control | T5: Afectación | U5: Atributos | AA5: Probabilidad Residual | AB5: Probabilidad Residual Final | AC5: % | AD5: Impacto Residual Final | AE5: % | AF5: Zona de Riesgo Final | AG5: Tratamiento | AH5: Acción de tratamiento | AI5: Periodicidad de Seguimiento | AJ5: Fecha Inicio | AK5: Fecha fin | AL5: Acción de Contingencia ante posible materialización | AM5: Estado | AO5: Seguimiento Controles | AR5: Seguimiento Acciones de Tratamiento | AU5: ¿Se materializo el riesgo? | AX5: Seguimiento Acciones de Contingencia | AZ5: Observaciones
U6: Tipo | V6: Implementación | W6: Calificación | X6: Documentación | Y6: Frecuencia | Z6: Evidencia | AO6: Describa las actividades desarrolladas para dar cumplimiento a los controles establecidos | AP6: Enuncie las evidencias que soportan el seguimiento del control y anéxelas en la carpeta compartida destinada para ello (si son de carácter reservado, no es necesario anexarlas) | AQ6: % de Cumplimiento | AR6: Describa las actividades desarrolladas para dar cumplimiento a las acciones de tratamiento establecidas | AS6: Relacione las evidencias que soportan el seguimiento de las acciones de tratamiento y anéxelas en la carpeta compartida destinada para ello (si son de carácter reservado, no es necesario anexarla) | AT6: % de Cumplimiento | AU6: Si | AV6: No | AW6: En caso de materialización describa cómo se materializó | AX6: Describa las actividades desarrolladas para dar cumplimiento a las acciones de contingencia en los casos que se materializo el riesgo | AY6: Relacione las evidencias que soportan el seguimiento de las acciones de contingencia y anéxelas en la carpeta compartida destinada para ello (si son de carácter reservado, no es necesario anexarlas)
A7: 1 | B7: Direccionamiento y Planeación Institucional | C7: Establecer y liderar la implementación de metodologías, lineamientos estratégicos y de operación de la Empresa, para la programación y seguimiento al cumplimiento de objetivos, políticas y metas institucionales. | D7: Inicia con la definición y/o actualización del marco estratégico, incluye la definición de lineamientos y metodologías para la planeación, gestión y mejora, y termina con el seguimiento y la presentación de los resultados de la gestión institucional. | E7: Reputacional | F7: Concentración de poder. | G7: Excesiva discrecionalidad. | H7: Posibilidad de que por acción u omisión haya priorización de planes, programas o proyectos o de toma de decisiones para favorecer intereses particulares. | I7: Fraude Interno | J7: 30 | K7: =IF(J7<=0,"",IF(J7<=2,"Muy Baja",IF(J7<=24,"Baja",IF(J7<=500,"Media",IF(J7<=5000,"Alta","Muy Alta"))))) -> Media | L7: =IF(K7="","",IF(K7="Muy Baja",0.2,IF(K7="Baja",0.4,IF(K7="Media",0.6,IF(K7="Alta",0.8,IF(K7="Muy Alta",1,)))))) -> 0.6 | M7: El riesgo afecta la imagen de la entidad con algunos usuarios de relevancia frente al logro de los objetivos | N7: =IF(NOT(ISERROR(MATCH(M7,'Tabla Impacto'!$B$221:$B$223,0))),'Tabla Impacto'!$F$223&"Por favor no seleccionar los criterios de impacto(Afectación Económica o presupuestal y Pérdida Reputacional)",M7) -> El riesgo afecta la imagen de la entidad con algunos usuarios de relevancia frente al logro de los objetivos | O7: =IF(OR(N7='Tabla Impacto'!$C$11,N7='Tabla Impacto'!$D$11),"Leve",IF(OR(N7='Tabla Impacto'!$C$12,N7='Tabla Impacto'!$D$12),"Menor",IF(OR(N7='Tabla Impacto'!$C$13,N7='Tabla Impacto'!$D$13),"Moderado",IF(OR(N7='Tabla Impacto'!$C$14,N7='Tabla Impacto'!$D$14),"Mayor",IF(OR(N7='Tabla Impacto'!$C$15,N7='Tabla Impacto'!$D$15),"Catastrófico",""))))) -> Moderado | P7: =IF(O7="","",IF(O7="Leve",0.2,IF(O7="Menor",0.4,IF(O7="Moderado",0.6,IF(O7="Mayor",0.8,IF(O7="Catastrófico",1,)))))) -> 0.6 | Q7: =IF(OR(AND(K7="Muy Baja",O7="Leve"),AND(K7="Muy Baja",O7="Menor"),AND(K7="Baja",O7="Leve")),"Bajo",IF(OR(AND(K7="Muy baja",O7="Moderado"),AND(K7="Baja",O7="Menor"),AND(K7="Baja",O7="Moderado"),AND(K7="Media",O7="Leve"),AND(K7="Media",O7="Menor"),AND(K7="Media",O7="Moderado"),AND(K7="Alta",O7="Leve"),AND(K7="Alta",O7="Menor")),"Moderado",IF(OR(AND(K7="Muy Baja",O7="Mayor"),AND(K7="Baja",O7="Mayor"),AND(K7="Media",O7="Mayor"),AND(K7="Alta",O7="Moderado"),AND(K7="Alta",O7="Mayor"),AND(K7="Muy Alta",O7="Leve"),AND(K7="Muy Alta",O7="Menor"),AND(K7="Muy Alta",O7="Moderado"),AND(K7="Muy Alta",O7="Mayor")),"Alto",IF(OR(AND(K7="Muy Baja",O7="Catastrófico"),AND(K7="Baja",O7="Catastrófico"),AND(K7="Media",O7="Catastrófico"),AND(K7="Alta",O7="Catastrófico"),AND(K7="Muy Alta",O7="Catastrófico")),"Extremo","")))) -> Moderado | R7: 1 | S7: El Comité Institucional de Gestión y Desempeño al inicio de cada vigencia verifica y aprueba los planes, programas o proyectos de inversión que se formulan de manera participativa entre la alta dirección y los responsables de los procesos. De otra parte, el Comité de Proyectos realiza la verificación objetiva de la viabilidad de los criterios técnicos, jurídicos, socioambientales y financieros, así como la alineación con los objetivos estratégicos de la empresa presentada por la Subgerencia de Planeamiento y Estructuración. En caso de encontrar alguna desviación se generan observaciones para presentar en siguiente iteración. | T7: =IF(OR(U7="Preventivo",U7="Detectivo"),"Probabilidad",IF(U7="Correctivo","Impacto","")) -> Probabilidad | U7: Preventivo | V7: Manual | W7: =IF(AND(U7="Preventivo",V7="Automático"),"50%",IF(AND(U7="Preventivo",V7="Manual"),"40%",IF(AND(U7="Detectivo",V7="Automático"),"40%",IF(AND(U7="Detectivo",V7="Manual"),"30%",IF(AND(U7="Correctivo",V7="Automático"),"35%",IF(AND(U7="Correctivo",V7="Manual"),"25%","")))))) -> 40% | X7: Documentado | Y7: Continua | Z7: Con Registro | AA7: =IFERROR(IF(T7="Probabilidad",($L$7-(+$L$7*W7)),IF(T7="Impacto",$L$7,"")),"") -> 0.36 | AB7: =IFERROR(IF(AA7="","",IF(AA7<=0.2,"Muy Baja",IF(AA7<=0.4,"Baja",IF(AA7<=0.6,"Media",IF(AA7<=0.8,"Alta","Muy Alta"))))),"") -> Baja | AC7: =+AA7 -> 0.36 | AD7: =IFERROR(IF(AE7="","",IF(AE7<=0.2,"Leve",IF(AE7<=0.4,"Menor",IF(AE7<=0.6,"Moderado",IF(AE7<=0.8,"Mayor","Catastrófico"))))),"") -> Moderado | AE7: =IFERROR(IF(T7="Impacto",($P$7-(+$P$7*W7)),IF(T7="Probabilidad",$P$7,"")),"") -> 0.6 | AF7: =IFERROR(IF(OR(AND(AB7="Muy Baja",AD7="Leve"),AND(AB7="Muy Baja",AD7="Menor"),AND(AB7="Baja",AD7="Leve")),"Bajo",IF(OR(AND(AB7="Muy baja",AD7="Moderado"),AND(AB7="Baja",AD7="Menor"),AND(AB7="Baja",AD7="Moderado"),AND(AB7="Media",AD7="Leve"),AND(AB7="Media",AD7="Menor"),AND(AB7="Media",AD7="Moderado"),AND(AB7="Alta",AD7="Leve"),AND(AB7="Alta",AD7="Menor")),"Moderado",IF(OR(AND(AB7="Muy Baja",AD7="Mayor"),AND(AB7="Baja",AD7="Mayor"),AND(AB7="Media",AD7="Mayor"),AND(AB7="Alta",AD7="Moderado"),AND(AB7="Alta",AD7="Mayor"),AND(AB7="Muy Alta",AD7="Leve"),AND(AB7="Muy Alta",AD7="Menor"),AND(AB7="Muy Alta",AD7="Moderado"),AND(AB7="Muy Alta",AD7="Mayor")),"Alto",IF(OR(AND(AB7="Muy Baja",AD7="Catastrófico"),AND(AB7="Baja",AD7="Catastrófico"),AND(AB7="Media",AD7="Catastrófico"),AND(AB7="Alta",AD7="Catastrófico"),AND(AB7="Muy Alta",AD7="Catastrófico")),"Extremo","")))),"") -> Moderado | AG7: Reducir (mitigar) | AH7: Capacitar al equipo responsable en el uso y aplicación efectiva de las guías y procedimientos asociadas a la formulación de proyectos. | AI7: Semestral | AJ7: Enero | AK7: Diciembre | AL7: Informar a las instancias internas y externas de control que corresponda. | AO7: La Oficina Asesora de Planeación, en conjunto con las áreas que cuentan con estrategias para la vigencia 2026 dentro del plan estratégico de la empresa, generó el plan de acción 2026, el cual fue aprobado en el marco del primer Comité Institucional de Gestión y Desempeño. Así mismo, se efectuó el seguimiento correspondiente con el fin de verificar su cumplimiento, identificar oportunidades de mejora y garantizar la articulación de las acciones con los objetivos estratégicos establecidos. Para el periodo con corte a 30 de junio de 2026, el Comité de Proyectos ha operado de manera sistemática como control para mitigar riesgos asociados a la priorización, validación y seguimiento del portafolio de proyectos. A la fecha se han realizado 02 sesiones, para la revisión e incorporación de proyectos al portafolio de la Empresa: Piajos III y el predio Bochica de la ETB. Con base en lo anterior, se concluye que el control aplicado ha sido efectivo, dado que el riesgo no se ha materializado. | AP7: - Herramienta JSP7 con el seguimiento. - Plan de Acción Institucional y su seguimiento disponible en Página web sección Transparencia - Planeación, presupuesto e informes - Plan de Acción V1 - Visores disponibles en:https://app.powerbi.com/view?r=eyJrIjoiMGNmZGFlNzItY2QxOS00NTY5LWFjYTctOTkwMmYzZjNmZGYyIiwidCI6ImYyOTYxNmEyLWU5YzItNGI0Ny04ZjQ5LTMzOTkxMGRiNzRkMyJ9 - Actas del Comité Institucional de Gestión y Desempeño 2026 disponibles en Tampus. -Actas del Comité de Proyectos en Tampus disponibles en Tampus | AQ7: 1 | AR7: En cumplimiento de la acción de tratamiento definida y en el marco de la actualización de la Guía de Gestión Integral de Proyectos, específicamente en los documentos anexos que desarrollan las indicaciones para la construcción y el seguimiento de cronogramas —el Anexo del procedimiento PD-116 y el propio procedimiento PD-116 "Seguimiento a los proyectos urbanos, el 17 de junio de 2026 se realizó una mesa de trabajo de alineación con delegados de la Subgerencia de Ejecución de Proyectos (SGEP) y de la Subgerencia de Planeamiento y Estructuración (SGPE), orientada a obtener retroalimentación de alto nivel sobre el alcance y la estructura propuestos. Con base en ella se surtió la redacción definitiva del Anexo de Lineamientos | AS7: -Correo asistencia -PD-116 "Seguimiento a los proyectos urbanos" — versión 2 (PDF publicado). Procedimiento actualizado y publicado en el SIG | AT7: 1 | AV7: X | AW7: N/A | AX7: N/A | AY7: N/A | AZ7: OCI: Una vez analizado el reporte y las evidencias sobre los controles y acciones de tratamiento del riesgo, se puede concluir que han sido efectivas ya que una vez aplicadas, no se evidencio la materialización del riesgo en el periodo.
R8: 2 | S8: La jefe de la Oficina Asesora de Planeación y su equipo de trabajo, de acuerdo con la periodicidad definida para el seguimiento del Plan de Acción Institucional, revisan la información enviada por los responsables definidos, verificando que la información esté completa, sea clara, consistente y coherente frente a lo programado, con el fin de consolidar y presentar los informes correspondientes para la toma de decisiones de la alta dirección, en caso de presentarse inconsistencias se reitera el requerimiento y de ser necesario se realiza acompañamiento en el reporte para contar con la información veraz y oportuna. Cuando se detecten desviaciones que no sean atendidas por el proceso, la alta dirección determina las medidas a tomar, lo cual queda consignado en las actas del Comité Institucional de Gestión y Desempeño. | T8: =IF(OR(U8="Preventivo",U8="Detectivo"),"Probabilidad",IF(U8="Correctivo","Impacto","")) -> Probabilidad | U8: Preventivo | V8: Manual | W8: =IF(AND(U8="Preventivo",V8="Automático"),"50%",IF(AND(U8="Preventivo",V8="Manual"),"40%",IF(AND(U8="Detectivo",V8="Automático"),"40%",IF(AND(U8="Detectivo",V8="Manual"),"30%",IF(AND(U8="Correctivo",V8="Automático"),"35%",IF(AND(U8="Correctivo",V8="Manual"),"25%","")))))) -> 40% | X8: Documentado | Y8: Continua | Z8: Con Registro | AA8: =IFERROR(IF(T8="Probabilidad",(AA7-(+AA7*W8)),IF(T8="Impacto",$L$7,"")),"") -> 0.216 | AB8: =IFERROR(IF(AA8="","",IF(AA8<=0.2,"Muy Baja",IF(AA8<=0.4,"Baja",IF(AA8<=0.6,"Media",IF(AA8<=0.8,"Alta","Muy Alta"))))),"") -> Baja | AC8: =+AA8 -> 0.216 | AD8: =IFERROR(IF(AE8="","",IF(AE8<=0.2,"Leve",IF(AE8<=0.4,"Menor",IF(AE8<=0.6,"Moderado",IF(AE8<=0.8,"Mayor","Catastrófico"))))),"") -> Moderado | AE8: =IFERROR(IF(T8="Impacto",($P$7-(+$P$7*W8)),IF(T8="Probabilidad",$P$7,"")),"") -> 0.6 | AF8: =IFERROR(IF(OR(AND(AB8="Muy Baja",AD8="Leve"),AND(AB8="Muy Baja",AD8="Menor"),AND(AB8="Baja",AD8="Leve")),"Bajo",IF(OR(AND(AB8="Muy baja",AD8="Moderado"),AND(AB8="Baja",AD8="Menor"),AND(AB8="Baja",AD8="Moderado"),AND(AB8="Media",AD8="Leve"),AND(AB8="Media",AD8="Menor"),AND(AB8="Media",AD8="Moderado"),AND(AB8="Alta",AD8="Leve"),AND(AB8="Alta",AD8="Menor")),"Moderado",IF(OR(AND(AB8="Muy Baja",AD8="Mayor"),AND(AB8="Baja",AD8="Mayor"),AND(AB8="Media",AD8="Mayor"),AND(AB8="Alta",AD8="Moderado"),AND(AB8="Alta",AD8="Mayor"),AND(AB8="Muy Alta",AD8="Leve"),AND(AB8="Muy Alta",AD8="Menor"),AND(AB8="Muy Alta",AD8="Moderado"),AND(AB8="Muy Alta",AD8="Mayor")),"Alto",IF(OR(AND(AB8="Muy Baja",AD8="Catastrófico"),AND(AB8="Baja",AD8="Catastrófico"),AND(AB8="Media",AD8="Catastrófico"),AND(AB8="Alta",AD8="Catastrófico"),AND(AB8="Muy Alta",AD8="Catastrófico")),"Extremo","")))),"") -> Moderado | AG8: Reducir (mitigar) | AO8: La Oficina Asesora de Planeación realiza mensualmente el seguimiento al Plan Estratégico Institucional y al Plan de Acción Institucional. Una vez recibida la información reportada por las diferentes áreas, esta es verificada con el propósito de garantizar su alineación con los objetivos, su coherencia y su correspondencia con la programación establecida. Cuando fue necesario, se brindó acompañamiento en el proceso de reporte para asegurar la disponibilidad de información veraz y oportuna, la cual quedó registrada directamente en la herramienta JSP7 y puede visualizarse en los tableros publicados en la intranet institucional. Como resultado del seguimiento, y en el marco del Comité Institucional de Gestión y Desempeño, se efectuó el seguimiento a los diferentes instrumentos de la entidad, con el fin de verificar su cumplimiento, identificar oportunidades de mejora y garantizar la articulación de las acciones con los objetivos estratégicos establecidos. Este ejercicio permite fortalecer la gestión organizacional, optimizar los procesos y asegurar una toma de decisiones más eficiente y orientada a resultados. Como resultado, se aprobaron ajustes al Plan de Acción Institucional, generando las versiones 1 y esta en proceso de actualizacion la version 2. Para el presente periodo reportado se "COLOCAR LOS SEGUIMIENTO A LOS PROYECTOS" Con base en lo anterior, se concluye que el control aplicado ha sido efectivo, dado que el riesgo no se ha materializado. | AP8: - Herramienta JSP7 con el seguimiento. - Plan de Acción Institucional y su seguimiento disponible en Página web sección Transparencia - Planeación, presupuesto e informes - Plan de Acción V1 - Visores disponibles en:https://app.powerbi.com/view?r=eyJrIjoiMGNmZGFlNzItY2QxOS00NTY5LWFjYTctOTkwMmYzZjNmZGYyIiwidCI6ImYyOTYxNmEyLWU5YzItNGI0Ny04ZjQ5LTMzOTkxMGRiNzRkMyJ9 - Actas del Comité Institucional de Gestión y Desempeño 2026 disponibles en Tampus. | AQ8: 1 | AT8: 1 | AV8: X | AW8: N/A | AX8: N/A | AY8: N/A | AZ8: OCI: Una vez analizado el reporte y las evidencias sobre los controles y acciones de tratamiento del riesgo, se puede concluir que han sido efectivas ya que una vez aplicadas, no se evidencio la materialización del riesgo en el periodo.
R9: 3 | T9: =IF(OR(U9="Preventivo",U9="Detectivo"),"Probabilidad",IF(U9="Correctivo","Impacto","")) | AA9: =IFERROR(IF(T9="Probabilidad",(AA8-(+AA8*W9)),IF(T9="Impacto",$L$7,"")),"") | AB9: =IFERROR(IF(AA9="","",IF(AA9<=0.2,"Muy Baja",IF(AA9<=0.4,"Baja",IF(AA9<=0.6,"Media",IF(AA9<=0.8,"Alta","Muy Alta"))))),"") | AC9: =+AA9 | AD9: =IFERROR(IF(AE9="","",IF(AE9<=0.2,"Leve",IF(AE9<=0.4,"Menor",IF(AE9<=0.6,"Moderado",IF(AE9<=0.8,"Mayor","Catastrófico"))))),"") | AE9: =IFERROR(IF(T9="Impacto",($P$7-(+$P$7*W9)),IF(T9="Probabilidad",$P$7,"")),"") | AF9: =IFERROR(IF(OR(AND(AB9="Muy Baja",AD9="Leve"),AND(AB9="Muy Baja",AD9="Menor"),AND(AB9="Baja",AD9="Leve")),"Bajo",IF(OR(AND(AB9="Muy baja",AD9="Moderado"),AND(AB9="Baja",AD9="Menor"),AND(AB9="Baja",AD9="Moderado"),AND(AB9="Media",AD9="Leve"),AND(AB9="Media",AD9="Menor"),AND(AB9="Media",AD9="Moderado"),AND(AB9="Alta",AD9="Leve"),AND(AB9="Alta",AD9="Menor")),"Moderado",IF(OR(AND(AB9="Muy Baja",AD9="Mayor"),AND(AB9="Baja",AD9="Mayor"),AND(AB9="Media",AD9="Mayor"),AND(AB9="Alta",AD9="Moderado"),AND(AB9="Alta",AD9="Mayor"),AND(AB9="Muy Alta",AD9="Leve"),AND(AB9="Muy Alta",AD9="Menor"),AND(AB9="Muy Alta",AD9="Moderado"),AND(AB9="Muy Alta",AD9="Mayor")),"Alto",IF(OR(AND(AB9="Muy Baja",AD9="Catastrófico"),AND(AB9="Baja",AD9="Catastrófico"),AND(AB9="Media",AD9="Catastrófico"),AND(AB9="Alta",AD9="Catastrófico"),AND(AB9="Muy Alta",AD9="Catastrófico")),"Extremo","")))),"")
